 Dungeon Crawl Stone Soup version 0.31-a0-466-g98c9adc2b6 (webtiles) character file.

Game seed: 4102645456531458922

2147669 Implojin the Intangible (level 27, 178/197 HPs)
             Began as a Kobold Air Elementalist on July 1, 2023.
             Was the Champion of Dithmenos.
             Escaped with the Orb
             ... and 5 runes on Aug 5, 2023!
             The game lasted 04:17:18 (127236 turns).

Implojin the Intangible (Kobold Air Elementalist) Turns: 127236, Time: 04:17:19

Health: 178/197    AC: 17    Str:  6    XL:     27
Magic:  9/35       EV: 53    Int: 17    God:    Dithmenos [******]
Gold:   5448       SH: 24    Dex: 35    Spells: 30/42 levels left

rFire   + + .        D - +8 arc blade {discharge, rElec}
rCold   + . .        V - +6 kite shield of Vait {rElec rCorr}
rNeg    . . .        q - +3 robe of Clouds {*Thunder rCloud rElec}
rPois   +            r - +2 helmet
rElec   +            E - scarf "Kehexa" {repulsion, Contam rElec rC+ Dex+3}
rCorr   +            F - +3 Mad Mage's Maulers {Infuse+∞ VampMP -Cast}
SInv    .            t - +2 pair of boots of Lust {rF+ Will+ rCorr}
Will    +++..        U - amulet "Lateg" {Acrobat rElec}
Stlth   +++++++      b - ring of protection from fire
HPRegen 0.52/turn    i - +6 ring of dexterity
MPRegen 0.24/turn

%: no spellcasting, repel missiles, acrobat, infuse magic (9 MP)
@: wreathed by umbra, studying 2 skills
A: small, no large weapons, nightstalker 3, poison resistance, shaggy fur 1,
electricity resistance, weak 1
0: Orb of Zot
}: 5/15 runes: barnacled, slimy, silver, abyssal, gossamer
a: Renounce Religion, Shadow Step, Shadow Form


You escaped.
You worshipped Dithmenos.
Dithmenos was exalted by your worship.
You visited 10 branches of the dungeon, and saw 52 of its levels.
You visited the Abyss 1 time.
You also visited: Bailey.

You collected 8392 gold pieces.
You spent 2944 gold pieces at shops.

Inventory:

Hand Weapons
 D - the +8 arc blade (weapon) {discharge, rElec}
   (You took it off a deep elf elementalist on level 3 of the Elven Halls)

   rElec:     It insulates you from electricity.
Missiles
 p - 62 boomerangs (quivered)
 s - 8 curare-tipped darts
 u - 9 silver boomerangs
 K - 6 throwing nets
Armour
 q - the +3 robe of Clouds (worn) {*Thunder rCloud rElec}
   (You found it on level 4 of the Shoals)

   *Thunder:  It occasionally creates storm clouds above nearby enemies.
   rCloud:    It grants its wearer immunity to clouds.
   rElec:     It insulates you from electricity.
 r - a +2 helmet (worn)
 t - the +2 pair of boots of Lust (worn) {rF+ Will+ rCorr}
   (You acquired it on level 3 of the Realm of Zot)

   rF:        It protects you from fire.
   rCorr:     It protects you from acid and corrosion.
   Will:      It increases your willpower.
 B - a +2 pair of gloves of dexterity
 E - the scarf "Kehexa" (worn) {repulsion, Contam rElec rC+ Dex+3}
   (You acquired it on level 3 of the Elven Halls)

   Dex:       It affects your dexterity (+3).
   rC:        It protects you from cold.
   rElec:     It insulates you from electricity.
   Contam:    It causes magical contamination when unequipped.
 F - the +3 Mad Mage's Maulers (worn) {Infuse+∞ VampMP -Cast}
   (You acquired it on level 15 of the Dungeon)

   Infuse+∞: It empowers its wearer's blows with all of their magic.
   VampMP:    Blows struck in melee replenish the wearer's magic.
   -Cast:     It prevents spellcasting.
 P - the +1 pair of boots of the Shrieking God {rN+ Slay+4}
   (You found it on level 3 of the Spider Nest)

   Slay:      It affects your accuracy & damage with ranged weapons and melee
   (+4).
   rN:        It protects you from negative energy.
 V - the +6 kite shield of Vait (worn) {rElec rCorr}
   (You found it on level 1 of the Spider Nest)

   rElec:     It insulates you from electricity.
   rCorr:     It protects you from acid and corrosion.
Jewellery
 a - a ring of poison resistance
 b - a ring of protection from fire (left hand)
 i - a +6 ring of dexterity (right hand)
 m - a ring of protection from fire
 v - a ring of protection from cold
 w - a ring of flight
 C - a ring of willpower
 J - the amulet of Voguhots {Will+ Regen+ Str+3}
   (You acquired it on level 3 of the Realm of Zot)

   [amulet of regeneration]

   Str:       It affects your strength (+3).
   Regen:     It increases your rate of health regeneration.
   Will:      It increases your willpower.
 S - the ring of Optimism {Drain rElec rCorr Dex+3}
   (You found it on level 1 of the Realm of Zot)

   [ring of resist corrosion]

   Dex:       It affects your dexterity (+3).
   rElec:     It insulates you from electricity.
   rCorr:     It protects you from acid and corrosion.
   Drain:     It drains your maximum health when unequipped.
 U - the amulet "Lateg" (around neck) {Acrobat rElec}
   (You found it on level 4 of the Vaults)

   [amulet of the acrobat]

   It increases your evasion while moving and waiting.
   rElec:     It insulates you from electricity.
 X - a ring of see invisible
Wands
 o - a wand of digging (20)
 x - a wand of light (15)
 H - a wand of roots (42)
Scrolls
 g - 6 scrolls of fear
 k - 19 scrolls of teleportation
 l - 16 scrolls of enchant weapon
 y - 10 scrolls of fog
 L - 5 scrolls of butterflies
 N - 4 scrolls of revelation
 O - 3 scrolls of blinking
 Q - 4 scrolls of brand weapon
 Z - 2 scrolls of silence
Potions
 d - 2 potions of magic
 e - 6 potions of heal wounds
 f - 14 potions of might
 h - 5 potions of resistance
 n - 3 potions of cancellation
 z - 2 potions of haste
 G - 4 potions of enlightenment
 I - 10 potions of mutation
 R - 8 potions of ambrosia
 T - 9 potions of curing
 W - 3 potions of invisibility
Miscellaneous
 c - a phantom mirror
 j - a phial of floods
 A - a box of beasts
 M - a condenser vane


   Skills:
 * Level 26.8 Fighting
 - Level 24.0(25.0) Short Blades
 - Level 8.0(13.1) Long Blades
 - Level 10.0 Throwing
 - Level 8.1 Armour
 O Level 27 Dodging
 - Level 22.0 Stealth
 - Level 15.0 Shields
 - Level 8.0 Spellcasting
 - Level 1.0 Conjurations
 - Level 10.0 Hexes
 - Level 3.7 Translocations
 - Level 3.0 Air Magic
 - Level 10.0 Invocations
 - Level 15.0 Evocations


You had 30 spell levels left.
You knew the following spells:

 Your Spells              Type           Power      Damage    Failure   Level
a - Confusing Touch       Hex            40%        N/A       1%          3
b - Shock                 Conj/Air       52%        1d6       13%         1
c - Tukima's Dance        Hex            40%        N/A       1%          3
d - Cause Fear            Hex            20%        N/A       4%          4
e - Apportation           Tloc           38%        N/A       6%          1

Your spell library contained the following spells:

 Spells                   Type           Power      Damage    Failure   Level
 Ensorcelled Hibernation  Hex/Ice        46%        N/A       5%          2
 Portal Projectile        Hex/Tloc       60%        N/A       5%          3
 Dazzling Flash           Conj/Hex       50%        N/A       9%          3
 Blink                    Tloc           38%        N/A       10%         2
 Lesser Beckoning         Tloc           38%        N/A       10%         2
 Summon Guardian Golem    Hex/Summ       23%        N/A       11%         3
 Momentum Strike          Conj/Tloc      28%        3d8       17%         2
 Magic Dart               Conj           40%        1d5       19%         1
 Static Discharge         Conj/Air       26%        2-4/arc   19%         2
 Gell's Gravitas          Tloc           19%        N/A       19%         3
 Teleport Other           Tloc           19%        N/A       19%         3
 Vhi's Electric Charge    Tloc/Air       36%        N/A       22%         3
 Kiss of Death            Conj/Necr      32%        2d7       24%         1
 Swiftness                Air            17%        N/A       26%         3
 Necrotise                Necr           24%        1d5       28%         1
 Sting                    Tmut/Pois      24%        1d4       28%         1
 Summon Small Mammal      Summ           24%        N/A       28%         1
 Cigotuvi's Dreadful Rot  Necr/Pois/Air  20%        N/A       28%         2
 Searing Ray              Conj           20%        2d5       28%         2
 Fulminant Prism          Conj/Hex       12%        3d9       30%         4
 Leda's Liquefaction      Hex/Erth       11%        N/A       36%         4
 Volatile Blastmotes      Fire/Tloc      26%        2d12      38%         3
 Passwall                 Tmut/Erth      5%         N/A       41%         2
 Sublimation of Blood     Necr           6%         N/A       41%         2
 Wereblood                Tmut           6%         N/A       41%         2
 Silence                  Hex/Air        14%        N/A       50%         5
 Manifold Assault         Tloc           19%        N/A       52%         4
 Passage of Golubria      Tloc           19%        N/A       52%         4
 Airstrike                Air            8%         2d(2-18)  63%         4
 Call Canine Familiar     Summ           6%         N/A       65%         3
 Frozen Ramparts          Ice            12%        1d2       65%         3
 Ignite Poison            Fire/Tmut/Pois 6%         N/A       65%         3
 Vampiric Draining        Necr           6%         2d6       65%         3
 Yara's Violent Unravell  Hex/Tmut       11%        3d6       71%         5
 Iskenderun's Mystic Bla  Conj/Tloc      14%        2d5       73%         4
 Summon Lightning Spire   Summ/Air       11%        N/A       83%         4
 Sticky Flame             Conj/Fire      8%         2d3       93%         4
 Animate Dead             Necr           6%         N/A       96%         4
 Dispel Undead            Necr           6%         3d8       96%         4
 Petrify                  Tmut/Erth      6%         N/A       96%         4
 Summon Ice Beast         Ice/Summ       6%         N/A       96%         4
 Arcjolt                  Conj/Air       6%         1d16      98%         5
 Summon Forest            Summ/Tloc      6%         N/A       98%         5
 Freezing Cloud           Conj/Ice/Air   5%         6-21      99%         5
 Iskenderun's Battlesphe  Conj           10%        2d6       99%         5
 Agony                    Necr           6%         N/A       100%        5
 Alistair's Intoxication  Tmut/Pois      4%         N/A       100%        5
 Borgnjor's Vile Clutch   Necr/Erth      3%         N/A       100%        5
 Fireball                 Conj/Fire      4%         3d4       100%        5
 Irradiate                Conj/Tmut      4%         3d13      100%        5
 Lee's Rapid Deconstruct  Erth           3%         3d5*      100%        5
 Conjure Ball Lightning   Conj/Air       6%         3x3d6     100%        6
 Death Channel            Necr           3%         N/A       100%        6
 Dispersal                Tloc           9%         N/A       100%        6
 Eringya's Noxious Bog    Tmut/Pois      3%         4d6       100%        6
 Leda's Unmaking          Conj/Erth      4%         9d2       100%        6
 Plasma Beam              Fire/Air       5%         2x1d16    100%        6
 Simulacrum               Ice/Necr       3%         N/A       100%        6
 Starburst                Conj/Fire      4%         6d3       100%        6
 Haunt                    Necr/Summ      3%         N/A       100%        7
 Malign Gateway           Summ/Tloc      6%         N/A       100%        7
 Orb of Destruction       Conj           5%         9d5       100%        7
 Ozocubu's Refrigeration  Ice            3%         4d8       100%        7
 Spellforged Servitor     Conj/Summ      4%         N/A       100%        7
 Summon Hydra             Summ           3%         N/A       100%        7
 Borgnjor's Revivificati  Necr           3%         N/A       100%        8
 Discord                  Hex            20%        N/A       100%        8
 Disjunction              Tloc           9%         N/A       100%        8
 Ignition                 Fire           3%         3d4       100%        8
 Maxwell's Capacitive Co  Air            8%         ∞         100%        8
 Summon Horrible Things   Summ           3%         N/A       100%        8
 Death's Door             Necr           3%         N/A       100%        9
 Dragon's Call            Summ           3%         N/A       100%        9
 Polar Vortex             Ice            3%         N/A       100%        9


Dungeon Overview and Level Annotations

Branches:
Dungeon (15/15)            Temple (0/1) D:6            Lair (5/5) D:10
 Shoals (4/4) Lair:2       Spider (4/4) Lair:2        Slime (5/5) Lair:5
    Orc (2/2) D:11            Elf (3/3) Orc:2        Vaults (5/5) D:14
  Crypt (0/3) Vaults:2     Depths (4/4) D:15            Zot (5/5) Depths:4
 Bailey (visited)

Altars:
Cheibriados
Dithmenos
Fedhas
Hepliaklqana
Okawaru
Qazlal
Sif Muna
Trog
Wu Jian
Jiyva

Shops:
D:7 (   D:10 =(   Orc:2 (*:[   Shoals:3 !   Vaults:1 (   Vaults:2 :
Vaults:4 *

Portals:
Hell: Depths:1 Depths:2 Depths:3 Depths:4
Abyss: Depths:2 Depths:3
Pandemonium: Depths:2 Depths:3
Ziggurat: Depths:1
Trove: D:11 (give +3 gold dragon scales)

Annotations:
D:3 2 transporters
Spider:1 Roxanne
Depths:1 3 runed translucent doors, exclusion: 3 doors, Xeyjeo's ghost, veteran MfMo
Depths:3 3 runed translucent doors, exclusion: 3 doors, CornPuffBuddha's ghost, veteran MiHu
Zot:2 exclusion: door


Innate Abilities, Weirdness & Mutations

You are small and have problems with some larger weapons.
You are completely attuned to the shadows.
Your system is resistant to poisons. (rPois)
You are covered in fur. (AC +1)
You are resistant to electric shocks. (rElec)
You are weak. (Str -2)


Message History

You climb upwards.
There is a stone staircase leading down here.
There is a stone staircase leading up here.
You climb upwards.
There is a stone staircase leading down here.
There is a stone staircase leading up here.
You climb upwards.
Level annotation: 2 transporters
There is a stone staircase leading down here.
There is a stone staircase leading up, spattered with blood here.
You climb upwards.
There is a stone staircase leading down here.
There is a stone staircase leading up here.
You climb upwards.
There is a stone staircase leading down here.
An Executioner comes into view.
The Executioner moves out of view.
The Executioner gestures.
The Executioner seems to speed up.
Aiming: Dig
Press: ? - help, Shift-Dir - straight line A rock wall.
This square is wreathed by an umbra and is covered in magical glow.
The rock shatters into small pieces.
The Executioner completely misses you. You block the Executioner's attack.
The Executioner completely misses you.
Unknown command.
You miss the Executioner. The Executioner hits you!!
You block the Executioner's attack. x3; The Executioner completely misses you. x2
You closely miss the Executioner.
Your shadow hits the Executioner but does no damage.
You block the Executioner's attack. The Executioner completely misses you.
You block the Executioner's attack. x2; The Executioner barely misses you.
The Executioner hits you.
You spit the Executioner like a pig!!!!
You kill the Executioner!
Dithmenos accepts your kill.
You enter the shallow water.
Moving in this stuff is going to be slow.
There is a staircase leading out of the dungeon here.
You have escaped!

#.##.###.........................
..............#####.....###......
........##...##~≈≈##....# #.#....
###..†......##~~P~≈##...# #.#....
# #...#.##.##≈~~.~≈≈.#..# #.#....
# #####.##.#≈~P.8.P~≈#..###.#....
# #.##.#≈≈.....~≈#........... #
#.##.8~.......~8........... #
##.##.+.P8.@.8P.'..#.#.#....
######...#.8~.......~8....#.#....
.........#.#≈~.....≈≈#...........
..####...#.#≈~P.8.P~≈#...........
#...##...#.##≈~~.~~≈##..#8###8###
##..######..##≈~P~≈##...#########
##..######...##≈≈~##.............
##............#####..............
##.######.................#...###


There were no monsters in sight!

Vanquished Creatures
  the Royal Jelly (Slime:5)
  Tiamat (Zot:3)
  A dread lich (Vaults:5)
  3 orbs of fire
  3 ancient liches
  A juggernaut (Depths:3)
  Bai Suzhen (Vaults:5)
  Parghit (Zot:1)
  Xtahua (Vaults:4)
  A Killer Klown (Zot:5)
  5 curse toes
  Nikola (Elf:1)
  12 golden dragons
  A bone dragon (Depths:4)
  The ghost of Midn8 the Brawler, an adept HOTm of Uskayaw (Vaults:1)
  Arachne (Spider:2)
  3 electric golems (Zot:3)
  3 hellephants (Depths:2)
  A walking crystal tome (Depths:3)
  Zenata (Vaults:4)
  Jorgrun (Orc:1)
  10 tentacled monstrosities
  An Ice Fiend (Zot:2)
  5 liches
  Asterion (Elf:3)
  6 deep elf blademasters (Elf:3)
  2 deep elf master archers (Elf:3)
  5 titans
  3 quicksilver dragons
  21 Orb Guardians
  31 acid blobs
  Frances (D:13)
  6 sphinxes
  A tentacled starspawn (Abyss:3)
  2 krakens (Shoals:4)
  2 Executioners
  8 death cobs
  6 tengu reavers
  5 shadow dragons
  19 storm dragons
  Donald (Elf:1)
  9 draconian monks
  Ilsuiw (Shoals:2)
  The ghost of Dylgear the Severer, an adept FoFi of Wu Jian (Elf:3)
  13 frost giants
  8 azure jellies
  5 fire giants
  8 deep elf sorcerers
  9 draconian knights
  14 rockslimes
  7 draconian scorchers
  2 iron dragons (Zot:3)
  19 vault wardens
  6 ghost moths
  6 emperor scorpions
  4 spectral caustic shrikes (Depths:3)
  2 angels
  19 draconian shifters
  3 cacodemons (Abyss:3)
  7 draconian annihilators
  8 draconian stormcallers
  2 orc warlords
  2 deep elf elementalists (Elf:3)
  23 ironbound preservers
  2 formless jellyfish
  3 war gargoyles
  11 very ugly things
  9 ironbound thunderhulks
  5 quicksilver oozes
  19 stone giants
  2 spriggan defenders (Depths:4)
  Nessos (D:15)
  A vampire knight (Depths:3)
  8 purple draconians
  An eleionoma (shapeshifter) (Vaults:5)
  3 deep elf demonologists
  18 green draconians
  17 black draconians
  22 yellow draconians
  4 deep elf annihilators
  14 white draconians
  Azrael (D:12)
  6 dire elephants
  12 red draconians
  7 spark wasps
  9 deep elf death magi
  6 merfolk javelineers
  4 merfolk impalers (Shoals:4)
  A crystal guardian (Vaults:3)
  4 entropy weavers
  5 fire dragons
  11 great orbs of eyes
  13 ettins
  4 deep elf high priests
  3 hydras
  11 ice dragons
  10 yaktaur captains
  3 rakshasas (Depths:1)
  37 vault guards
  6 merfolk avatars
  Fannar (Lair:2)
  4 peacekeepers
  10 ironbound frosthearts
  A spectral sphinx (Vaults:1)
  An ogre mage (Vaults:5)
  2 alligator snapping turtles
  A radroach (Spider:4)
  8 spriggan air magi
  7 boulder beetles
  4 jorogumos
  A spectral tengu (Vaults:1)
  3 merfolk aquamancers (Shoals:4)
  2 catoblepae
  9 centaur warriors
  3 satyrs
  31 dancing weapons
  8 tengu warriors
  4 two-headed ogres
  9 death yaks
  A thrashing horror (Abyss:3)
  15 deep troll shamans
  2 orc high priests
  8 hell hogs (Depths:2)
  A vampire mage (Depths:2)
  16 deep troll earth magi
  Urug (Orc:2)
  9 spriggan berserkers
  3 demonic crawlers
  6 hell knights
  Nergalle (Lair:1)
  A spectral yaktaur (Vaults:1)
  12 deep elf knights
  14 iron trolls
  6 skysharks
  8 pharaoh ants
  A sun moth (Spider:4)
  15 sea snakes
  8 glowing orange brains
  Lodul (D:12)
  A deep troll (shapeshifter) (Vaults:5)
  94 deep trolls
  A swamp dragon (shapeshifter) (Depths:4)
  8 flayed ghosts
  8 orb spiders
  5 lindwurms
  18 deep elf archers
  6 steelbarb worms
  23 ironbound convokers
  A spectral iron dragon (Vaults:1)
  21 harpies
  A lindwurm (shapeshifter) (Depths:1)
  12 orc knights
  5 wizards
  Pikel (D:6)
  5 oklob plants
  21 deep elf pyromancers
  6 phantasmal warriors (Vaults:5)
  A spectral deep troll (Vaults:1)
  9 cyclopes
  29 ugly things
  22 wolf spiders
  21 deep elf zephyrmancers
  5 necromancers
  6 orc sorcerers
  A spectral elf (Vaults:1)
  A shining eye (shapeshifter) (Vaults:5)
  12 manticores
  15 fauns
  13 shining eyes
  A stone giant skeleton (Vaults:3)
  2 salamanders (shapeshifter)
  27 moths of wrath
  17 elephants
  9 apocalypse crabs
  Maurice (D:12)
  5 black mambas
  11 merfolk sirens
  The ghost of
  123456 the Chopper, a novice MiFi (D:5)
  110 slime creatures
  An eye of devastation (Slime:3)
  4 torpor snails
  A centaur zombie (D:12)
  21 vault sentinels
  A titan simulacrum (Vaults:1)
  An eye of devastation (shapeshifter) (Depths:1)
  6 water nymphs
  14 cane toads
  3 gargoyles
  2 unseen horrors (D:11)
  3 centaur skeletons (D:12)
  An elf skeleton (Vaults:3)
  16 yaktaurs
  Psyche (D:10)
  A kobold demonologist (D:12)
  7 rime drakes
  12 komodo dragons
  2 tengu conjurers
  2 efreet
  4 freezing wraiths
  33 merfolk
  6 meliai
  14 wind drakes
  A troll (D:14)
  A sphinx simulacrum (Vaults:1)
  18 tarantellas
  Grinder (D:4)
  A tengu simulacrum (Vaults:1)
  7 hornets
  5 blink frogs (Lair:5)
  7 raiju (Abyss:3)
  10 dream sheep
  9 snapping turtles
  6 spriggans
  3 flying skulls (Abyss:3)
  5 wraiths
  Sigmund (D:4)
  26 jumping spiders
  18 culicivoras
  2 air elementals
  2 shadows
  5 wyverns
  84 yaks
  13 golden eyes
  4 fire elementals
  11 water elementals
  10 basilisks
  10 humans (D:10)
  A redback (shapeshifter) (Vaults:5)
  18 small abominations (Abyss:3)
  6 steam dragons
  57 redbacks
  8 vampire mosquitoes
  A chaos spawn (Abyss:3)
  6 wargs
  Menkaure (D:6)
  Duvessa (D:4)
  19 large abominations (Abyss:3)
  5 acid dragons
  A floating eye (Abyss:3)
  10 water moccasins
  54 orc warriors
  4 hell hounds (D:12)
  2 ettin simulacra (Vaults:1)
  A human zombie (Vaults:3)
  18 ogres
  A black bear (Lair:3)
  27 wolves
  6 boggarts
  6 centaurs
  A phantom (D:5)
  3 kobold brigands
  A gnoll sergeant (D:9)
  17 bullfrogs
  5 scorpions
  4 earth elementals
  A scorpion (shapeshifter) (D:14)
  2 human simulacra (Vaults:3)
  13 wights
  Dowan (D:4)
  10 howler monkeys
  2 electric eels (Lair:5)
  15 jellies
  7 hounds
  23 orc priests
  2 iguanas (D:6)
  Ijyb (D:4)
  31 orc wizards
  4 polar bear simulacra (Lair:3)
  A yak simulacrum (Lair:3)
  4 wolf simulacra (Lair:3)
  A boggart simulacrum (D:12)
  13 gnolls
  5 adders
  3 ufetubi
  A worm (D:4)
  7 dart slugs
  99 orcs
  13 endoplasms
  4 giant cockroaches
  4 goblins
  10 hobgoblins
  15 jackals
  2 quokkas (D:4)
  9 ball pythons
  5 bats
  2 frilled lizards (D:2)
  17 kobolds
  6 rats
  2 river rat simulacra (Lair:3)
  A butterfly (Lair:1)
  A starspawn tentacle (Abyss:3)
2482 creatures vanquished.

Vanquished Creatures (collateral kills)
  An emperor scorpion (Spider:4)
  A skyshark (Shoals:3)
  2 ironbound convokers (Vaults:4)
  A moth of wrath (Spider:4)
  A rime drake (Lair:5)
  A komodo dragon (Lair:5)
  A yak (D:7)
  A steam dragon (Lair:5)
  A wight (D:7)
  An orc priest (Orc:2)
  An orc (Orc:2)
12 creatures vanquished.

Vanquished Creatures (others)
  A draconian knight (Zot:3)
  A yellow draconian (Zot:3)
  An orc sorcerer (Orc:2)
  A komodo dragon (Lair:5)
  2 polar bears (Lair:5)
  A hornet (Lair:5)
  A redback (Spider:4)
  A golden eye (Abyss:3)
  An orc warrior (Orc:2)
  An orc wizard (D:9)
  A jackal (D:4)
  2 starspawn tentacles (Abyss:3)
  29 tentacles (Shoals:4)
43 creatures vanquished.

Grand Total: 2537 creatures vanquished

Notes
Turn   | Place    | Note
-------+----------+-------------------------------------------
     0 | D:1      | Implojin the Kobold Air Elementalist began the quest for
                  | the Orb.
     0 | D:1      | Reached XP level 1. HP: 10/10 MP: 3/3
   170 | D:1      | Danger: Low HP Warning |T2| Reason: 60% HP (6/10)
   244 | D:1      | Reached skill level 1 in Fighting
   323 | D:1      | Reached XP level 2. HP: 16/16 MP: 5/5
   514 | D:1      | Danger: Low HP Warning |T2| Reason: 58% HP (10/17)
   515 | D:1      | Danger: Low HP Warning |T2| Reason: 58% HP (10/17)
   516 | D:1      | Danger: Low HP Warning |T2| Reason: 58% HP (10/17)
   521 | D:1      | Reached skill level 1 in Short Blades
   586 | D:1      | Reached XP level 3. HP: 21/21 MP: 1/6
  1722 | D:2      | Reached XP level 4. HP: 25/26 MP: 7/7
  2623 | D:3      | Danger: Low HP Warning |T2| Reason: 57% HP (15/26)
  2624 | D:3      | Danger: Low HP Warning |T2| Reason: 57% HP (15/26)
  2625 | D:3      | Danger: Low HP Warning |T2| Reason: 57% HP (15/26)
  2626 | D:3      | Danger: Low HP Warning |T2| Reason: 50% HP (13/26)
  2627 | D:3      | Danger: Low HP Warning |T2| Reason: 50% HP (13/26)
  2628 | D:3      | Danger: Low HP Warning |T2| Reason: 38% HP (10/26)
  2629 | D:3      | Danger: Low HP Warning |T2| Reason: 38% HP (10/26)
  2630 | D:3      | Danger: Low HP Warning |T2| Reason: 42% HP (11/26)
  2631 | D:3      | Danger: Low HP Warning |T2| Reason: 42% HP (11/26)
  2632 | D:3      | Danger: Low HP Warning |T2| Reason: 42% HP (11/26)
  2633 | D:3      | Danger: Low HP Warning |T2| Reason: 42% HP (11/26)
  2635 | D:3      | Danger: Low HP Warning |T2| Reason: 46% HP (12/26)
  2636 | D:3      | Danger: Low HP Warning |T2| Reason: 46% HP (12/26)
  2637 | D:3      | Danger: Low HP Warning |T2| Reason: 46% HP (12/26)
  2639 | D:3      | Danger: Low HP Warning |T2| Reason: 50% HP (13/26)
  2640 | D:3      | Danger: Low HP Warning |T2| Reason: 50% HP (13/26)
  2641 | D:3      | Danger: Low HP Warning |T2| Reason: 50% HP (13/26)
  2642 | D:3      | Danger: Low HP Warning |T2| Reason: 46% HP (12/26)
  2643 | D:3      | Danger: Low HP Warning |T2| Reason: 50% HP (13/26)
  2644 | D:3      | Danger: Low HP Warning |T2| Reason: 50% HP (13/26)
  2646 | D:2      | Danger: Low HP Warning |T2| Reason: 46% HP (12/26)
  2711 | D:2      | Danger: Low HP Warning |T2| Reason: 34% HP (9/26)
  2712 | D:2      | Danger: Low HP Warning |T2| Reason: 38% HP (10/26)
  2742 | D:3      | Danger: Low HP Warning |T2| Reason: 57% HP (15/26)
  2744 | D:2      | Danger: Low HP Warning |T2| Reason: 57% HP (15/26)
  2747 | D:2      | Danger: Low HP Warning |T2| Reason: 46% HP (12/26)
  2819 | D:3      | Danger: orc |T2| Reason: Quivering boomerangs, careful!
  2821 | D:3      | Danger: orc wizard |T2| Reason: OOD monster, careful!
  2821 | D:3      | Danger: orc wizard |T2| Reason: Throw Flame deals more than
                  | 50% MHP!
  2849 | D:2      | Danger: Low HP Warning |T2| Reason: 53% HP (14/26)
  2850 | D:2      | Danger: Low HP Warning |T2| Reason: 50% HP (13/26)
  2851 | D:2      | Danger: Low HP Warning |T2| Reason: 50% HP (13/26)
  2852 | D:2      | Reached XP level 5. HP: 16/30 MP: 8/8
  2852 | D:2      | Danger: Low HP Warning |T2| Reason: 53% HP (16/30)
  2853 | D:2      | Danger: Low HP Warning |T2| Reason: 53% HP (16/30)
  2990 | D:3      | Found a shadowy altar of Dithmenos.
  3004 | D:3      | Became a worshipper of Dithmenos the Shadowed
  3192 | D:3      | Danger: Low HP Warning |T2| Reason: 60% HP (18/30)
  3193 | D:3      | Danger: Low HP Warning |T2| Reason: 50% HP (15/30)
  3194 | D:3      | Danger: Low HP Warning |T2| Reason: 50% HP (15/30)
  3195 | D:3      | Danger: Low HP Warning |T2| Reason: 40% HP (12/30)
  3196 | D:3      | Danger: Low HP Warning |T2| Reason: 40% HP (12/30)
  3197 | D:3      | Danger: Low HP Warning |T2| Reason: 40% HP (12/30)
  3198 | D:3      | Danger: Low HP Warning |T2| Reason: 40% HP (12/30)
  3199 | D:3      | Danger: Low HP Warning |T2| Reason: 40% HP (12/30)
  3200 | D:3      | Danger: Low HP Warning |T2| Reason: 33% HP (10/30)
  3324 | D:3      | Identified the +9 dagger of No Interval {venom, rPois rN++
                  | Will- rCorr}
  3383 | D:3      | Found a faded altar of an unknown god.
  3463 | D:3      | Found a transporter.
  3751 | D:3      | Found a transporter.
  3986 | D:4      | Identified the +9 flail of Doom {drain, Str+7 Int-3}
  4078 | D:4      | Noticed Duvessa
  4079 | D:4      | Danger: Duvessa |T2| Reason: Unique monster, careful!
  4079 | D:4      | Noticed Dowan
  4080 | D:4      | Danger: Dowan |T2| Reason: Unique monster, careful!
  4080 | D:4      | Danger: Dowan |T2| Reason: Throw Flame deals more than 50%
                  | MHP!
  4080 | D:4      | Danger: Dowan |T2| Reason: Throw Frost deals more than 50%
                  | MHP!
  4083 | D:4      | Killed Duvessa
  4084 | D:4      | Reached skill level 3 in Dodging
  4084 | D:4      | Reached XP level 6. HP: 13/35 MP: 9/9
  4084 | D:4      | Danger: Dowan |T2| Reason: Stone Arrow deals more than 50%
                  | MHP!
  4084 | D:4      | Danger: Dowan |T2| Reason: Throw Icicle deals more than 50%
                  | MHP!
  4084 | D:4      | Danger: Low HP Warning |T2| Reason: 37% HP (13/35)
  4085 | D:4      | Danger: Low HP Warning |T2| Reason: 37% HP (13/35)
  4086 | D:4      | Danger: Low HP Warning |T2| Reason: 37% HP (13/35)
  4087 | D:4      | Danger: Low HP Warning |T2| Reason: 32% HP (11/34)
  4088 | D:4      | Danger: Low HP Warning |T2| Reason: 32% HP (11/34)
  4089 | D:4      | Danger: Low HP Warning |T2| Reason: 32% HP (11/34)
  4090 | D:4      | Danger: Low HP Warning |T3| Reason: 21% HP (7/33)
  4090 | D:4      | Killed Dowan
  4091 | D:4      | Reached skill level 4 in Dodging
  4091 | D:4      | Danger: Low HP Warning |T3| Reason: 20% HP (7/35)
  4092 | D:4      | Danger: Low HP Warning |T3| Reason: 22% HP (8/35)
  4093 | D:4      | Danger: Low HP Warning |T3| Reason: 22% HP (8/35)
  4094 | D:4      | Danger: Low HP Warning |T3| Reason: 22% HP (8/35)
  4095 | D:4      | Danger: Low HP Warning |T3| Reason: 22% HP (8/35)
  4100 | D:4      | Danger: Low HP Warning |T2| Reason: 28% HP (10/35)
  4101 | D:4      | Danger: Low HP Warning |T2| Reason: 28% HP (10/35)
  4102 | D:4      | Danger: Low HP Warning |T2| Reason: 28% HP (10/35)
  4104 | D:4      | Danger: Low HP Warning |T2| Reason: 31% HP (11/35)
  4105 | D:4      | Danger: Low HP Warning |T2| Reason: 31% HP (11/35)
  4106 | D:4      | Danger: Low HP Warning |T2| Reason: 31% HP (11/35)
  4111 | D:4      | Danger: Low HP Warning |T2| Reason: 34% HP (12/35)
  4114 | D:4      | Danger: Low HP Warning |T2| Reason: 37% HP (13/35)
  4115 | D:4      | Danger: Low HP Warning |T2| Reason: 37% HP (13/35)
  4117 | D:4      | Danger: Low HP Warning |T2| Reason: 40% HP (14/35)
  4120 | D:4      | Danger: Low HP Warning |T2| Reason: 42% HP (15/35)
  4121 | D:4      | Danger: Low HP Warning |T2| Reason: 42% HP (15/35)
  4359 | D:4      | Danger: orc |T2| Reason: Quivering boomerangs, careful!
  4374 | D:4      | Noticed Grinder
  4375 | D:4      | Danger: Grinder |T3| Reason: Paralyse and low Will
  4375 | D:4      | Danger: Grinder |T2| Reason: Unique monster, careful!
  4376 | D:4      | Danger: Grinder |T3| Reason: Paralyse and low Will
  4377 | D:4      | Danger: Grinder |T3| Reason: Paralyse and low Will
  4378 | D:4      | Danger: Grinder |T3| Reason: Paralyse and low Will
  4379 | D:4      | Danger: Grinder |T3| Reason: Paralyse and low Will
  4380 | D:4      | Danger: Grinder |T3| Reason: Paralyse and low Will
  4381 | D:4      | Danger: Grinder |T3| Reason: Paralyse and low Will
  4382 | D:4      | Danger: Grinder |T3| Reason: Paralyse and low Will
  4383 | D:4      | Danger: Grinder |T3| Reason: Paralyse and low Will
  4383 | D:4      | Killed Grinder
  4384 | D:4      | Reached skill level 6 in Dodging
  4384 | D:4      | Reached XP level 7. HP: 40/40 MP: 10/10
  4444 | D:4      | Noticed Ijyb
  4445 | D:4      | Danger: Ijyb |T2| Reason: Unique monster, careful!
  4445 | D:4      | Danger: Ijyb |T2| Reason: carrying a wand of light (11),
                  | careful!
  4447 | D:4      | Danger: Ijyb |T2| Reason: carrying a wand of light (10),
                  | careful!
  4449 | D:4      | Danger: Ijyb |T2| Reason: Unique monster, careful!
  4449 | D:4      | Danger: Ijyb |T2| Reason: carrying a wand of light (10),
                  | careful!
  4454 | D:4      | Danger: Ijyb |T2| Reason: Unique monster, careful!
  4454 | D:4      | Danger: Ijyb |T2| Reason: carrying a wand of light (10),
                  | careful!
  4455 | D:4      | Danger: Ijyb |T2| Reason: carrying a wand of light (9),
                  | careful!
  4458 | D:4      | Killed Ijyb
  4529 | D:4      | Danger: orc wizard |T2| Reason: OOD monster, careful!
  4771 | D:4      | Identified the +0 plate armour of Lawilim {+Inv rF- rN+++
                  | Slay-6}
  4805 | D:4      | Reached skill level 7 in Dodging
  4822 | D:4      | Noticed Sigmund
  4824 | D:4      | Danger: Sigmund |T2| Reason: Unique monster, careful!
  4843 | D:4      | Reached * piety under Dithmenos
  4860 | D:4      | Danger: Low HP Warning |T2| Reason: 52% HP (21/40)
  4861 | D:4      | Danger: Low HP Warning |T2| Reason: 55% HP (22/40)
  4862 | D:4      | Danger: Sigmund |T2| Reason: Unique monster, careful!
  4862 | D:4      | Danger: Low HP Warning |T2| Reason: 55% HP (22/40)
  4863 | D:4      | Danger: Low HP Warning |T2| Reason: 55% HP (22/40)
  4864 | D:4      | Danger: Low HP Warning |T2| Reason: 57% HP (23/40)
  4865 | D:4      | Danger: Low HP Warning |T2| Reason: 57% HP (23/40)
  4866 | D:4      | Danger: Low HP Warning |T2| Reason: 57% HP (23/40)
  4867 | D:4      | Danger: Low HP Warning |T2| Reason: 57% HP (23/40)
  5088 | D:4      | Danger: Sigmund |T2| Reason: Unique monster, careful!
  5094 | D:4      | Killed Sigmund
  5095 | D:4      | Reached skill level 8 in Dodging
  5095 | D:4      | Reached XP level 8. HP: 36/44 MP: 11/11
  5541 | D:5      | Entered Level 5 of the Dungeon
  5570 | D:5      | Found a runed translucent door.
  5600 | D:5      | Noticed 123456's ghost (novice MiFi)
  5612 | D:5      | Reached skill level 9 in Dodging
  6064 | D:5      | Danger: Low HP Warning |T2| Reason: 50% HP (22/44)
  6065 | D:5      | Danger: Low HP Warning |T2| Reason: 50% HP (22/44)
  6066 | D:5      | Danger: Low HP Warning |T2| Reason: 52% HP (23/44)
  6067 | D:5      | Danger: Low HP Warning |T2| Reason: 52% HP (23/44)
  6068 | D:5      | Danger: Low HP Warning |T2| Reason: 52% HP (23/44)
  6069 | D:5      | Danger: Low HP Warning |T2| Reason: 52% HP (23/44)
  6070 | D:5      | Danger: Low HP Warning |T2| Reason: 52% HP (23/44)
  6070 | D:5      | Killed 123456's ghost
  6071 | D:5      | Reached skill level 10 in Dodging
  6071 | D:5      | Reached XP level 9. HP: 26/49 MP: 12/12
  6685 | D:6      | Found a stormy altar of Qazlal.
  6733 | D:6      | Reached skill level 5 in Fighting
  6906 | D:6      | Found a staircase to the Ecumenical Temple.
  6914 | D:6      | Noticed Pikel
  6916 | D:6      | Danger: Pikel |T2| Reason: Unique monster, careful!
  6925 | D:6      | Killed Pikel
  7042 | D:6      | Found a blossoming altar of Fedhas.
  7055 | D:6      | Noticed Menkaure
  7056 | D:6      | Danger: Menkaure |T2| Reason: Unique monster, careful!
  7056 | D:6      | Danger: Menkaure |T3| Reason: Torment and not torment
                  | immune!
  7057 | D:6      | Danger: Menkaure |T3| Reason: Torment and not torment
                  | immune!
  7057 | D:6      | Killed Menkaure
  7404 | D:7      | Found a snail-covered altar of Cheibriados.
  7492 | D:7      | Danger: Low HP Warning |T2| Reason: 50% HP (29/57)
  7493 | D:7      | Danger: Low HP Warning |T2| Reason: 50% HP (29/57)
  7494 | D:7      | Danger: Low HP Warning |T2| Reason: 31% HP (18/57)
  7495 | D:7      | Danger: Low HP Warning |T2| Reason: 26% HP (15/57)
  7496 | D:7      | Danger: Low HP Warning |T2| Reason: 26% HP (15/57)
  7497 | D:7      | Danger: Low HP Warning |T2| Reason: 26% HP (15/57)
  7498 | D:7      | Danger: Low HP Warning |T2| Reason: 28% HP (16/57)
  7499 | D:7      | Danger: Low HP Warning |T2| Reason: 28% HP (16/57)
  7500 | D:7      | Danger: Low HP Warning |T2| Reason: 28% HP (16/57)
  7500 | D:7      | Reached ** piety under Dithmenos
  7501 | D:7      | Danger: Low HP Warning |T2| Reason: 29% HP (17/57)
  7502 | D:7      | Danger: Low HP Warning |T2| Reason: 29% HP (17/57)
  7503 | D:7      | Danger: Low HP Warning |T2| Reason: 29% HP (17/57)
  7504 | D:7      | Danger: Low HP Warning |T2| Reason: 29% HP (17/57)
  7505 | D:7      | Danger: Low HP Warning |T2| Reason: 31% HP (18/57)
  7506 | D:7      | Danger: Low HP Warning |T2| Reason: 31% HP (18/57)
  7507 | D:7      | Danger: Low HP Warning |T2| Reason: 31% HP (18/57)
  7508 | D:7      | Danger: Low HP Warning |T2| Reason: 33% HP (19/57)
  7509 | D:7      | Danger: Low HP Warning |T2| Reason: 33% HP (19/57)
  7510 | D:7      | Danger: Low HP Warning |T2| Reason: 33% HP (19/57)
  7511 | D:7      | Danger: Low HP Warning |T2| Reason: 33% HP (19/57)
  7512 | D:7      | Danger: Low HP Warning |T2| Reason: 35% HP (20/57)
  7513 | D:7      | Danger: Low HP Warning |T2| Reason: 35% HP (20/57)
  7514 | D:7      | Danger: Low HP Warning |T2| Reason: 35% HP (20/57)
  7515 | D:7      | Reached XP level 10. HP: 23/63 MP: 13/13
  7543 | D:7      | Danger: Low HP Warning |T2| Reason: 49% HP (31/63)
  7560 | D:7      | Danger: Low HP Warning |T2| Reason: 57% HP (36/63)
  7666 | D:7      | Learned a level 3 spell: Confusing Touch
  7727 | D:7      | Reached skill level 10 in Stealth
  7754 | D:7      | Reached skill level 1 in Hexes
  7771 | D:7      | Danger: Low HP Warning |T2| Reason: 55% HP (33/60)
  7772 | D:7      | Danger: Low HP Warning |T2| Reason: 55% HP (33/60)
  7773 | D:7      | Danger: Low HP Warning |T2| Reason: 55% HP (33/60)
  7774 | D:7      | Danger: Low HP Warning |T2| Reason: 56% HP (34/60)
  7775 | D:7      | Danger: Low HP Warning |T2| Reason: 56% HP (34/60)
  7776 | D:7      | Danger: Low HP Warning |T2| Reason: 56% HP (34/60)
  7777 | D:7      | Danger: Low HP Warning |T2| Reason: 58% HP (35/60)
  7778 | D:7      | Danger: Low HP Warning |T2| Reason: 58% HP (35/60)
  7779 | D:7      | Danger: Low HP Warning |T2| Reason: 58% HP (35/60)
  7780 | D:7      | Danger: Low HP Warning |T2| Reason: 58% HP (35/60)
  7781 | D:7      | Danger: Low HP Warning |T2| Reason: 55% HP (33/60)
  7782 | D:7      | Danger: Low HP Warning |T2| Reason: 55% HP (33/60)
  7784 | D:6      | Danger: Low HP Warning |T2| Reason: 56% HP (34/60)
  7785 | D:6      | Danger: Low HP Warning |T2| Reason: 55% HP (34/61)
  7786 | D:6      | Danger: Low HP Warning |T2| Reason: 55% HP (34/61)
  7787 | D:6      | Danger: Low HP Warning |T2| Reason: 55% HP (34/61)
  7788 | D:6      | Danger: Low HP Warning |T2| Reason: 57% HP (35/61)
  7789 | D:6      | Danger: Low HP Warning |T2| Reason: 57% HP (35/61)
  7791 | D:6      | Danger: Low HP Warning |T2| Reason: 57% HP (35/61)
  7792 | D:6      | Danger: Low HP Warning |T2| Reason: 57% HP (35/61)
  7793 | D:6      | Danger: Low HP Warning |T2| Reason: 57% HP (35/61)
  8042 | D:7      | Found a hazy altar of Hepliaklqana.
  8089 | D:7      | Found Cevosk's Antique Weapon Shoppe.
  8393 | D:8      | Reached skill level 5 in Hexes
  8528 | D:8      | Danger: Low HP Warning |T2| Reason: 57% HP (36/63)
  8529 | D:8      | Danger: Low HP Warning |T2| Reason: 58% HP (37/63)
  8530 | D:8      | Danger: Low HP Warning |T2| Reason: 58% HP (37/63)
  8531 | D:8      | Danger: Low HP Warning |T2| Reason: 58% HP (37/63)
  8532 | D:8      | Danger: Low HP Warning |T2| Reason: 27% HP (17/61)
  8533 | D:8      | Danger: Low HP Warning |T2| Reason: 36% HP (22/61)
  8534 | D:8      | Danger: Low HP Warning |T3| Reason: 8% HP (5/60)
  8535 | D:8      | Danger: Low HP Warning |T3| Reason: 8% HP (5/60)
  8536 | D:8      | Danger: Low HP Warning |T3| Reason: 10% HP (6/60)
  8537 | D:8      | Danger: Low HP Warning |T3| Reason: 10% HP (6/60)
  8593 | D:7      | Danger: Low HP Warning |T2| Reason: 38% HP (23/60)
  8594 | D:7      | Danger: Low HP Warning |T2| Reason: 38% HP (23/60)
  8596 | D:7      | Danger: Low HP Warning |T2| Reason: 40% HP (24/60)
  8597 | D:7      | Danger: Low HP Warning |T2| Reason: 40% HP (24/60)
  8598 | D:7      | Danger: Low HP Warning |T2| Reason: 40% HP (24/60)
  8599 | D:7      | Danger: Low HP Warning |T2| Reason: 41% HP (25/60)
  8600 | D:7      | Danger: Low HP Warning |T2| Reason: 41% HP (25/60)
  8601 | D:7      | Danger: Low HP Warning |T2| Reason: 41% HP (25/60)
  8602 | D:7      | Danger: Low HP Warning |T2| Reason: 41% HP (25/60)
  8603 | D:7      | Danger: Low HP Warning |T2| Reason: 43% HP (26/60)
  8604 | D:7      | Danger: Low HP Warning |T2| Reason: 43% HP (26/60)
  8605 | D:7      | Danger: Low HP Warning |T2| Reason: 42% HP (26/61)
  8606 | D:7      | Danger: Low HP Warning |T2| Reason: 42% HP (26/61)
  8607 | D:7      | Danger: Low HP Warning |T2| Reason: 42% HP (26/61)
  8608 | D:7      | Danger: Low HP Warning |T2| Reason: 44% HP (27/61)
  8609 | D:7      | Danger: Low HP Warning |T2| Reason: 44% HP (27/61)
  9012 | D:8      | Found an ornate altar of the Wu Jian Council.
  9326 | D:9      | Danger: acid dragon |T2| Reason: Spit Acid deals more than
                  | 50% MHP!
  9437 | D:9      | Reached XP level 11. HP: 67/67 MP: 14/14
  9445 | D:9      | Danger: orc |T2| Reason: Quivering boomerangs, careful!
  9459 | D:9      | Reached *** piety under Dithmenos
  9486 | D:9      | Found a flagged portal.
  9496 | Bailey   | Entered a bailey
  9592 | Bailey   | Danger: Low HP Warning |T2| Reason: 59% HP (40/67)
  9593 | Bailey   | Danger: Low HP Warning |T2| Reason: 59% HP (40/67)
  9738 | Bailey   | Identified the +1 morningstar "Lacertilianslayer" {speed,
                  | *Noise Int+7}
  9738 | Bailey   | Identified the +5 storm dragon scales "Zasappaugh" {rElec
                  | rF+++ Str+3 Dex-4}
  9751 | Bailey   | Danger: Low HP Warning |T2| Reason: 59% HP (40/67)
 10066 | D:9      | Danger: Low HP Warning |T2| Reason: 53% HP (36/67)
 10067 | D:9      | Danger: Low HP Warning |T2| Reason: 53% HP (36/67)
 10068 | D:9      | Danger: Low HP Warning |T2| Reason: 55% HP (37/67)
 10069 | D:9      | Danger: Low HP Warning |T2| Reason: 55% HP (37/67)
 10070 | D:9      | Danger: Low HP Warning |T2| Reason: 55% HP (37/67)
 10071 | D:9      | Danger: Low HP Warning |T2| Reason: 55% HP (37/67)
 10433 | D:9      | Found a shimmering blue altar of Sif Muna.
 10435 | D:9      | Danger: acid dragon |T2| Reason: Spit Acid deals more than
                  | 50% MHP!
 10486 | D:9      | Danger: Low HP Warning |T2| Reason: 53% HP (36/67)
 10494 | D:9      | Danger: Low HP Warning |T2| Reason: 56% HP (38/67)
 10495 | D:9      | Danger: Low HP Warning |T2| Reason: 56% HP (38/67)
 10496 | D:9      | Danger: Low HP Warning |T2| Reason: 58% HP (39/67)
 10497 | D:9      | Danger: Low HP Warning |T2| Reason: 58% HP (39/67)
 10498 | D:9      | Danger: Low HP Warning |T2| Reason: 58% HP (39/67)
 10499 | D:9      | Danger: Low HP Warning |T2| Reason: 58% HP (39/67)
 10500 | D:9      | Danger: Low HP Warning |T2| Reason: 59% HP (40/67)
 10501 | D:9      | Danger: Low HP Warning |T2| Reason: 53% HP (36/67)
 10502 | D:9      | Danger: Low HP Warning |T2| Reason: 53% HP (36/67)
 10503 | D:9      | Danger: Low HP Warning |T2| Reason: 53% HP (36/67)
 10504 | D:9      | Reached skill level 10 in Hexes
 10504 | D:9      | Danger: Low HP Warning |T2| Reason: 55% HP (37/67)
 10505 | D:9      | Danger: Low HP Warning |T2| Reason: 55% HP (37/67)
 10506 | D:9      | Danger: Low HP Warning |T2| Reason: 55% HP (37/67)
 10507 | D:9      | Danger: Low HP Warning |T2| Reason: 55% HP (37/67)
 10508 | D:9      | Danger: Low HP Warning |T2| Reason: 56% HP (38/67)
 10509 | D:9      | Danger: Low HP Warning |T2| Reason: 56% HP (38/67)
 10510 | D:9      | Danger: Low HP Warning |T2| Reason: 56% HP (38/67)
 10511 | D:9      | Danger: Low HP Warning |T2| Reason: 56% HP (38/67)
 10512 | D:9      | Danger: Low HP Warning |T2| Reason: 58% HP (39/67)
 11045 | D:10     | Entered Level 10 of the Dungeon
 11153 | D:9      | Danger: Low HP Warning |T2| Reason: 49% HP (31/63)
 11154 | D:9      | Danger: Low HP Warning |T2| Reason: 49% HP (31/63)
 11155 | D:9      | Danger: Low HP Warning |T2| Reason: 46% HP (29/63)
 11156 | D:9      | Danger: Low HP Warning |T2| Reason: 47% HP (30/63)
 11157 | D:9      | Danger: Low HP Warning |T2| Reason: 47% HP (30/63)
 11158 | D:9      | Danger: Low HP Warning |T2| Reason: 47% HP (30/63)
 11159 | D:9      | Danger: Low HP Warning |T2| Reason: 47% HP (31/65)
 11160 | D:9      | Danger: Low HP Warning |T2| Reason: 47% HP (31/65)
 11161 | D:9      | Danger: Low HP Warning |T2| Reason: 47% HP (31/65)
 11162 | D:9      | Danger: Low HP Warning |T2| Reason: 47% HP (31/65)
 11163 | D:9      | Danger: Low HP Warning |T2| Reason: 49% HP (32/65)
 11164 | D:9      | Danger: Low HP Warning |T2| Reason: 49% HP (32/65)
 11166 | D:9      | Danger: Low HP Warning |T2| Reason: 50% HP (33/65)
 11167 | D:9      | Danger: Low HP Warning |T2| Reason: 50% HP (33/65)
 11168 | D:9      | Danger: Low HP Warning |T2| Reason: 50% HP (33/65)
 11169 | D:9      | Danger: Low HP Warning |T2| Reason: 52% HP (34/65)
 11171 | D:9      | Danger: Low HP Warning |T2| Reason: 52% HP (34/65)
 11172 | D:9      | Danger: Low HP Warning |T2| Reason: 52% HP (34/65)
 11173 | D:9      | Danger: Low HP Warning |T2| Reason: 53% HP (35/65)
 11174 | D:9      | Danger: Low HP Warning |T2| Reason: 53% HP (35/65)
 11175 | D:9      | Danger: Low HP Warning |T2| Reason: 53% HP (35/65)
 11176 | D:9      | Danger: Low HP Warning |T2| Reason: 55% HP (36/65)
 11177 | D:9      | Danger: Low HP Warning |T2| Reason: 55% HP (36/65)
 11178 | D:9      | Danger: Low HP Warning |T2| Reason: 55% HP (36/65)
 11179 | D:9      | Danger: Low HP Warning |T2| Reason: 56% HP (37/65)
 11180 | D:9      | Danger: Low HP Warning |T2| Reason: 56% HP (37/65)
 11181 | D:9      | Danger: Low HP Warning |T2| Reason: 56% HP (37/65)
 11182 | D:9      | Danger: Low HP Warning |T2| Reason: 56% HP (37/65)
 11183 | D:9      | Danger: Low HP Warning |T2| Reason: 58% HP (38/65)
 11184 | D:9      | Danger: Low HP Warning |T2| Reason: 58% HP (38/65)
 11185 | D:9      | Danger: Low HP Warning |T2| Reason: 58% HP (38/65)
 11186 | D:9      | Danger: Low HP Warning |T2| Reason: 60% HP (39/65)
 11187 | D:9      | Danger: Low HP Warning |T2| Reason: 60% HP (39/65)
 11188 | D:9      | Danger: Low HP Warning |T2| Reason: 60% HP (39/65)
 11559 | D:9      | Found a shimmering blue altar of Sif Muna.
 12170 | D:10     | Found Gakhlupse's Jewellery Boutique.
 12227 | D:10     | Noticed Psyche
 12228 | D:10     | Danger: Psyche |T2| Reason: Unique monster, careful!
 12278 | D:10     | Reached **** piety under Dithmenos
 12345 | D:10     | Reached skill level 10 in Short Blades
 12539 | D:10     | Danger: basilisk |T3| Reason: Petrify and low Will
 12539 | D:10     | Danger: basilisk |T2| Reason: OOD monster, careful!
 12540 | D:10     | Danger: basilisk |T3| Reason: Petrify and low Will
 12541 | D:10     | Danger: basilisk |T3| Reason: Petrify and low Will
 12542 | D:10     | Danger: basilisk |T3| Reason: Petrify and low Will
 12543 | D:10     | Danger: basilisk |T3| Reason: Petrify and low Will
 12544 | D:10     | Danger: basilisk |T3| Reason: Petrify and low Will
 12545 | D:10     | Danger: basilisk |T3| Reason: Petrify and low Will
 12545 | D:10     | Danger: basilisk |T2| Reason: OOD monster, careful!
 12545 | D:10     | Danger: basilisk |T3| Reason: Petrify and low Will
 12547 | D:10     | Danger: basilisk |T3| Reason: Petrify and low Will
 12547 | D:10     | Danger: basilisk |T3| Reason: Petrify and low Will
 12548 | D:10     | Danger: basilisk |T3| Reason: Petrify and low Will
 12549 | D:10     | Danger: basilisk |T3| Reason: Petrify and low Will
 12550 | D:10     | Danger: basilisk |T3| Reason: Petrify and low Will
 12551 | D:10     | Danger: basilisk |T3| Reason: Petrify and low Will
 12552 | D:10     | Danger: basilisk |T3| Reason: Petrify and low Will
 12553 | D:10     | Danger: basilisk |T3| Reason: Petrify and low Will
 12567 | D:10     | Reached XP level 12. HP: 75/75 MP: 10/15
 12598 | D:10     | Noticed a two-headed ogre
 12602 | D:10     | Killed a two-headed ogre
 12608 | D:10     | Danger: Psyche |T2| Reason: Unique monster, careful!
 12608 | D:10     | Danger: Psyche |T2| Reason: carrying a wand of roots (3),
                  | careful!
 12616 | D:10     | Danger: acid dragon |T2| Reason: Spit Acid deals more than
                  | 50% MHP!
 12616 | D:10     | Killed Psyche
 12630 | D:10     | Danger: acid dragon |T2| Reason: Spit Acid deals more than
                  | 50% MHP!
 12646 | D:10     | Danger: acid dragon |T2| Reason: Spit Acid deals more than
                  | 50% MHP!
 12647 | D:10     | Danger: Low HP Warning |T2| Reason: 53% HP (41/77)
 12648 | D:10     | Danger: Low HP Warning |T2| Reason: 53% HP (41/77)
 12649 | D:10     | Danger: acid dragon |T2| Reason: Spit Acid deals more than
                  | 50% MHP!
 12649 | D:10     | Danger: Low HP Warning |T2| Reason: 53% HP (41/77)
 12650 | D:10     | Danger: Low HP Warning |T2| Reason: 53% HP (41/77)
 12651 | D:10     | Danger: Low HP Warning |T2| Reason: 54% HP (42/77)
 12652 | D:10     | Danger: acid dragon |T2| Reason: Spit Acid deals more than
                  | 50% MHP!
 12652 | D:10     | Danger: Low HP Warning |T2| Reason: 54% HP (42/77)
 12653 | D:10     | Danger: Low HP Warning |T2| Reason: 54% HP (42/77)
 12654 | D:10     | Danger: Low HP Warning |T2| Reason: 41% HP (32/77)
 12655 | D:10     | Danger: acid dragon |T2| Reason: Spit Acid deals more than
                  | 50% MHP!
 12655 | D:10     | Danger: Low HP Warning |T2| Reason: 42% HP (33/77)
 12656 | D:10     | Danger: Low HP Warning |T2| Reason: 42% HP (33/77)
 12657 | D:10     | Danger: Low HP Warning |T2| Reason: 42% HP (33/77)
 12658 | D:10     | Danger: Low HP Warning |T2| Reason: 42% HP (33/77)
 12659 | D:10     | Danger: Low HP Warning |T2| Reason: 42% HP (33/77)
 12660 | D:10     | Danger: Low HP Warning |T2| Reason: 42% HP (33/77)
 12661 | D:10     | Danger: Low HP Warning |T2| Reason: 44% HP (34/77)
 12662 | D:10     | Danger: Low HP Warning |T2| Reason: 44% HP (34/77)
 12663 | D:10     | Danger: Low HP Warning |T2| Reason: 44% HP (34/77)
 12664 | D:10     | Danger: Low HP Warning |T2| Reason: 44% HP (34/77)
 12665 | D:10     | Danger: Low HP Warning |T2| Reason: 44% HP (34/77)
 12666 | D:10     | Reached skill level 10 in Fighting
 12666 | D:10     | Danger: Low HP Warning |T2| Reason: 45% HP (35/77)
 12667 | D:10     | Danger: Low HP Warning |T2| Reason: 35% HP (27/77)
 12668 | D:10     | Danger: Low HP Warning |T2| Reason: 35% HP (27/77)
 12669 | D:10     | Danger: Low HP Warning |T2| Reason: 35% HP (27/77)
 12670 | D:10     | Danger: Low HP Warning |T2| Reason: 36% HP (28/77)
 12671 | D:10     | Danger: Low HP Warning |T2| Reason: 36% HP (28/77)
 12672 | D:10     | Danger: Low HP Warning |T2| Reason: 36% HP (28/77)
 12673 | D:10     | Danger: Low HP Warning |T2| Reason: 36% HP (28/77)
 12674 | D:10     | Danger: Low HP Warning |T2| Reason: 37% HP (29/77)
 12675 | D:10     | Danger: Low HP Warning |T2| Reason: 37% HP (29/77)
 12676 | D:10     | Danger: Low HP Warning |T2| Reason: 37% HP (29/77)
 12677 | D:10     | Danger: Low HP Warning |T2| Reason: 37% HP (29/77)
 12831 | D:10     | Found Zoloafyo's Weapon Boutique.
 12975 | D:10     | Found a staircase to the Lair.
 13037 | D:10     | Danger: orc |T2| Reason: Quivering boomerangs, careful!
 13425 | D:11     | Danger: orc |T2| Reason: Quivering boomerangs, careful!
 13476 | D:11     | Found a staircase to the Orcish Mines.
 13477 | D:11     | Danger: orc warrior |T2| Reason: Electrocution weapon and
                  | no rElec!
 13492 | D:11     | Danger: basilisk |T3| Reason: Petrify and low Will
 13492 | D:11     | Danger: basilisk |T2| Reason: OOD monster, careful!
 13493 | D:11     | Danger: basilisk |T3| Reason: Petrify and low Will
 13494 | D:11     | Danger: basilisk |T3| Reason: Petrify and low Will
 13495 | D:11     | Danger: basilisk |T3| Reason: Petrify and low Will
 13495 | D:11     | Reached ***** piety under Dithmenos
 13520 | D:11     | Reached skill level 5 in Evocations
 13824 | D:11     | Found a portal to a secret trove of treasure.
 13826 | D:11     | Reached skill level 1 in Throwing
 14052 | D:11     | Noticed a two-headed ogre
 14063 | D:11     | Killed a two-headed ogre
 14302 | D:11     | Danger: acid dragon |T2| Reason: Spit Acid deals more than
                  | 50% MHP!
 14374 | D:11     | Reached skill level 11 in Dodging
 14561 | D:11     | Identified the +10 plate armour of Lethargy {Will- Regen+
                  | Int+3 Stlth+}
 14761 | Lair:1   | Entered Level 1 of the Lair of Beasts
 14774 | Lair:1   | Noticed Nergalle
 14777 | Lair:1   | Danger: Nergalle |T2| Reason: Unique monster, careful!
 14777 | Lair:1   | Danger: Nergalle |T2| Reason: Bolt of Draining deals more
                  | than 50% MHP!
 14796 | Lair:1   | Killed Nergalle
 14804 | Lair:1   | Danger: Low HP Warning |T2| Reason: 58% HP (45/77)
 14805 | Lair:1   | Danger: Low HP Warning |T2| Reason: 58% HP (45/77)
 14806 | Lair:1   | Danger: Low HP Warning |T2| Reason: 59% HP (46/77)
 14807 | Lair:1   | Danger: Low HP Warning |T2| Reason: 59% HP (46/77)
 14808 | Lair:1   | Danger: Low HP Warning |T2| Reason: 53% HP (41/77)
 14809 | Lair:1   | Danger: Low HP Warning |T2| Reason: 53% HP (41/77)
 14810 | Lair:1   | Reached skill level 12 in Dodging
 14810 | Lair:1   | Danger: Low HP Warning |T2| Reason: 53% HP (41/77)
 14811 | Lair:1   | Danger: Low HP Warning |T2| Reason: 33% HP (26/77)
 14812 | Lair:1   | Danger: Low HP Warning |T2| Reason: 35% HP (27/77)
 14813 | Lair:1   | Danger: Low HP Warning |T2| Reason: 35% HP (27/77)
 14814 | Lair:1   | Danger: Low HP Warning |T2| Reason: 35% HP (27/77)
 15042 | Lair:1   | Reached XP level 13. HP: 82/82 MP: 16/16
 15162 | Lair:1   | Reached skill level 13 in Dodging
 15639 | Lair:1   | Danger: Low HP Warning |T2| Reason: 45% HP (37/82)
 15640 | Lair:1   | Danger: Low HP Warning |T2| Reason: 45% HP (37/82)
 15641 | Lair:1   | Danger: Low HP Warning |T2| Reason: 45% HP (37/82)
 15642 | Lair:1   | Danger: Low HP Warning |T2| Reason: 46% HP (38/82)
 15643 | Lair:1   | Danger: Low HP Warning |T2| Reason: 46% HP (38/82)
 15644 | Lair:1   | Danger: Low HP Warning |T2| Reason: 43% HP (36/82)
 15645 | Lair:1   | Danger: Low HP Warning |T2| Reason: 43% HP (36/82)
 15646 | Lair:1   | Danger: Low HP Warning |T2| Reason: 34% HP (28/82)
 15647 | Lair:1   | Danger: Low HP Warning |T2| Reason: 35% HP (29/82)
 15648 | Lair:1   | Danger: Low HP Warning |T2| Reason: 35% HP (29/82)
 15649 | Lair:1   | Danger: Low HP Warning |T2| Reason: 35% HP (29/82)
 15650 | Lair:1   | Danger: Low HP Warning |T2| Reason: 30% HP (25/82)
 15651 | Lair:1   | Danger: Low HP Warning |T2| Reason: 31% HP (26/82)
 15652 | Lair:1   | Danger: Low HP Warning |T2| Reason: 31% HP (26/82)
 15653 | Lair:1   | Danger: Low HP Warning |T2| Reason: 31% HP (26/82)
 15659 | Lair:1   | Noticed a seven-headed hydra
 15660 | Lair:1   | Danger: seven-headed hydra |T2| Reason: OOD monster,
                  | careful!
 15660 | Lair:1   | Danger: Low HP Warning |T2| Reason: 34% HP (28/82)
 15662 | Lair:1   | Danger: Low HP Warning |T2| Reason: 35% HP (29/82)
 15663 | Lair:1   | Danger: Low HP Warning |T2| Reason: 35% HP (29/82)
 15664 | Lair:1   | Danger: Low HP Warning |T2| Reason: 35% HP (29/82)
 15665 | Lair:1   | Danger: Low HP Warning |T2| Reason: 35% HP (29/82)
 15666 | Lair:1   | Danger: Low HP Warning |T2| Reason: 36% HP (30/82)
 15667 | Lair:1   | Danger: Low HP Warning |T2| Reason: 36% HP (30/82)
 15668 | Lair:1   | Danger: Low HP Warning |T2| Reason: 37% HP (31/82)
 15668 | Lair:1   | Killed a seven-headed hydra
 15669 | Lair:1   | Reached skill level 14 in Dodging
 15696 | Lair:1   | Noticed a four-headed hydra
 15697 | Lair:1   | Danger: four-headed hydra |T2| Reason: OOD monster,
                  | careful!
 15697 | Lair:1   | Danger: Low HP Warning |T2| Reason: 48% HP (40/82)
 15698 | Lair:1   | Danger: Low HP Warning |T2| Reason: 48% HP (40/82)
 15699 | Lair:1   | Danger: Low HP Warning |T2| Reason: 50% HP (41/82)
 15700 | Lair:1   | Danger: Low HP Warning |T2| Reason: 50% HP (41/82)
 15701 | Lair:1   | Danger: Low HP Warning |T2| Reason: 50% HP (41/82)
 15830 | Lair:1   | Learned a level 3 spell: Tukima's Dance
 15853 | Lair:1   | Danger: rime drake |T2| Reason: Flash Freeze (3d13) and not
                  | rC+, careful!
 15858 | Lair:1   | Danger: four-headed hydra |T2| Reason: OOD monster,
                  | careful!
 15863 | Lair:1   | Danger: four-headed hydra |T2| Reason: OOD monster,
                  | careful!
 15875 | Lair:1   | Killed a four-headed hydra
 15932 | Lair:1   | Reached skill level 5 in Throwing
 16027 | Lair:1   | Identified a scroll of acquirement
 16029 | Lair:1   | Acquired the +4 cloak of Abstinence {rF- Str+4}
 16129 | Lair:1   | Found the +1 robe of Vines {NoPotionHeal Regen++++}
 16131 | Lair:1   | Danger: oklob plant |T2| Reason: Spit Acid deals more than
                  | 50% MHP!
 16220 | Lair:1   | Danger: oklob plant |T2| Reason: Spit Acid deals more than
                  | 50% MHP!
 16587 | Lair:2   | Noticed Fannar
 16588 | Lair:2   | Danger: Fannar |T2| Reason: Unique monster, careful!
 16588 | Lair:2   | Danger: Fannar |T2| Reason: Bolt of Cold and no rC
 16588 | Lair:2   | Danger: Fannar |T2| Reason: Bolt of Cold deals more than
                  | 50% MHP!
 16588 | Lair:2   | Danger: Fannar |T2| Reason: Ozocubu's Refrigeration deals
                  | more than 50% MHP!
 16589 | Lair:2   | Killed Fannar
 16935 | Lair:2   | Found a hole to the Spider Nest.
 17213 | Lair:2   | Danger: basilisk |T3| Reason: Petrify and low Will
 17214 | Lair:2   | Danger: basilisk |T3| Reason: Petrify and low Will
 17216 | Lair:2   | Danger: basilisk |T3| Reason: Petrify and low Will
 17244 | Lair:2   | Found a staircase to the Shoals.
 17288 | Lair:2   | Danger: Low HP Warning |T2| Reason: 60% HP (50/82)
 17289 | Lair:2   | Danger: Low HP Warning |T2| Reason: 60% HP (50/82)
 17290 | Lair:2   | Danger: Low HP Warning |T2| Reason: 60% HP (50/82)
 17291 | Lair:2   | Danger: Low HP Warning |T2| Reason: 60% HP (50/82)
 17299 | Lair:2   | Danger: Low HP Warning |T2| Reason: 54% HP (45/82)
 17300 | Lair:2   | Danger: Low HP Warning |T2| Reason: 54% HP (45/82)
 17301 | Lair:2   | Danger: Low HP Warning |T2| Reason: 56% HP (46/82)
 17302 | Lair:2   | Danger: Low HP Warning |T2| Reason: 56% HP (46/82)
 17303 | Lair:2   | Danger: Low HP Warning |T2| Reason: 56% HP (46/82)
 17304 | Lair:2   | Danger: Low HP Warning |T2| Reason: 56% HP (46/82)
 17305 | Lair:2   | Danger: Low HP Warning |T2| Reason: 57% HP (47/82)
 17306 | Lair:2   | Danger: Low HP Warning |T2| Reason: 57% HP (47/82)
 17307 | Lair:2   | Danger: Low HP Warning |T2| Reason: 57% HP (47/82)
 17308 | Lair:2   | Danger: Low HP Warning |T2| Reason: 57% HP (47/82)
 17309 | Lair:2   | Danger: Low HP Warning |T2| Reason: 58% HP (48/82)
 17960 | Lair:3   | Reached XP level 14. HP: 88/88 MP: 17/17
 17974 | Lair:3   | Reached ****** piety under Dithmenos
 18075 | Lair:3   | Danger: dream sheep |T2| Reason: Irresistible Dream Dust
                  | (4%), watch out!
 18075 | Lair:3   | Danger: dream sheep |T2| Reason: OOD monster, careful!
 18076 | Lair:3   | Danger: dream sheep |T2| Reason: Irresistible Dream Dust
                  | (52%), watch out!
 18076 | Lair:3   | Danger: dream sheep |T2| Reason: Irresistible Dream Dust
                  | (52%), watch out!
 18076 | Lair:3   | Danger: dream sheep |T2| Reason: OOD monster, careful!
 18077 | Lair:3   | Danger: dream sheep |T2| Reason: Irresistible Dream Dust
                  | (76%), watch out!
 18077 | Lair:3   | Danger: dream sheep |T2| Reason: Irresistible Dream Dust
                  | (76%), watch out!
 18077 | Lair:3   | Danger: dream sheep |T2| Reason: Irresistible Dream Dust
                  | (76%), watch out!
 18077 | Lair:3   | Danger: dream sheep |T2| Reason: OOD monster, careful!
 18077 | Lair:3   | Danger: dream sheep |T2| Reason: Irresistible Dream Dust
                  | (76%), watch out!
 18077 | Lair:3   | Danger: dream sheep |T2| Reason: OOD monster, careful!
 18080 | Lair:3   | Danger: dream sheep |T2| Reason: Irresistible Dream Dust
                  | (68%), watch out!
 18080 | Lair:3   | Danger: dream sheep |T2| Reason: Irresistible Dream Dust
                  | (68%), watch out!
 18080 | Lair:3   | Danger: dream sheep |T2| Reason: Irresistible Dream Dust
                  | (68%), watch out!
 18081 | Lair:3   | Danger: dream sheep |T2| Reason: Irresistible Dream Dust
                  | (52%), watch out!
 18081 | Lair:3   | Danger: dream sheep |T2| Reason: Irresistible Dream Dust
                  | (52%), watch out!
 18082 | Lair:3   | Reached skill level 10 in Evocations
 18191 | Lair:3   | Reached skill level 1 in Armour
 18749 | Lair:3   | Danger: Low HP Warning |T2| Reason: 59% HP (52/88)
 18750 | Lair:3   | Danger: Low HP Warning |T2| Reason: 53% HP (47/88)
 18751 | Lair:3   | Danger: Low HP Warning |T2| Reason: 51% HP (45/88)
 18752 | Lair:3   | Danger: Low HP Warning |T2| Reason: 51% HP (45/88)
 18753 | Lair:3   | Danger: Low HP Warning |T2| Reason: 48% HP (43/88)
 18754 | Lair:3   | Danger: Low HP Warning |T2| Reason: 45% HP (40/88)
 18755 | Lair:3   | Danger: Low HP Warning |T2| Reason: 44% HP (39/88)
 18756 | Lair:3   | Danger: Low HP Warning |T2| Reason: 43% HP (38/88)
 18757 | Lair:3   | Danger: Low HP Warning |T2| Reason: 42% HP (37/88)
 18758 | Lair:3   | Danger: Low HP Warning |T2| Reason: 40% HP (36/88)
 18759 | Lair:3   | Danger: Low HP Warning |T2| Reason: 40% HP (36/88)
 18760 | Lair:3   | Danger: Low HP Warning |T2| Reason: 40% HP (36/88)
 18761 | Lair:3   | Danger: Low HP Warning |T2| Reason: 40% HP (36/88)
 18762 | Lair:3   | Danger: Low HP Warning |T2| Reason: 39% HP (35/88)
 19182 | Lair:3   | Danger: wolf simulacrum |T2| Reason: simulacrum and no rC,
                  | careful
 19182 | Lair:3   | Danger: wolf simulacrum |T3| Reason: fast simulacrum and no
                  | rC, watch out!!
 19182 | Lair:3   | Danger: necromancer |T2| Reason: Bolt of Draining deals
                  | more than 50% MHP!
 19183 | Lair:3   | Danger: wolf simulacrum |T3| Reason: fast simulacrum and no
                  | rC, watch out!!
 19184 | Lair:3   | Danger: wolf simulacrum |T2| Reason: simulacrum and no rC,
                  | careful
 19184 | Lair:3   | Danger: wolf simulacrum |T3| Reason: fast simulacrum and no
                  | rC, watch out!!
 19184 | Lair:3   | Danger: wolf simulacrum |T3| Reason: fast simulacrum and no
                  | rC, watch out!!
 19185 | Lair:3   | Danger: wolf simulacrum |T3| Reason: fast simulacrum and no
                  | rC, watch out!!
 19185 | Lair:3   | Danger: wolf simulacrum |T3| Reason: fast simulacrum and no
                  | rC, watch out!!
 19186 | Lair:3   | Danger: necromancer |T2| Reason: Bolt of Draining deals
                  | more than 50% MHP!
 19186 | Lair:3   | Danger: wolf simulacrum |T3| Reason: fast simulacrum and no
                  | rC, watch out!!
 19187 | Lair:3   | Danger: wolf simulacrum |T3| Reason: fast simulacrum and no
                  | rC, watch out!!
 19188 | Lair:3   | Danger: wolf simulacrum |T2| Reason: simulacrum and no rC,
                  | careful
 19188 | Lair:3   | Danger: wolf simulacrum |T3| Reason: fast simulacrum and no
                  | rC, watch out!!
 19188 | Lair:3   | Danger: wolf simulacrum |T3| Reason: fast simulacrum and no
                  | rC, watch out!!
 19189 | Lair:3   | Danger: wolf simulacrum |T3| Reason: fast simulacrum and no
                  | rC, watch out!!
 19189 | Lair:3   | Danger: wolf simulacrum |T3| Reason: fast simulacrum and no
                  | rC, watch out!!
 19190 | Lair:3   | Danger: necromancer |T2| Reason: Bolt of Draining deals
                  | more than 50% MHP!
 19190 | Lair:3   | Danger: wolf simulacrum |T3| Reason: fast simulacrum and no
                  | rC, watch out!!
 19190 | Lair:3   | Danger: wolf simulacrum |T3| Reason: fast simulacrum and no
                  | rC, watch out!!
 19191 | Lair:3   | Danger: wolf simulacrum |T3| Reason: fast simulacrum and no
                  | rC, watch out!!
 19192 | Lair:3   | Danger: wolf simulacrum |T3| Reason: fast simulacrum and no
                  | rC, watch out!!
 19193 | Lair:3   | Danger: necromancer |T2| Reason: Bolt of Draining deals
                  | more than 50% MHP!
 19193 | Lair:3   | Danger: wolf simulacrum |T3| Reason: fast simulacrum and no
                  | rC, watch out!!
 19223 | Lair:3   | Danger: polar bear simulacrum |T2| Reason: simulacrum and
                  | no rC, careful
 19223 | Lair:3   | Danger: wolf simulacrum |T2| Reason: simulacrum and no rC,
                  | careful
 19223 | Lair:3   | Danger: wolf simulacrum |T3| Reason: fast simulacrum and no
                  | rC, watch out!!
 19223 | Lair:3   | Danger: polar bear simulacrum |T2| Reason: simulacrum and
                  | no rC, careful
 19223 | Lair:3   | Danger: river rat simulacrum |T2| Reason: simulacrum and no
                  | rC, careful
 19223 | Lair:3   | Danger: polar bear simulacrum |T2| Reason: simulacrum and
                  | no rC, careful
 19223 | Lair:3   | Danger: yak simulacrum |T2| Reason: simulacrum and no rC,
                  | careful
 19597 | Lair:4   | Danger: rime drake |T2| Reason: Flash Freeze (3d13) and not
                  | rC+, careful!
 19654 | Lair:4   | Danger: Low HP Warning |T2| Reason: 54% HP (48/88)
 19655 | Lair:4   | Danger: Low HP Warning |T2| Reason: 54% HP (48/88)
 19656 | Lair:4   | Danger: Low HP Warning |T2| Reason: 51% HP (45/88)
 19657 | Lair:4   | Danger: Low HP Warning |T2| Reason: 51% HP (45/88)
 19658 | Lair:4   | Danger: Low HP Warning |T2| Reason: 52% HP (46/88)
 19659 | Lair:4   | Danger: Low HP Warning |T2| Reason: 51% HP (45/88)
 19660 | Lair:4   | Danger: Low HP Warning |T2| Reason: 51% HP (45/88)
 19661 | Lair:4   | Danger: Low HP Warning |T2| Reason: 38% HP (34/88)
 19662 | Lair:4   | Danger: Low HP Warning |T2| Reason: 38% HP (34/88)
 19663 | Lair:4   | Danger: Low HP Warning |T2| Reason: 39% HP (35/88)
 19664 | Lair:4   | Danger: Low HP Warning |T2| Reason: 39% HP (35/88)
 19665 | Lair:4   | Danger: Low HP Warning |T2| Reason: 39% HP (35/88)
 19666 | Lair:4   | Danger: Low HP Warning |T2| Reason: 39% HP (35/88)
 19667 | Lair:4   | Danger: Low HP Warning |T2| Reason: 39% HP (35/88)
 19668 | Lair:4   | Danger: Low HP Warning |T2| Reason: 37% HP (33/88)
 19669 | Lair:4   | Danger: Low HP Warning |T2| Reason: 38% HP (34/88)
 19670 | Lair:4   | Danger: Low HP Warning |T2| Reason: 38% HP (34/88)
 19671 | Lair:4   | Danger: Low HP Warning |T2| Reason: 38% HP (34/88)
 19672 | Lair:4   | Danger: Low HP Warning |T2| Reason: 38% HP (34/88)
 19674 | Lair:4   | Danger: Low HP Warning |T2| Reason: 39% HP (35/88)
 19675 | Lair:4   | Danger: Low HP Warning |T2| Reason: 39% HP (35/88)
 19676 | Lair:4   | Danger: Low HP Warning |T2| Reason: 40% HP (36/88)
 19677 | Lair:4   | Danger: Low HP Warning |T2| Reason: 40% HP (36/88)
 19678 | Lair:4   | Danger: Low HP Warning |T2| Reason: 40% HP (36/88)
 19679 | Lair:4   | Danger: Low HP Warning |T2| Reason: 42% HP (37/88)
 19680 | Lair:4   | Danger: Low HP Warning |T2| Reason: 42% HP (37/88)
 19681 | Lair:4   | Danger: Low HP Warning |T2| Reason: 42% HP (37/88)
 19682 | Lair:4   | Danger: Low HP Warning |T2| Reason: 43% HP (38/88)
 19683 | Lair:4   | Danger: Low HP Warning |T2| Reason: 43% HP (38/88)
 19684 | Lair:4   | Danger: Low HP Warning |T2| Reason: 43% HP (38/88)
 19685 | Lair:4   | Danger: Low HP Warning |T2| Reason: 44% HP (39/88)
 19686 | Lair:4   | Danger: Low HP Warning |T2| Reason: 44% HP (39/88)
 19687 | Lair:4   | Danger: Low HP Warning |T2| Reason: 44% HP (39/88)
 19688 | Lair:4   | Danger: Low HP Warning |T2| Reason: 45% HP (40/88)
 19689 | Lair:4   | Danger: Low HP Warning |T2| Reason: 45% HP (40/88)
 19690 | Lair:4   | Danger: Low HP Warning |T2| Reason: 45% HP (40/88)
 19691 | Lair:4   | Danger: Low HP Warning |T2| Reason: 46% HP (41/88)
 19692 | Lair:4   | Danger: Low HP Warning |T2| Reason: 46% HP (41/88)
 19693 | Lair:4   | Danger: Low HP Warning |T2| Reason: 46% HP (41/88)
 19694 | Lair:4   | Danger: Low HP Warning |T2| Reason: 47% HP (42/88)
 19695 | Lair:4   | Danger: Low HP Warning |T2| Reason: 47% HP (42/88)
 19696 | Lair:4   | Danger: Low HP Warning |T2| Reason: 47% HP (42/88)
 19697 | Lair:4   | Danger: Low HP Warning |T2| Reason: 48% HP (43/88)
 19698 | Lair:4   | Danger: Low HP Warning |T2| Reason: 48% HP (43/88)
 19699 | Lair:4   | Danger: Low HP Warning |T2| Reason: 48% HP (43/88)
 19700 | Lair:4   | Danger: Low HP Warning |T2| Reason: 50% HP (44/88)
 19701 | Lair:4   | Danger: Low HP Warning |T2| Reason: 50% HP (44/88)
 19702 | Lair:4   | Danger: Low HP Warning |T2| Reason: 50% HP (44/88)
 19703 | Lair:4   | Danger: Low HP Warning |T2| Reason: 51% HP (45/88)
 19704 | Lair:4   | Danger: Low HP Warning |T2| Reason: 51% HP (45/88)
 19705 | Lair:4   | Danger: Low HP Warning |T2| Reason: 51% HP (45/88)
 19706 | Lair:4   | Danger: Low HP Warning |T2| Reason: 52% HP (46/88)
 19707 | Lair:4   | Danger: Low HP Warning |T2| Reason: 52% HP (46/88)
 19708 | Lair:4   | Danger: Low HP Warning |T2| Reason: 52% HP (46/88)
 19709 | Lair:4   | Danger: Low HP Warning |T2| Reason: 53% HP (47/88)
 19710 | Lair:4   | Danger: Low HP Warning |T2| Reason: 53% HP (47/88)
 19711 | Lair:4   | Danger: Low HP Warning |T2| Reason: 53% HP (47/88)
 19712 | Lair:4   | Danger: Low HP Warning |T2| Reason: 54% HP (48/88)
 19713 | Lair:4   | Danger: Low HP Warning |T2| Reason: 54% HP (48/88)
 19714 | Lair:4   | Danger: Low HP Warning |T2| Reason: 54% HP (48/88)
 19715 | Lair:4   | Danger: Low HP Warning |T2| Reason: 55% HP (49/88)
 19716 | Lair:4   | Danger: Low HP Warning |T2| Reason: 55% HP (49/88)
 19717 | Lair:4   | Danger: Low HP Warning |T2| Reason: 56% HP (50/88)
 19718 | Lair:4   | Danger: Low HP Warning |T2| Reason: 56% HP (50/88)
 19720 | Lair:4   | Danger: Low HP Warning |T2| Reason: 57% HP (51/88)
 19721 | Lair:4   | Danger: Low HP Warning |T2| Reason: 57% HP (51/88)
 19722 | Lair:4   | Danger: Low HP Warning |T2| Reason: 57% HP (51/88)
 19723 | Lair:4   | Danger: Low HP Warning |T2| Reason: 59% HP (52/88)
 19724 | Lair:4   | Danger: Low HP Warning |T2| Reason: 59% HP (52/88)
 19725 | Lair:4   | Danger: Low HP Warning |T2| Reason: 59% HP (52/88)
 19726 | Lair:4   | Danger: Low HP Warning |T2| Reason: 60% HP (53/88)
 19727 | Lair:4   | Danger: Low HP Warning |T2| Reason: 60% HP (53/88)
 19728 | Lair:4   | Danger: Low HP Warning |T2| Reason: 60% HP (53/88)
 19751 | Lair:4   | Danger: Low HP Warning |T2| Reason: 57% HP (51/88)
 19752 | Lair:4   | Danger: Low HP Warning |T2| Reason: 57% HP (51/88)
 19753 | Lair:4   | Danger: Low HP Warning |T2| Reason: 57% HP (51/88)
 19754 | Lair:4   | Danger: Low HP Warning |T2| Reason: 57% HP (51/88)
 19755 | Lair:4   | Danger: Low HP Warning |T2| Reason: 59% HP (52/88)
 19756 | Lair:4   | Reached skill level 5 in Armour
 19756 | Lair:4   | Danger: Low HP Warning |T2| Reason: 59% HP (52/88)
 19757 | Lair:4   | Danger: Low HP Warning |T2| Reason: 59% HP (52/88)
 19758 | Lair:4   | Danger: Low HP Warning |T2| Reason: 59% HP (52/88)
 19759 | Lair:4   | Danger: Low HP Warning |T2| Reason: 59% HP (52/88)
 19760 | Lair:4   | Danger: Low HP Warning |T2| Reason: 59% HP (52/88)
 19761 | Lair:4   | Danger: Low HP Warning |T2| Reason: 60% HP (53/88)
 19762 | Lair:4   | Danger: Low HP Warning |T2| Reason: 60% HP (53/88)
 19763 | Lair:4   | Danger: Low HP Warning |T2| Reason: 60% HP (53/88)
 19764 | Lair:4   | Danger: Low HP Warning |T2| Reason: 60% HP (53/88)
 19995 | Lair:4   | Danger: rime drake |T2| Reason: Flash Freeze (3d13) and not
                  | rC+, careful!
 20258 | Lair:4   | Danger: Low HP Warning |T2| Reason: 39% HP (35/88)
 20259 | Lair:4   | Danger: Low HP Warning |T2| Reason: 39% HP (35/88)
 20260 | Lair:4   | Danger: Low HP Warning |T3| Reason: 22% HP (20/88)
 20261 | Lair:4   | Danger: Low HP Warning |T3| Reason: 22% HP (20/88)
 20262 | Lair:4   | Danger: Low HP Warning |T3| Reason: 22% HP (20/88)
 20263 | Lair:4   | Danger: Low HP Warning |T3| Reason: 23% HP (21/88)
 20264 | Lair:4   | Danger: Low HP Warning |T3| Reason: 15% HP (14/88)
 20265 | Lair:4   | Danger: Low HP Warning |T3| Reason: 15% HP (14/88)
 20266 | Lair:4   | Danger: Low HP Warning |T3| Reason: 15% HP (14/88)
 20267 | Lair:4   | Danger: Low HP Warning |T3| Reason: 17% HP (15/88)
 20268 | Lair:4   | Danger: Low HP Warning |T3| Reason: 17% HP (15/88)
 20269 | Lair:4   | Danger: Low HP Warning |T3| Reason: 17% HP (15/88)
 20270 | Lair:4   | Danger: Low HP Warning |T3| Reason: 18% HP (16/88)
 20271 | Lair:4   | Danger: Low HP Warning |T3| Reason: 18% HP (16/88)
 20274 | Lair:4   | Danger: Low HP Warning |T3| Reason: 19% HP (17/88)
 20275 | Lair:4   | Danger: Low HP Warning |T3| Reason: 19% HP (17/88)
 20276 | Lair:4   | Danger: Low HP Warning |T3| Reason: 20% HP (18/88)
 20277 | Lair:4   | Danger: Low HP Warning |T3| Reason: 20% HP (18/88)
 20278 | Lair:4   | Danger: Low HP Warning |T3| Reason: 20% HP (18/88)
 20279 | Lair:4   | Danger: Low HP Warning |T3| Reason: 21% HP (19/88)
 20280 | Lair:4   | Danger: Low HP Warning |T3| Reason: 21% HP (19/88)
 20281 | Lair:4   | Danger: Low HP Warning |T3| Reason: 21% HP (19/88)
 20282 | Lair:4   | Danger: Low HP Warning |T3| Reason: 22% HP (20/88)
 20283 | Lair:4   | Danger: Low HP Warning |T3| Reason: 22% HP (20/88)
 20284 | Lair:4   | Danger: Low HP Warning |T3| Reason: 22% HP (20/88)
 20285 | Lair:4   | Danger: Low HP Warning |T3| Reason: 23% HP (21/88)
 20286 | Lair:4   | Danger: Low HP Warning |T3| Reason: 23% HP (21/88)
 20287 | Lair:4   | Danger: Low HP Warning |T3| Reason: 23% HP (21/88)
 20288 | Lair:4   | Danger: Low HP Warning |T3| Reason: 25% HP (22/88)
 20290 | Lair:4   | Danger: Low HP Warning |T3| Reason: 25% HP (22/88)
 20291 | Lair:4   | Danger: Low HP Warning |T2| Reason: 26% HP (23/88)
 20292 | Lair:4   | Danger: Low HP Warning |T2| Reason: 26% HP (23/88)
 20293 | Lair:4   | Danger: Low HP Warning |T2| Reason: 26% HP (23/88)
 20832 | Lair:4   | Reached skill level 15 in Dodging
 20993 | Lair:4   | Danger: rime drake |T2| Reason: Flash Freeze (3d13) and not
                  | rC+, careful!
 21370 | Lair:5   | Entered Level 5 of the Lair of Beasts
 21514 | Lair:4   | Reached skill level 16 in Dodging
 21582 | Lair:4   | Danger: Low HP Warning |T2| Reason: 56% HP (50/88)
 21583 | Lair:4   | Danger: Low HP Warning |T2| Reason: 56% HP (50/88)
 21584 | Lair:4   | Danger: Low HP Warning |T2| Reason: 56% HP (50/88)
 21585 | Lair:4   | Danger: Low HP Warning |T2| Reason: 56% HP (50/88)
 21586 | Lair:4   | Danger: Low HP Warning |T2| Reason: 56% HP (50/88)
 21587 | Lair:4   | Danger: Low HP Warning |T2| Reason: 57% HP (51/88)
 21814 | Lair:5   | Danger: basilisk |T3| Reason: Petrify and low Will
 21815 | Lair:5   | Danger: basilisk |T3| Reason: Petrify and low Will
 21816 | Lair:5   | Danger: basilisk |T3| Reason: Petrify and low Will
 21817 | Lair:5   | Danger: basilisk |T3| Reason: Petrify and low Will
 21818 | Lair:5   | Danger: basilisk |T3| Reason: Petrify and low Will
 21819 | Lair:5   | Danger: basilisk |T3| Reason: Petrify and low Will
 21820 | Lair:5   | Danger: basilisk |T3| Reason: Petrify and low Will
 21821 | Lair:5   | Danger: basilisk |T3| Reason: Petrify and low Will
 21822 | Lair:5   | Danger: basilisk |T3| Reason: Petrify and low Will
 21823 | Lair:5   | Danger: basilisk |T3| Reason: Petrify and low Will
 21824 | Lair:5   | Danger: basilisk |T3| Reason: Petrify and low Will
 21964 | Lair:5   | Danger: rime drake |T2| Reason: Flash Freeze (3d13) and not
                  | rC+, careful!
 22021 | Lair:5   | Danger: Low HP Warning |T2| Reason: 60% HP (53/88)
 22022 | Lair:5   | Danger: Low HP Warning |T2| Reason: 60% HP (53/88)
 22023 | Lair:5   | Danger: Low HP Warning |T2| Reason: 60% HP (53/88)
 22024 | Lair:5   | Danger: Low HP Warning |T2| Reason: 60% HP (53/88)
 22145 | Lair:5   | Reached XP level 15. HP: 92/92 MP: 18/18
 22152 | Lair:5   | Reached skill level 17 in Dodging
 22181 | Lair:5   | Danger: rime drake |T2| Reason: Flash Freeze (3d13) and not
                  | rC+, careful!
 22185 | Lair:5   | Danger: rime drake |T2| Reason: Flash Freeze (3d13) and not
                  | rC+, careful!
 22207 | Lair:5   | Danger: Low HP Warning |T2| Reason: 53% HP (49/92)
 22208 | Lair:5   | Danger: Low HP Warning |T2| Reason: 53% HP (49/92)
 22209 | Lair:5   | Danger: Low HP Warning |T2| Reason: 43% HP (40/92)
 22210 | Lair:5   | Danger: Low HP Warning |T2| Reason: 40% HP (37/92)
 22211 | Lair:5   | Danger: Low HP Warning |T2| Reason: 36% HP (34/92)
 22212 | Lair:5   | Danger: Low HP Warning |T2| Reason: 36% HP (34/92)
 22213 | Lair:5   | Danger: Low HP Warning |T2| Reason: 38% HP (35/92)
 22214 | Lair:5   | Danger: Low HP Warning |T3| Reason: 22% HP (21/92)
 22215 | Lair:5   | Danger: Low HP Warning |T3| Reason: 22% HP (21/92)
 22215 | Lair:5   | HP: 4/92 [skyshark (17)]
 22216 | Lair:5   | Danger: Low HP Warning |T3| Reason: 4% HP (4/92)
 22217 | Lair:5   | Danger: Low HP Warning |T3| Reason: 5% HP (5/92)
 22218 | Lair:5   | Danger: Low HP Warning |T3| Reason: 5% HP (5/92)
 22219 | Lair:5   | Danger: Low HP Warning |T3| Reason: 5% HP (5/92)
 22220 | Lair:5   | Danger: Low HP Warning |T3| Reason: 5% HP (5/92)
 22221 | Lair:5   | Danger: Low HP Warning |T3| Reason: 6% HP (6/92)
 22222 | Lair:5   | Danger: Low HP Warning |T3| Reason: 6% HP (6/92)
 22758 | Lair:5   | Danger: basilisk |T3| Reason: Petrify and low Will
 22759 | Lair:5   | Danger: basilisk |T3| Reason: Petrify and low Will
 22760 | Lair:5   | Danger: basilisk |T3| Reason: Petrify and low Will
 22777 | Lair:5   | Danger: basilisk |T3| Reason: Petrify and low Will
 22778 | Lair:5   | Danger: basilisk |T3| Reason: Petrify and low Will
 22779 | Lair:5   | Danger: basilisk |T3| Reason: Petrify and low Will
 22780 | Lair:5   | Danger: basilisk |T3| Reason: Petrify and low Will
 22781 | Lair:5   | Danger: basilisk |T3| Reason: Petrify and low Will
 22782 | Lair:5   | Danger: basilisk |T3| Reason: Petrify and low Will
 22783 | Lair:5   | Danger: basilisk |T3| Reason: Petrify and low Will
 22784 | Lair:5   | Danger: basilisk |T3| Reason: Petrify and low Will
 22785 | Lair:5   | Danger: basilisk |T3| Reason: Petrify and low Will
 22786 | Lair:5   | Danger: basilisk |T3| Reason: Petrify and low Will
 22787 | Lair:5   | Danger: basilisk |T3| Reason: Petrify and low Will
 22788 | Lair:5   | Danger: basilisk |T3| Reason: Petrify and low Will
 22789 | Lair:5   | Danger: basilisk |T3| Reason: Petrify and low Will
 23051 | Lair:5   | Reached skill level 18 in Dodging
 23171 | Lair:5   | Reached skill level 1 in Invocations
 23264 | Lair:5   | Found the +8 longbow "Zephyr" {speed, Dex+3 SInv}
 23272 | Lair:5   | Identified the +3 trident of Law {spect, Drain rN++ Stlth+}
 23304 | Lair:5   | Danger: Low HP Warning |T2| Reason: 53% HP (49/92)
 23305 | Lair:5   | Danger: Low HP Warning |T2| Reason: 53% HP (74/138)
 23306 | Lair:5   | Danger: Low HP Warning |T2| Reason: 53% HP (74/138)
 23307 | Lair:5   | Danger: Low HP Warning |T2| Reason: 53% HP (74/138)
 23308 | Lair:5   | Danger: Low HP Warning |T2| Reason: 54% HP (75/138)
 23309 | Lair:5   | Danger: Low HP Warning |T2| Reason: 54% HP (75/138)
 23310 | Lair:5   | Danger: Low HP Warning |T2| Reason: 54% HP (75/138)
 23311 | Lair:5   | Danger: Low HP Warning |T2| Reason: 54% HP (75/138)
 23312 | Lair:5   | Danger: Low HP Warning |T2| Reason: 55% HP (76/138)
 23416 | Lair:5   | Danger: Low HP Warning |T2| Reason: 59% HP (55/92)
 23417 | Lair:5   | Danger: Low HP Warning |T2| Reason: 59% HP (55/92)
 23418 | Lair:5   | Danger: Low HP Warning |T2| Reason: 60% HP (56/92)
 23419 | Lair:5   | Danger: Low HP Warning |T2| Reason: 60% HP (56/92)
 23420 | Lair:5   | Danger: Low HP Warning |T2| Reason: 60% HP (56/92)
 23625 | Lair:5   | Danger: Low HP Warning |T2| Reason: 60% HP (56/92)
 23626 | Lair:5   | Danger: Low HP Warning |T2| Reason: 60% HP (56/92)
 23627 | Lair:5   | Danger: Low HP Warning |T2| Reason: 60% HP (56/92)
 23628 | Lair:5   | Danger: Low HP Warning |T2| Reason: 60% HP (56/92)
 23905 | Lair:5   | Danger: electric eel |T2| Reason: Electrical Bolt and no
                  | rElec
 23908 | Lair:5   | Danger: electric eel |T2| Reason: Electrical Bolt and no
                  | rElec
 23914 | Lair:5   | Danger: electric eel |T2| Reason: Electrical Bolt and no
                  | rElec
 23925 | Lair:5   | Reached skill level 5 in Invocations
 23926 | Lair:5   | Danger: electric eel |T2| Reason: Electrical Bolt and no
                  | rElec
 24049 | Lair:5   | Danger: Low HP Warning |T2| Reason: 58% HP (54/92)
 24050 | Lair:5   | Danger: Low HP Warning |T2| Reason: 59% HP (55/92)
 24051 | Lair:5   | Danger: Low HP Warning |T2| Reason: 59% HP (55/92)
 24052 | Lair:5   | Danger: Low HP Warning |T2| Reason: 60% HP (56/92)
 24053 | Lair:5   | Danger: Low HP Warning |T2| Reason: 60% HP (56/92)
 24280 | Lair:5   | Found a viscous altar of Jiyva.
 24282 | Lair:5   | Found a staircase to the Slime Pits.
 24295 | Lair:5   | Danger: oklob plant |T2| Reason: Spit Acid deals more than
                  | 50% MHP!
 24295 | Lair:5   | Danger: oklob plant |T2| Reason: Spit Acid deals more than
                  | 50% MHP!
 24650 | D:12     | Danger: boggart simulacrum |T2| Reason: OOD monster,
                  | careful!
 24650 | D:12     | Danger: boggart simulacrum |T2| Reason: simulacrum and no
                  | rC, careful
 24770 | D:12     | Danger: cyclops |T2| Reason: Quivering large rocks, watch
                  | out!!
 24815 | D:12     | Danger: cyclops |T2| Reason: Quivering large rocks, watch
                  | out!!
 24878 | D:12     | Noticed Lodul
 24879 | D:12     | Danger: Lodul |T2| Reason: Unique monster, careful!
 24879 | D:12     | Danger: Lodul |T3| Reason: Call Down Lightning and no rElec
 24880 | D:12     | Danger: Lodul |T3| Reason: Call Down Lightning and no rElec
 24883 | D:12     | Danger: Lodul |T2| Reason: Unique monster, careful!
 24883 | D:12     | Danger: Lodul |T3| Reason: Call Down Lightning and no rElec
 24884 | D:12     | Danger: Lodul |T3| Reason: Call Down Lightning and no rElec
 24885 | D:12     | Danger: Lodul |T3| Reason: Call Down Lightning and no rElec
 24886 | D:12     | Danger: Lodul |T3| Reason: Call Down Lightning and no rElec
 24886 | D:12     | Killed Lodul
 24992 | D:12     | Noticed Maurice
 24993 | D:12     | Danger: Maurice |T2| Reason: Unique monster, careful!
 24993 | D:12     | Danger: Maurice |T2| Reason: carrying a wand of mindburst
                  | (4), careful!
 24994 | D:12     | Danger: Maurice |T2| Reason: carrying a wand of mindburst
                  | (3), careful!
 24995 | D:12     | Danger: Maurice |T2| Reason: carrying a wand of mindburst
                  | (2), careful!
 25004 | D:12     | Killed Maurice
 25227 | D:12     | Danger: cyclops |T2| Reason: Quivering large rocks, watch
                  | out!!
 25427 | D:12     | Danger: neqoxec |T2| Reason: Malmutator in LOS
 25427 | D:12     | Danger: neqoxec |T2| Reason: Malmutator in LOF!
 25462 | D:12     | Learned a level 4 spell: Cause Fear
 25619 | D:12     | Danger: hell hound |T2| Reason: Fire Breath and not rF+,
                  | careful
 25621 | D:12     | Danger: hell hound |T2| Reason: Fire Breath and not rF+,
                  | careful
 25621 | D:12     | Noticed Azrael
 25622 | D:12     | Danger: Azrael |T2| Reason: Unique monster, careful!
 25622 | D:12     | Danger: Azrael |T2| Reason: Fireball and not rF+, careful
 25622 | D:12     | Danger: Azrael |T2| Reason: Bolt of Fire and not rF+,
                  | careful
 25622 | D:12     | Danger: Azrael |T2| Reason: Damnation in LOS, careful!
 25622 | D:12     | Danger: Azrael |T2| Reason: Damnation (smite) in LOS, watch
                  | out!
 25622 | D:12     | Danger: Azrael |T2| Reason: Bolt of Fire deals more than
                  | 50% MHP!
 25622 | D:12     | Danger: Azrael |T2| Reason: Fireball deals more than 50%
                  | MHP!
 25622 | D:12     | Danger: Azrael |T2| Reason: Hurl Damnation deals more than
                  | 50% MHP!
 25622 | D:12     | Danger: hell hound |T2| Reason: Fire Breath and not rF+,
                  | careful
 25631 | D:12     | Danger: Low HP Warning |T2| Reason: 40% HP (37/92)
 25632 | D:12     | Danger: hell hound |T2| Reason: Fire Breath and not rF+,
                  | careful
 25632 | D:12     | Danger: Low HP Warning |T2| Reason: 40% HP (37/92)
 25633 | D:12     | Danger: Low HP Warning |T2| Reason: 40% HP (37/92)
 25633 | D:12     | Killed Azrael
 25634 | D:12     | Danger: Low HP Warning |T2| Reason: 40% HP (37/92)
 25635 | D:12     | Danger: hell hound |T2| Reason: Fire Breath and not rF+,
                  | careful
 25635 | D:12     | Danger: Low HP Warning |T2| Reason: 41% HP (38/92)
 25636 | D:12     | Danger: Low HP Warning |T2| Reason: 41% HP (38/92)
 25637 | D:12     | Danger: Low HP Warning |T3| Reason: 23% HP (22/92)
 25638 | D:12     | Danger: Low HP Warning |T3| Reason: 23% HP (22/92)
 25639 | D:12     | Danger: Low HP Warning |T3| Reason: 25% HP (23/92)
 25640 | D:12     | Danger: Low HP Warning |T3| Reason: 25% HP (23/92)
 25641 | D:12     | Danger: Low HP Warning |T3| Reason: 25% HP (23/92)
 25642 | D:12     | Danger: Low HP Warning |T3| Reason: 25% HP (23/92)
 25643 | D:12     | Danger: Low HP Warning |T3| Reason: 25% HP (23/92)
 25643 | D:12     | HP: 4/92 [hell hound/blast of flame[Azrael] (15)]
 25644 | D:12     | Danger: Low HP Warning |T3| Reason: 4% HP (4/92)
 25645 | D:12     | Danger: Low HP Warning |T3| Reason: 14% HP (13/92)
 25646 | D:12     | Danger: Low HP Warning |T3| Reason: 19% HP (18/92)
 25647 | D:12     | Danger: Low HP Warning |T3| Reason: 20% HP (19/92)
 26535 | D:13     | Noticed Frances
 26536 | D:13     | Danger: Frances |T2| Reason: Unique monster, careful!
 26536 | D:13     | Danger: Frances |T2| Reason: Throw Icicle deals more than
                  | 50% MHP!
 26536 | D:13     | Danger: Frances |T2| Reason: Leda's Unmaking deals more
                  | than 50% MHP!
 26546 | D:13     | Danger: Low HP Warning |T2| Reason: 43% HP (40/92)
 26547 | D:13     | Danger: Low HP Warning |T2| Reason: 43% HP (40/92)
 26548 | D:13     | Danger: Low HP Warning |T2| Reason: 43% HP (40/92)
 26549 | D:13     | Danger: Low HP Warning |T2| Reason: 43% HP (40/92)
 26550 | D:13     | Danger: Low HP Warning |T2| Reason: 43% HP (40/92)
 26551 | D:13     | Danger: Low HP Warning |T2| Reason: 40% HP (37/92)
 26551 | D:13     | Killed Frances
 26743 | D:13     | Danger: cyclops |T2| Reason: Quivering large rocks, watch
                  | out!!
 26746 | D:13     | Reached skill level 10 in Invocations
 26897 | D:13     | Reached XP level 16. HP: 97/97 MP: 23/23
 26923 | D:13     | Danger: deep elf pyromancer |T2| Reason: Bolt of Fire deals
                  | more than 50% MHP!
 27317 | D:14     | Danger: freezing wraith |T2| Reason: OOD monster, careful!
 27326 | D:14     | Danger: freezing wraith |T2| Reason: OOD monster, careful!
 27491 | D:14     | Danger: Low HP Warning |T2| Reason: 58% HP (57/97)
 27492 | D:14     | Danger: Low HP Warning |T2| Reason: 58% HP (57/97)
 27493 | D:14     | Danger: Low HP Warning |T2| Reason: 59% HP (58/97)
 27494 | D:14     | Danger: Low HP Warning |T2| Reason: 59% HP (58/97)
 27495 | D:14     | Danger: Low HP Warning |T2| Reason: 59% HP (58/97)
 27496 | D:14     | Danger: Low HP Warning |T2| Reason: 59% HP (58/97)
 27497 | D:14     | Danger: Low HP Warning |T2| Reason: 49% HP (48/97)
 27498 | D:14     | Danger: Low HP Warning |T2| Reason: 49% HP (48/97)
 27499 | D:14     | Danger: Low HP Warning |T2| Reason: 45% HP (44/97)
 27500 | D:14     | Danger: Low HP Warning |T2| Reason: 45% HP (44/97)
 27501 | D:14     | Danger: Low HP Warning |T2| Reason: 46% HP (45/97)
 27502 | D:14     | Danger: Low HP Warning |T2| Reason: 38% HP (37/97)
 27503 | D:14     | Danger: Low HP Warning |T2| Reason: 38% HP (37/97)
 27504 | D:14     | Danger: Low HP Warning |T2| Reason: 38% HP (37/97)
 27505 | D:14     | Danger: Low HP Warning |T2| Reason: 38% HP (37/97)
 27506 | D:14     | Danger: Low HP Warning |T2| Reason: 39% HP (38/97)
 27507 | D:14     | Danger: Low HP Warning |T2| Reason: 39% HP (38/97)
 27508 | D:14     | Danger: Low HP Warning |T2| Reason: 39% HP (38/97)
 27509 | D:14     | Danger: Low HP Warning |T2| Reason: 39% HP (38/97)
 27510 | D:14     | Danger: Low HP Warning |T2| Reason: 39% HP (38/97)
 27511 | D:14     | Danger: Low HP Warning |T2| Reason: 40% HP (39/97)
 27512 | D:14     | Danger: Low HP Warning |T2| Reason: 40% HP (39/97)
 27513 | D:14     | Danger: Low HP Warning |T2| Reason: 40% HP (39/97)
 27514 | D:14     | Danger: Low HP Warning |T2| Reason: 40% HP (39/97)
 27515 | D:14     | Danger: Low HP Warning |T2| Reason: 40% HP (39/97)
 27775 | D:14     | Danger: kobold brigand |T2| Reason: carrying a wand of
                  | flame (2), careful!
 27842 | D:14     | Danger: wizard |T3| Reason: Banishment and low Will
 27842 | D:14     | Danger: wizard |T2| Reason: Fireball deals more than 50%
                  | MHP!
 27843 | D:14     | Danger: wizard |T3| Reason: Banishment and low Will
 27844 | D:14     | Danger: wizard |T3| Reason: Banishment and low Will
 27845 | D:14     | Danger: wizard |T3| Reason: Banishment and low Will
 27954 | D:14     | Danger: basilisk |T3| Reason: Petrify and low Will
 27955 | D:14     | Danger: basilisk |T3| Reason: Petrify and low Will
 27956 | D:14     | Danger: basilisk |T3| Reason: Petrify and low Will
 27957 | D:14     | Danger: basilisk |T3| Reason: Petrify and low Will
 27958 | D:14     | Danger: basilisk |T3| Reason: Petrify and low Will
 27959 | D:14     | Danger: basilisk |T3| Reason: Petrify and low Will
 27960 | D:14     | Danger: basilisk |T3| Reason: Petrify and low Will
 27961 | D:14     | Danger: basilisk |T3| Reason: Petrify and low Will
 28132 | D:14     | Danger: freezing wraith |T2| Reason: OOD monster, careful!
 28141 | D:14     | Found a gate to the Vaults.
 28469 | Orc:1    | Entered Level 1 of the Orcish Mines
 28505 | Orc:1    | Danger: orc sorcerer |T3| Reason: Paralyse and low Will
 28505 | Orc:1    | Danger: orc sorcerer |T2| Reason: Bolt of Fire deals more
                  | than 50% MHP!
 28505 | Orc:1    | Danger: orc sorcerer |T2| Reason: Bolt of Draining deals
                  | more than 50% MHP!
 28507 | Orc:1    | Danger: orc sorcerer |T3| Reason: Paralyse and low Will
 28508 | Orc:1    | Danger: orc sorcerer |T3| Reason: Paralyse and low Will
 28550 | Orc:1    | Danger: orc warrior |T2| Reason: Quivering boomerangs,
                  | careful!
 28680 | Orc:1    | You fall into a shaft and drop 1 floor!
 28680 | Orc:1    | Danger: Shafted! |T3| Reason: Shafted!
 28680 | Orc:2    | Entered Level 2 of the Orcish Mines
 28681 | Orc:2    | Found Cimpoq's Book Emporium.
 28725 | Orc:1    | Noticed Jorgrun
 28726 | Orc:1    | Danger: Jorgrun |T3| Reason: Petrify and low Will
 28726 | Orc:1    | Danger: Jorgrun |T2| Reason: Unique monster, careful!
 28726 | Orc:1    | Danger: Jorgrun |T2| Reason: Lee's Rapid Deconstruction
                  | deals more than 50% MHP!
 28726 | Orc:1    | Danger: Jorgrun |T2| Reason: Leda's Unmaking deals more
                  | than 50% MHP!
 28727 | Orc:1    | Danger: Jorgrun |T3| Reason: Petrify and low Will
 28728 | Orc:1    | Danger: Jorgrun |T3| Reason: Petrify and low Will
 28729 | Orc:1    | Danger: Jorgrun |T3| Reason: Petrify and low Will
 28730 | Orc:1    | Danger: Jorgrun |T3| Reason: Petrify and low Will
 28731 | Orc:1    | Danger: Jorgrun |T3| Reason: Petrify and low Will
 28732 | Orc:1    | Danger: Jorgrun |T3| Reason: Petrify and low Will
 28733 | Orc:1    | Danger: Jorgrun |T3| Reason: Petrify and low Will
 28734 | Orc:1    | Danger: Jorgrun |T3| Reason: Petrify and low Will
 28735 | Orc:1    | Danger: Jorgrun |T3| Reason: Petrify and low Will
 28735 | Orc:1    | Killed Jorgrun
 29073 | Orc:1    | Danger: orc warrior |T2| Reason: Quivering boomerangs,
                  | careful!
 29317 | Orc:2    | Found a staircase to the Elven Halls.
 29445 | Orc:2    | Danger: orc sorcerer |T3| Reason: Paralyse and low Will
 29445 | Orc:2    | Danger: orc sorcerer |T2| Reason: Bolt of Fire deals more
                  | than 50% MHP!
 29445 | Orc:2    | Danger: orc sorcerer |T2| Reason: Bolt of Draining deals
                  | more than 50% MHP!
 29447 | Orc:2    | Danger: orc sorcerer |T3| Reason: Paralyse and low Will
 29448 | Orc:2    | Danger: orc sorcerer |T3| Reason: Paralyse and low Will
 29570 | Orc:2    | Danger: orc sorcerer |T3| Reason: Paralyse and low Will
 29570 | Orc:2    | Danger: orc sorcerer |T2| Reason: Bolt of Fire deals more
                  | than 50% MHP!
 29570 | Orc:2    | Danger: orc sorcerer |T2| Reason: Bolt of Draining deals
                  | more than 50% MHP!
 29571 | Orc:2    | Danger: orc sorcerer |T3| Reason: Paralyse and low Will
 29572 | Orc:2    | Danger: orc sorcerer |T3| Reason: Paralyse and low Will
 29573 | Orc:2    | Danger: orc sorcerer |T3| Reason: Paralyse and low Will
 29574 | Orc:2    | Danger: orc sorcerer |T3| Reason: Paralyse and low Will
 29574 | Orc:2    | Paralysed by an orc sorcerer for 5 turns
 29577 | Orc:2    | Reached skill level 1 in Shields
 29600 | Orc:2    | Danger: orc sorcerer |T3| Reason: Paralyse and low Will
 29600 | Orc:2    | Danger: orc sorcerer |T2| Reason: Bolt of Fire deals more
                  | than 50% MHP!
 29600 | Orc:2    | Danger: orc sorcerer |T2| Reason: Bolt of Draining deals
                  | more than 50% MHP!
 29602 | Orc:2    | Danger: orc sorcerer |T3| Reason: Paralyse and low Will
 29602 | Orc:2    | Danger: orc sorcerer |T2| Reason: Bolt of Fire deals more
                  | than 50% MHP!
 29602 | Orc:2    | Danger: orc sorcerer |T2| Reason: Bolt of Draining deals
                  | more than 50% MHP!
 29602 | Orc:2    | Danger: orc sorcerer |T3| Reason: Paralyse and low Will
 29603 | Orc:2    | Danger: orc sorcerer |T3| Reason: Paralyse and low Will
 29603 | Orc:2    | Danger: orc sorcerer |T3| Reason: Paralyse and low Will
 29604 | Orc:2    | Danger: neqoxec |T2| Reason: Malmutator in LOS
 29604 | Orc:2    | Danger: orc sorcerer |T3| Reason: Paralyse and low Will
 29604 | Orc:2    | Danger: orc sorcerer |T3| Reason: Paralyse and low Will
 29608 | Orc:2    | Noticed Urug
 29609 | Orc:2    | Danger: Urug |T2| Reason: Quivering javelins, watch out!
 29609 | Orc:2    | Danger: Urug |T2| Reason: Unique monster, careful!
 29685 | Orc:2    | Danger: orc sorcerer |T3| Reason: Paralyse and low Will
 29685 | Orc:2    | Danger: orc sorcerer |T2| Reason: Bolt of Fire deals more
                  | than 50% MHP!
 29685 | Orc:2    | Danger: orc sorcerer |T2| Reason: Bolt of Draining deals
                  | more than 50% MHP!
 29686 | Orc:2    | Danger: orc sorcerer |T3| Reason: Paralyse and low Will
 29687 | Orc:2    | Danger: orc sorcerer |T3| Reason: Paralyse and low Will
 29688 | Orc:2    | Danger: orc sorcerer |T3| Reason: Paralyse and low Will
 29689 | Orc:2    | Danger: orc sorcerer |T3| Reason: Paralyse and low Will
 29690 | Orc:2    | Danger: orc sorcerer |T3| Reason: Paralyse and low Will
 29691 | Orc:2    | Danger: orc sorcerer |T3| Reason: Paralyse and low Will
 29692 | Orc:2    | Danger: orc sorcerer |T3| Reason: Paralyse and low Will
 29693 | Orc:2    | Danger: orc sorcerer |T3| Reason: Paralyse and low Will
 29694 | Orc:2    | Danger: orc sorcerer |T3| Reason: Paralyse and low Will
 29695 | Orc:2    | Danger: orc sorcerer |T3| Reason: Paralyse and low Will
 29696 | Orc:2    | Danger: orc sorcerer |T3| Reason: Paralyse and low Will
 29697 | Orc:2    | Danger: orc sorcerer |T3| Reason: Paralyse and low Will
 29698 | Orc:2    | Danger: orc sorcerer |T3| Reason: Paralyse and low Will
 29699 | Orc:2    | Danger: orc sorcerer |T3| Reason: Paralyse and low Will
 29700 | Orc:2    | Danger: orc sorcerer |T3| Reason: Paralyse and low Will
 29701 | Orc:2    | Danger: orc sorcerer |T3| Reason: Paralyse and low Will
 29890 | Orc:2    | Danger: Urug |T2| Reason: Quivering javelins, watch out!
 29890 | Orc:2    | Danger: Urug |T2| Reason: Unique monster, careful!
 29901 | Orc:2    | Danger: orc sorcerer |T3| Reason: Paralyse and low Will
 29901 | Orc:2    | Danger: orc sorcerer |T2| Reason: Bolt of Fire deals more
                  | than 50% MHP!
 29901 | Orc:2    | Danger: orc sorcerer |T2| Reason: Bolt of Draining deals
                  | more than 50% MHP!
 29902 | Orc:2    | Danger: orc sorcerer |T3| Reason: Paralyse and low Will
 29903 | Orc:2    | Danger: orc sorcerer |T3| Reason: Paralyse and low Will
 29904 | Orc:2    | Danger: orc sorcerer |T3| Reason: Paralyse and low Will
 29905 | Orc:2    | Danger: orc sorcerer |T3| Reason: Paralyse and low Will
 29905 | Orc:2    | Danger: orc sorcerer |T2| Reason: Bolt of Fire deals more
                  | than 50% MHP!
 29905 | Orc:2    | Danger: orc sorcerer |T2| Reason: Bolt of Draining deals
                  | more than 50% MHP!
 29905 | Orc:2    | Danger: orc sorcerer |T3| Reason: Paralyse and low Will
 29906 | Orc:2    | Danger: orc sorcerer |T3| Reason: Paralyse and low Will
 29906 | Orc:2    | Danger: orc sorcerer |T3| Reason: Paralyse and low Will
 29907 | Orc:2    | Danger: orc sorcerer |T3| Reason: Paralyse and low Will
 29907 | Orc:2    | Danger: orc sorcerer |T3| Reason: Paralyse and low Will
 29908 | Orc:2    | Danger: orc sorcerer |T3| Reason: Paralyse and low Will
 29909 | Orc:2    | Danger: orc sorcerer |T3| Reason: Paralyse and low Will
 29910 | Orc:2    | Danger: orc sorcerer |T3| Reason: Paralyse and low Will
 29911 | Orc:2    | Danger: orc sorcerer |T3| Reason: Paralyse and low Will
 29912 | Orc:2    | Danger: orc sorcerer |T3| Reason: Paralyse and low Will
 29913 | Orc:2    | Danger: orc sorcerer |T3| Reason: Paralyse and low Will
 29913 | Orc:2    | Killed Urug
 29914 | Orc:2    | Danger: orc sorcerer |T3| Reason: Paralyse and low Will
 29914 | Orc:2    | Danger: Low HP Warning |T2| Reason: 55% HP (54/97)
 29915 | Orc:2    | Danger: Low HP Warning |T2| Reason: 56% HP (55/97)
 29916 | Orc:2    | Danger: Low HP Warning |T2| Reason: 56% HP (55/97)
 29917 | Orc:2    | Danger: Low HP Warning |T2| Reason: 56% HP (55/97)
 29918 | Orc:2    | Danger: Low HP Warning |T2| Reason: 57% HP (56/97)
 29920 | Orc:1    | Danger: Low HP Warning |T2| Reason: 58% HP (57/97)
 29921 | Orc:1    | Danger: Low HP Warning |T2| Reason: 58% HP (57/97)
 29922 | Orc:1    | Danger: Low HP Warning |T2| Reason: 58% HP (57/97)
 29923 | Orc:1    | Danger: Low HP Warning |T2| Reason: 58% HP (57/97)
 29924 | Orc:1    | Danger: Low HP Warning |T2| Reason: 58% HP (57/97)
 29925 | Orc:1    | Danger: Low HP Warning |T2| Reason: 58% HP (57/97)
 29926 | Orc:1    | Danger: Low HP Warning |T2| Reason: 59% HP (58/97)
 29927 | Orc:1    | Danger: Low HP Warning |T2| Reason: 59% HP (58/97)
 29928 | Orc:1    | Danger: Low HP Warning |T2| Reason: 59% HP (58/97)
 29929 | Orc:1    | Danger: Low HP Warning |T2| Reason: 59% HP (58/97)
 30043 | Orc:2    | Danger: orc sorcerer |T3| Reason: Paralyse and low Will
 30043 | Orc:2    | Danger: orc sorcerer |T2| Reason: Bolt of Fire deals more
                  | than 50% MHP!
 30043 | Orc:2    | Danger: orc sorcerer |T2| Reason: Bolt of Draining deals
                  | more than 50% MHP!
 30044 | Orc:2    | Danger: orc sorcerer |T3| Reason: Paralyse and low Will
 30208 | Orc:2    | Danger: Low HP Warning |T2| Reason: 58% HP (57/97)
 30209 | Orc:2    | Danger: Low HP Warning |T2| Reason: 58% HP (57/97)
 30210 | Orc:2    | Danger: Low HP Warning |T2| Reason: 58% HP (57/97)
 30218 | Orc:2    | Danger: Low HP Warning |T2| Reason: 60% HP (53/88)
 30219 | Orc:2    | Danger: Low HP Warning |T2| Reason: 60% HP (53/88)
 30222 | Orc:2    | Danger: Low HP Warning |T2| Reason: 60% HP (53/87)
 30223 | Orc:2    | Danger: Low HP Warning |T2| Reason: 60% HP (53/87)
 30224 | Orc:2    | Danger: Low HP Warning |T2| Reason: 60% HP (53/87)
 30228 | Orc:2    | Danger: Low HP Warning |T2| Reason: 56% HP (48/85)
 30229 | Orc:2    | Danger: Low HP Warning |T2| Reason: 56% HP (48/85)
 30230 | Orc:2    | Danger: Low HP Warning |T2| Reason: 56% HP (48/85)
 30231 | Orc:2    | Danger: Low HP Warning |T2| Reason: 56% HP (49/87)
 30232 | Orc:2    | Danger: Low HP Warning |T2| Reason: 56% HP (49/87)
 30233 | Orc:2    | Danger: Low HP Warning |T2| Reason: 56% HP (49/87)
 30234 | Orc:2    | Danger: Low HP Warning |T2| Reason: 56% HP (49/87)
 30235 | Orc:2    | Danger: Low HP Warning |T2| Reason: 56% HP (49/87)
 30236 | Orc:2    | Danger: Low HP Warning |T2| Reason: 57% HP (50/87)
 30237 | Orc:2    | Danger: Low HP Warning |T2| Reason: 57% HP (50/87)
 30238 | Orc:2    | Danger: Low HP Warning |T2| Reason: 57% HP (50/87)
 30239 | Orc:2    | Danger: Low HP Warning |T2| Reason: 56% HP (50/88)
 30240 | Orc:2    | Danger: Low HP Warning |T2| Reason: 56% HP (50/88)
 30241 | Orc:2    | Danger: Low HP Warning |T2| Reason: 56% HP (50/88)
 30242 | Orc:2    | Danger: Low HP Warning |T2| Reason: 57% HP (51/88)
 30243 | Orc:2    | Danger: Low HP Warning |T2| Reason: 57% HP (51/88)
 30244 | Orc:2    | Danger: Low HP Warning |T2| Reason: 57% HP (51/88)
 30245 | Orc:2    | Danger: Low HP Warning |T2| Reason: 57% HP (51/88)
 30246 | Orc:2    | Danger: Low HP Warning |T2| Reason: 57% HP (51/88)
 30247 | Orc:2    | Danger: Low HP Warning |T2| Reason: 59% HP (52/88)
 30248 | Orc:2    | Danger: Low HP Warning |T2| Reason: 59% HP (52/88)
 30249 | Orc:2    | Danger: Low HP Warning |T2| Reason: 59% HP (52/88)
 30250 | Orc:2    | Danger: Low HP Warning |T2| Reason: 59% HP (52/88)
 30251 | Orc:2    | Danger: Low HP Warning |T2| Reason: 59% HP (52/88)
 30252 | Orc:2    | Danger: Low HP Warning |T2| Reason: 60% HP (53/88)
 30253 | Orc:2    | Danger: Low HP Warning |T2| Reason: 60% HP (53/88)
 30254 | Orc:2    | Danger: Low HP Warning |T2| Reason: 60% HP (53/88)
 30255 | Orc:2    | Danger: Low HP Warning |T2| Reason: 60% HP (53/88)
 30256 | Orc:2    | Danger: Low HP Warning |T2| Reason: 60% HP (53/88)
 30260 | Orc:2    | Danger: Low HP Warning |T2| Reason: 56% HP (49/86)
 30261 | Orc:2    | Danger: Low HP Warning |T2| Reason: 56% HP (49/86)
 30489 | Orc:2    | Found Fesoacoa's Antique Weapon Emporium.
 30500 | Orc:2    | Danger: orc sorcerer |T3| Reason: Paralyse and low Will
 30500 | Orc:2    | Danger: orc sorcerer |T2| Reason: Bolt of Fire deals more
                  | than 50% MHP!
 30500 | Orc:2    | Danger: orc sorcerer |T2| Reason: Bolt of Draining deals
                  | more than 50% MHP!
 30501 | Orc:2    | Danger: orc sorcerer |T3| Reason: Paralyse and low Will
 30502 | Orc:2    | Danger: orc sorcerer |T3| Reason: Paralyse and low Will
 30503 | Orc:2    | Danger: orc sorcerer |T3| Reason: Paralyse and low Will
 30504 | Orc:2    | Danger: orc sorcerer |T3| Reason: Paralyse and low Will
 30505 | Orc:2    | Danger: orc sorcerer |T3| Reason: Paralyse and low Will
 30506 | Orc:2    | Danger: orc sorcerer |T3| Reason: Paralyse and low Will
 30507 | Orc:2    | Danger: orc sorcerer |T3| Reason: Paralyse and low Will
 30508 | Orc:2    | Danger: orc sorcerer |T3| Reason: Paralyse and low Will
 30509 | Orc:2    | Danger: orc sorcerer |T3| Reason: Paralyse and low Will
 30517 | Orc:2    | Found Sierhov's General Store.
 30554 | Orc:2    | Bought a book of Burglary for 200 gold pieces
 30565 | Orc:2    | Found Sygess's Antique Armour Emporium.
 30570 | Orc:2    | Bought a pair of runed gloves for 300 gold pieces
 30586 | Orc:2    | Bought a crude robe for 228 gold pieces
 30586 | Orc:2    | Identified the +1 robe "Rugiemud" {rElec rPois Regen+
                  | Str-2} (You bought it in a shop on level 2 of the Orcish
                  | Mines)
 30589 | Orc:2    | Bought a runed scarf for 320 gold pieces
 31088 | Orc:2    | Bought a scroll of revelation for 120 gold pieces
 31088 | Orc:2    | Bought a scroll of teleportation for 48 gold pieces
 31088 | Orc:2    | Bought a wand of mindburst (4) for 89 gold pieces
 31088 | Orc:2    | Bought a box of beasts for 640 gold pieces
 31088 | Orc:2    | Bought a scroll of silence for 152 gold pieces
 31439 | D:15     | Entered Level 15 of the Dungeon
 31501 | D:15     | Noticed Nessos
 31502 | D:15     | Danger: Nessos |T2| Reason: Unique monster, careful!
 31505 | D:15     | Killed Nessos
 31522 | D:15     | Acquired the +3 Mad Mage's Maulers {Infuse+∞ VampMP -Cast}
 31522 | D:15     | Found the +3 Mad Mage's Maulers {Infuse+∞ VampMP -Cast}
 31548 | D:15     | Danger: cyclops |T2| Reason: Quivering large rocks, watch
                  | out!!
 31642 | D:15     | Danger: cyclops |T2| Reason: Quivering large rocks, watch
                  | out!!
 31652 | D:15     | Reached skill level 5 in Shields
 31834 | D:15     | Danger: cyclops |T2| Reason: Quivering large rocks, watch
                  | out!!
 32268 | D:15     | Danger: wolf spider |T2| Reason: OOD monster, careful!
 32376 | D:15     | Danger: orc warrior |T2| Reason: Quivering boomerangs,
                  | careful!
 32384 | D:15     | Danger: Low HP Warning |T2| Reason: 56% HP (55/97)
 32385 | D:15     | Danger: Low HP Warning |T2| Reason: 55% HP (54/97)
 32386 | D:15     | Danger: Low HP Warning |T2| Reason: 55% HP (54/97)
 32387 | D:15     | Danger: Low HP Warning |T2| Reason: 55% HP (54/97)
 32388 | D:15     | Danger: Low HP Warning |T2| Reason: 54% HP (53/97)
 32389 | D:15     | Danger: Low HP Warning |T2| Reason: 54% HP (53/97)
 32390 | D:15     | Danger: Low HP Warning |T2| Reason: 53% HP (52/97)
 32391 | D:15     | Danger: Low HP Warning |T2| Reason: 53% HP (52/97)
 32392 | D:15     | Danger: orc warrior |T2| Reason: Quivering boomerangs,
                  | careful!
 32392 | D:15     | Danger: Low HP Warning |T2| Reason: 53% HP (52/97)
 32393 | D:15     | Danger: Low HP Warning |T2| Reason: 52% HP (51/97)
 32394 | D:15     | Danger: Low HP Warning |T2| Reason: 52% HP (51/97)
 32395 | D:15     | Danger: Low HP Warning |T2| Reason: 51% HP (50/97)
 32396 | D:15     | Danger: Low HP Warning |T2| Reason: 52% HP (51/97)
 32397 | D:15     | Danger: Low HP Warning |T2| Reason: 52% HP (51/97)
 32398 | D:15     | Danger: Low HP Warning |T2| Reason: 52% HP (51/97)
 32399 | D:15     | Danger: Low HP Warning |T2| Reason: 52% HP (51/97)
 32400 | D:15     | Danger: Low HP Warning |T2| Reason: 53% HP (52/97)
 32401 | D:15     | Danger: Low HP Warning |T2| Reason: 53% HP (52/97)
 32402 | D:15     | Danger: Low HP Warning |T2| Reason: 53% HP (52/97)
 32403 | D:15     | Danger: Low HP Warning |T2| Reason: 53% HP (52/97)
 32404 | D:15     | Danger: Low HP Warning |T2| Reason: 53% HP (52/97)
 32405 | D:15     | Danger: Low HP Warning |T2| Reason: 53% HP (52/97)
 32406 | D:15     | Danger: Low HP Warning |T2| Reason: 54% HP (53/97)
 32407 | D:15     | Danger: Low HP Warning |T2| Reason: 54% HP (53/97)
 32408 | D:15     | Danger: Low HP Warning |T2| Reason: 55% HP (54/97)
 32409 | D:15     | Danger: Low HP Warning |T2| Reason: 55% HP (54/97)
 32410 | D:15     | Danger: Low HP Warning |T2| Reason: 55% HP (54/97)
 32411 | D:15     | Danger: Low HP Warning |T2| Reason: 55% HP (54/97)
 32412 | D:15     | Danger: Low HP Warning |T2| Reason: 43% HP (42/97)
 33805 | D:15     | Found a staircase to the Depths.
 33806 | D:15     | Danger: stone giant |T2| Reason: Quivering large rocks,
                  | watch out!!
 33806 | D:15     | Danger: stone giant |T2| Reason: OOD monster, careful!
 34060 | Spider:1 | Entered Level 1 of the Spider Nest
 34086 | Spider:1 | Danger: Low HP Warning |T2| Reason: 48% HP (47/97)
 34087 | Spider:1 | Danger: Low HP Warning |T2| Reason: 48% HP (47/97)
 34088 | Spider:1 | Reached XP level 17. HP: 49/102 MP: 0/24
 34088 | Spider:1 | Danger: Low HP Warning |T2| Reason: 48% HP (49/102)
 34089 | Spider:1 | Danger: Low HP Warning |T2| Reason: 37% HP (38/102)
 34090 | Spider:1 | Danger: Low HP Warning |T2| Reason: 37% HP (38/102)
 34091 | Spider:1 | Danger: Low HP Warning |T2| Reason: 37% HP (38/102)
 34092 | Spider:1 | Danger: Low HP Warning |T2| Reason: 37% HP (38/102)
 34093 | Spider:1 | Danger: Low HP Warning |T2| Reason: 37% HP (38/102)
 34094 | Spider:1 | Danger: Low HP Warning |T2| Reason: 38% HP (39/102)
 34095 | Spider:1 | Danger: Low HP Warning |T2| Reason: 32% HP (33/102)
 34096 | Spider:1 | Danger: Low HP Warning |T2| Reason: 29% HP (30/102)
 34098 | Spider:1 | Danger: Low HP Warning |T2| Reason: 28% HP (29/102)
 34099 | Spider:1 | Danger: Low HP Warning |T3| Reason: 24% HP (25/102)
 34100 | Spider:1 | Danger: Low HP Warning |T3| Reason: 25% HP (26/102)
 34101 | Spider:1 | Danger: Low HP Warning |T2| Reason: 31% HP (32/102)
 34102 | Spider:1 | Danger: Low HP Warning |T3| Reason: 21% HP (22/102)
 34103 | Spider:1 | Danger: Low HP Warning |T3| Reason: 22% HP (23/102)
 34104 | Spider:1 | Danger: Low HP Warning |T3| Reason: 22% HP (23/102)
 34105 | Spider:1 | Danger: Low HP Warning |T3| Reason: 22% HP (23/102)
 34106 | Spider:1 | Danger: Low HP Warning |T3| Reason: 15% HP (16/102)
 34114 | Spider:1 | Danger: Low HP Warning |T2| Reason: 42% HP (43/102)
 34116 | Spider:1 | Danger: Low HP Warning |T2| Reason: 43% HP (44/102)
 34117 | Spider:1 | Danger: Low HP Warning |T2| Reason: 43% HP (44/102)
 34118 | Spider:1 | Danger: Low HP Warning |T2| Reason: 43% HP (44/102)
 34119 | Spider:1 | Danger: Low HP Warning |T2| Reason: 43% HP (44/102)
 34120 | Spider:1 | Danger: Low HP Warning |T2| Reason: 43% HP (44/102)
 34121 | Spider:1 | Danger: Low HP Warning |T2| Reason: 43% HP (44/102)
 34122 | Spider:1 | Danger: Low HP Warning |T2| Reason: 40% HP (41/102)
 34123 | Spider:1 | Danger: Low HP Warning |T2| Reason: 41% HP (42/102)
 34124 | Spider:1 | Danger: Low HP Warning |T2| Reason: 41% HP (42/102)
 34125 | Spider:1 | Danger: Low HP Warning |T2| Reason: 41% HP (42/102)
 34126 | Spider:1 | Danger: Low HP Warning |T2| Reason: 41% HP (42/102)
 34452 | Spider:1 | Danger: orb spider |T2| Reason: Orb of Destruction deals
                  | more than 50% MHP!
 34933 | Spider:1 | Identified the +0 ring mail of the Moon {Int+4}
 35456 | Spider:1 | Identified Roxanne's Spellbook of Transfiguration
 35456 | Spider:1 | Noticed Roxanne
 35457 | Spider:1 | Danger: Roxanne |T2| Reason: Unique monster, careful!
 35457 | Spider:1 | Danger: Roxanne |T3| Reason: Bolt of Magma (irresistible
                  | ~3d30+ equivalent) and not rF+++, watch out!
 35457 | Spider:1 | Danger: Roxanne |T2| Reason: Bolt of Magma deals more than
                  | 50% MHP!
 35457 | Spider:1 | Danger: Roxanne |T2| Reason: Leda's Unmaking deals more
                  | than 50% MHP!
 35457 | Spider:1 | Danger: Roxanne |T2| Reason: Lehudib's Crystal Spear deals
                  | more than 50% MHP!
 35457 | Spider:1 | Danger: Low HP Warning |T2| Reason: 46% HP (47/102)
 35459 | Spider:1 | Danger: Low HP Warning |T2| Reason: 46% HP (47/102)
 35460 | Spider:1 | Danger: Low HP Warning |T2| Reason: 47% HP (48/102)
 35461 | Spider:1 | Danger: Low HP Warning |T2| Reason: 45% HP (46/102)
 35462 | Spider:1 | Danger: Low HP Warning |T2| Reason: 45% HP (46/102)
 35634 | Spider:1 | Identified the +6 scale mail of the Boiling Point {rPois
                  | rF+}
 35681 | Spider:1 | Identified the +6 kite shield of Vait {rElec rCorr}
 36313 | Spider:2 | Danger: jorogumo |T2| Reason: Bolt of Draining deals more
                  | than 50% MHP!
 36490 | Spider:2 | Danger: jorogumo |T2| Reason: Bolt of Draining deals more
                  | than 50% MHP!
 36491 | Spider:2 | Noticed Arachne
 36492 | Spider:2 | Danger: Arachne |T2| Reason: Unique monster, careful!
 36492 | Spider:2 | Danger: Arachne |T2| Reason: Venom Bolt deals more than 50%
                  | MHP!
 36492 | Spider:2 | Danger: Arachne |T2| Reason: Poison Arrow deals more than
                  | 50% MHP!
 36500 | Spider:2 | Danger: Arachne |T2| Reason: Unique monster, careful!
 36500 | Spider:2 | Danger: Arachne |T2| Reason: Venom Bolt deals more than 50%
                  | MHP!
 36500 | Spider:2 | Danger: Arachne |T2| Reason: Poison Arrow deals more than
                  | 50% MHP!
 36502 | Spider:2 | Danger: Arachne |T2| Reason: Unique monster, careful!
 36502 | Spider:2 | Danger: Arachne |T2| Reason: Venom Bolt deals more than 50%
                  | MHP!
 36502 | Spider:2 | Danger: Arachne |T2| Reason: Poison Arrow deals more than
                  | 50% MHP!
 36510 | Spider:2 | Danger: Arachne |T2| Reason: Unique monster, careful!
 36510 | Spider:2 | Danger: Arachne |T2| Reason: Venom Bolt deals more than 50%
                  | MHP!
 36510 | Spider:2 | Danger: Arachne |T2| Reason: Poison Arrow deals more than
                  | 50% MHP!
 36517 | Spider:2 | Danger: Low HP Warning |T2| Reason: 51% HP (51/99)
 36518 | Spider:2 | Danger: Low HP Warning |T2| Reason: 45% HP (45/99)
 36519 | Spider:2 | Danger: Low HP Warning |T2| Reason: 37% HP (37/99)
 36520 | Spider:2 | Danger: Low HP Warning |T2| Reason: 37% HP (37/99)
 36521 | Spider:2 | Danger: Low HP Warning |T2| Reason: 38% HP (38/99)
 36522 | Spider:2 | Danger: Low HP Warning |T2| Reason: 38% HP (38/99)
 36523 | Spider:2 | Danger: Low HP Warning |T3| Reason: 25% HP (25/99)
 36524 | Spider:2 | Danger: Low HP Warning |T3| Reason: 24% HP (24/99)
 36525 | Spider:2 | Danger: Low HP Warning |T3| Reason: 24% HP (24/99)
 36526 | Spider:2 | Danger: Low HP Warning |T3| Reason: 21% HP (21/99)
 36527 | Spider:2 | Danger: Low HP Warning |T3| Reason: 21% HP (21/99)
 36528 | Spider:2 | Danger: Low HP Warning |T3| Reason: 21% HP (21/99)
 36529 | Spider:2 | Danger: Low HP Warning |T3| Reason: 22% HP (22/99)
 36530 | Spider:2 | Danger: Low HP Warning |T3| Reason: 22% HP (22/99)
 36531 | Spider:2 | Danger: Arachne |T2| Reason: Unique monster, careful!
 36531 | Spider:2 | Danger: Arachne |T2| Reason: Venom Bolt deals more than 50%
                  | MHP!
 36531 | Spider:2 | Danger: Arachne |T2| Reason: Poison Arrow deals more than
                  | 50% MHP!
 36531 | Spider:2 | Danger: Low HP Warning |T3| Reason: 16% HP (16/99)
 36532 | Spider:2 | Danger: Low HP Warning |T3| Reason: 10% HP (10/99)
 36533 | Spider:2 | Danger: Low HP Warning |T3| Reason: 9% HP (9/99)
 36534 | Spider:2 | Danger: Low HP Warning |T3| Reason: 19% HP (19/99)
 36535 | Spider:2 | Danger: Low HP Warning |T3| Reason: 20% HP (20/99)
 36536 | Spider:2 | Danger: Low HP Warning |T3| Reason: 20% HP (20/99)
 36536 | Spider:2 | HP: 4/99 [Arachne/staff of poison (5)]
 36537 | Spider:2 | Danger: Low HP Warning |T3| Reason: 4% HP (4/99)
 36739 | Spider:2 | Danger: Low HP Warning |T2| Reason: 50% HP (50/100)
 36740 | Spider:2 | Danger: Low HP Warning |T2| Reason: 50% HP (50/100)
 36910 | Spider:2 | Danger: jorogumo |T2| Reason: Bolt of Draining deals more
                  | than 50% MHP!
 36931 | Spider:2 | Danger: jorogumo |T2| Reason: Bolt of Draining deals more
                  | than 50% MHP!
 37240 | Spider:2 | Danger: Low HP Warning |T2| Reason: 51% HP (53/102)
 37241 | Spider:2 | Danger: Low HP Warning |T2| Reason: 51% HP (53/102)
 37242 | Spider:2 | Danger: Low HP Warning |T2| Reason: 52% HP (54/102)
 37243 | Spider:2 | Danger: Low HP Warning |T2| Reason: 52% HP (54/102)
 37244 | Spider:2 | Danger: Low HP Warning |T2| Reason: 52% HP (54/102)
 37245 | Spider:2 | Danger: Low HP Warning |T2| Reason: 53% HP (55/102)
 37246 | Spider:2 | Danger: Low HP Warning |T2| Reason: 53% HP (55/102)
 37247 | Spider:2 | Danger: Low HP Warning |T2| Reason: 53% HP (55/102)
 37248 | Spider:2 | Danger: Low HP Warning |T2| Reason: 44% HP (45/102)
 37249 | Spider:2 | Danger: Low HP Warning |T2| Reason: 33% HP (34/102)
 37250 | Spider:2 | Danger: Low HP Warning |T2| Reason: 33% HP (34/102)
 37251 | Spider:2 | Danger: Arachne |T2| Reason: Unique monster, careful!
 37251 | Spider:2 | Danger: Arachne |T2| Reason: Venom Bolt deals more than 50%
                  | MHP!
 37251 | Spider:2 | Danger: Arachne |T2| Reason: Poison Arrow deals more than
                  | 50% MHP!
 37251 | Spider:2 | Danger: Low HP Warning |T3| Reason: 21% HP (22/102)
 37252 | Spider:2 | Danger: Low HP Warning |T3| Reason: 21% HP (22/102)
 37253 | Spider:2 | Danger: Low HP Warning |T3| Reason: 22% HP (23/102)
 37254 | Spider:2 | Danger: Low HP Warning |T3| Reason: 22% HP (23/102)
 37255 | Spider:2 | Danger: Low HP Warning |T3| Reason: 22% HP (23/102)
 37715 | Spider:2 | Danger: Arachne |T2| Reason: Unique monster, careful!
 37715 | Spider:2 | Danger: Arachne |T2| Reason: Venom Bolt deals more than 50%
                  | MHP!
 37715 | Spider:2 | Danger: Arachne |T2| Reason: Poison Arrow deals more than
                  | 50% MHP!
 37722 | Spider:2 | Killed Arachne
 37977 | Spider:2 | Danger: Low HP Warning |T2| Reason: 56% HP (58/102)
 37978 | Spider:2 | Danger: Low HP Warning |T2| Reason: 57% HP (59/102)
 37979 | Spider:2 | Danger: Low HP Warning |T2| Reason: 48% HP (49/102)
 37980 | Spider:2 | Danger: Low HP Warning |T2| Reason: 48% HP (49/102)
 37981 | Spider:2 | Danger: Low HP Warning |T2| Reason: 48% HP (49/102)
 37982 | Spider:2 | Danger: Low HP Warning |T2| Reason: 41% HP (42/102)
 37983 | Spider:2 | Danger: Low HP Warning |T2| Reason: 41% HP (42/102)
 37984 | Spider:2 | Danger: Low HP Warning |T2| Reason: 39% HP (40/102)
 37985 | Spider:2 | Danger: Low HP Warning |T2| Reason: 39% HP (40/102)
 37986 | Spider:2 | Danger: Low HP Warning |T2| Reason: 39% HP (40/102)
 37987 | Spider:2 | Danger: Low HP Warning |T2| Reason: 39% HP (40/102)
 37988 | Spider:2 | Danger: Low HP Warning |T2| Reason: 39% HP (40/102)
 37989 | Spider:2 | Danger: Low HP Warning |T2| Reason: 39% HP (40/102)
 37990 | Spider:2 | Danger: Low HP Warning |T2| Reason: 40% HP (41/102)
 37991 | Spider:2 | Danger: Low HP Warning |T2| Reason: 40% HP (41/102)
 37992 | Spider:2 | Danger: Low HP Warning |T2| Reason: 40% HP (41/102)
 37993 | Spider:2 | Danger: Low HP Warning |T2| Reason: 41% HP (42/102)
 37994 | Spider:2 | Danger: Low HP Warning |T2| Reason: 41% HP (42/102)
 37995 | Spider:2 | Danger: Low HP Warning |T2| Reason: 41% HP (42/102)
 37996 | Spider:2 | Danger: Low HP Warning |T2| Reason: 41% HP (42/102)
 37997 | Spider:2 | Danger: Low HP Warning |T2| Reason: 42% HP (43/102)
 37998 | Spider:2 | Danger: Low HP Warning |T2| Reason: 42% HP (43/102)
 37999 | Spider:2 | Danger: Low HP Warning |T2| Reason: 29% HP (30/102)
 38000 | Spider:2 | Danger: Low HP Warning |T2| Reason: 29% HP (30/102)
 38001 | Spider:2 | Danger: Low HP Warning |T2| Reason: 30% HP (31/102)
 38002 | Spider:2 | Danger: Low HP Warning |T2| Reason: 30% HP (31/102)
 38003 | Spider:2 | Danger: Low HP Warning |T2| Reason: 30% HP (31/102)
 38004 | Spider:2 | Danger: Low HP Warning |T2| Reason: 29% HP (30/102)
 38005 | Spider:2 | Danger: Low HP Warning |T2| Reason: 30% HP (31/102)
 38006 | Spider:2 | Danger: Low HP Warning |T2| Reason: 30% HP (31/102)
 38007 | Spider:2 | Danger: Low HP Warning |T2| Reason: 30% HP (31/102)
 38008 | Spider:2 | Danger: Low HP Warning |T2| Reason: 30% HP (31/102)
 38009 | Spider:2 | Danger: Low HP Warning |T2| Reason: 31% HP (32/102)
 38010 | Spider:2 | Danger: Low HP Warning |T2| Reason: 31% HP (32/102)
 38011 | Spider:2 | Danger: Low HP Warning |T2| Reason: 31% HP (32/102)
 38012 | Spider:2 | Danger: Low HP Warning |T2| Reason: 31% HP (32/102)
 38013 | Spider:2 | Danger: Low HP Warning |T2| Reason: 27% HP (28/102)
 38014 | Spider:2 | Danger: Low HP Warning |T2| Reason: 28% HP (29/102)
 38015 | Spider:2 | Danger: Low HP Warning |T2| Reason: 28% HP (29/102)
 38016 | Spider:2 | Danger: Low HP Warning |T2| Reason: 28% HP (29/102)
 38017 | Spider:2 | Danger: Low HP Warning |T2| Reason: 29% HP (30/102)
 38034 | Spider:2 | Danger: Low HP Warning |T2| Reason: 35% HP (36/102)
 38508 | Spider:2 | Reached skill level 5 in Spellcasting
 39736 | Spider:3 | Danger: orb spider |T2| Reason: Orb of Destruction deals
                  | more than 50% MHP!
 39751 | Spider:3 | Danger: Low HP Warning |T2| Reason: 59% HP (59/100)
 39752 | Spider:3 | Danger: Low HP Warning |T2| Reason: 56% HP (56/100)
 39753 | Spider:3 | Danger: Low HP Warning |T2| Reason: 54% HP (54/100)
 39754 | Spider:3 | Danger: Low HP Warning |T2| Reason: 51% HP (51/100)
 39756 | Spider:3 | Danger: Low HP Warning |T2| Reason: 44% HP (45/102)
 39757 | Spider:3 | Danger: Low HP Warning |T2| Reason: 44% HP (45/102)
 39758 | Spider:3 | Danger: Low HP Warning |T2| Reason: 42% HP (43/102)
 39759 | Spider:3 | Danger: Low HP Warning |T2| Reason: 41% HP (42/102)
 40297 | Spider:3 | Found a transporter.
 40299 | Spider:3 | Found a transporter.
 40604 | Spider:3 | Danger: jorogumo |T2| Reason: Bolt of Draining deals more
                  | than 50% MHP!
 40628 | Spider:3 | Danger: jorogumo |T2| Reason: Bolt of Draining deals more
                  | than 50% MHP!
 40641 | Spider:3 | Danger: Low HP Warning |T2| Reason: 48% HP (48/100)
 40642 | Spider:3 | Danger: Low HP Warning |T2| Reason: 44% HP (44/100)
 40643 | Spider:3 | Danger: Low HP Warning |T2| Reason: 37% HP (37/100)
 40644 | Spider:3 | Danger: Low HP Warning |T2| Reason: 43% HP (43/100)
 40645 | Spider:3 | Danger: Low HP Warning |T2| Reason: 44% HP (44/100)
 40646 | Spider:3 | Danger: Low HP Warning |T2| Reason: 45% HP (45/100)
 40647 | Spider:3 | Danger: Low HP Warning |T2| Reason: 45% HP (45/100)
 41210 | Spider:3 | Got the +1 pair of boots of the Shrieking God {rN+ Slay+4}
 41478 | Spider:4 | Entered Level 4 of the Spider Nest
 41504 | Spider:4 | Danger: orb spider |T2| Reason: Orb of Destruction deals
                  | more than 50% MHP!
 41542 | Spider:4 | Danger: Low HP Warning |T2| Reason: 59% HP (61/103)
 41543 | Spider:4 | Danger: Low HP Warning |T2| Reason: 59% HP (61/103)
 41544 | Spider:4 | Danger: Low HP Warning |T2| Reason: 60% HP (62/103)
 41545 | Spider:4 | Danger: Low HP Warning |T2| Reason: 60% HP (62/103)
 41546 | Spider:4 | Danger: Low HP Warning |T2| Reason: 60% HP (62/103)
 41826 | Spider:4 | Danger: orb spider |T2| Reason: Orb of Destruction deals
                  | more than 50% MHP!
 41838 | Spider:4 | Danger: orb spider |T2| Reason: Orb of Destruction deals
                  | more than 50% MHP!
 41865 | Spider:4 | Danger: Low HP Warning |T2| Reason: 57% HP (60/104)
 41866 | Spider:4 | Danger: Low HP Warning |T2| Reason: 58% HP (61/104)
 41867 | Spider:4 | Danger: Low HP Warning |T2| Reason: 58% HP (61/104)
 41868 | Spider:4 | Danger: Low HP Warning |T2| Reason: 48% HP (50/104)
 41869 | Spider:4 | Danger: Low HP Warning |T2| Reason: 48% HP (50/104)
 41870 | Spider:4 | Danger: Low HP Warning |T2| Reason: 49% HP (51/104)
 41871 | Spider:4 | Danger: Low HP Warning |T2| Reason: 49% HP (51/104)
 41872 | Spider:4 | Danger: Low HP Warning |T2| Reason: 49% HP (51/104)
 41873 | Spider:4 | Danger: Low HP Warning |T2| Reason: 43% HP (45/104)
 41874 | Spider:4 | Danger: Low HP Warning |T2| Reason: 44% HP (46/104)
 41875 | Spider:4 | Danger: Low HP Warning |T2| Reason: 44% HP (46/104)
 41876 | Spider:4 | Danger: Low HP Warning |T2| Reason: 44% HP (46/104)
 41877 | Spider:4 | Danger: orb spider |T2| Reason: Orb of Destruction deals
                  | more than 50% MHP!
 41877 | Spider:4 | Danger: Low HP Warning |T2| Reason: 45% HP (47/104)
 41878 | Spider:4 | Danger: radroach |T2| Reason: Irradiate deals more than 50%
                  | MHP!
 41878 | Spider:4 | Danger: Low HP Warning |T2| Reason: 45% HP (47/104)
 41879 | Spider:4 | Danger: Low HP Warning |T2| Reason: 45% HP (47/104)
 41880 | Spider:4 | Danger: Low HP Warning |T2| Reason: 46% HP (48/104)
 41881 | Spider:4 | Danger: Low HP Warning |T2| Reason: 46% HP (48/104)
 41882 | Spider:4 | Danger: Low HP Warning |T2| Reason: 46% HP (48/104)
 41883 | Spider:4 | Danger: Low HP Warning |T2| Reason: 47% HP (49/104)
 41884 | Spider:4 | Danger: Low HP Warning |T2| Reason: 47% HP (49/104)
 41885 | Spider:4 | Danger: Low HP Warning |T2| Reason: 47% HP (49/104)
 41887 | Spider:4 | Danger: Low HP Warning |T2| Reason: 48% HP (50/104)
 41888 | Spider:4 | Danger: Low HP Warning |T2| Reason: 48% HP (50/104)
 41889 | Spider:4 | Danger: Low HP Warning |T2| Reason: 43% HP (45/104)
 41890 | Spider:4 | Danger: Low HP Warning |T2| Reason: 38% HP (40/104)
 41891 | Spider:4 | Danger: Low HP Warning |T2| Reason: 38% HP (40/104)
 41892 | Spider:4 | Danger: Low HP Warning |T2| Reason: 39% HP (41/104)
 42288 | Spider:4 | Identified the +9 shortbow of Hospitality {freeze, rPois
                  | rN+ Str-4 Dex+6}
 42356 | Spider:4 | Reached XP level 18. HP: 105/110 MP: 2/30
 43615 | Spider:4 | Danger: orb spider |T2| Reason: Orb of Destruction deals
                  | more than 50% MHP!
 43630 | Spider:4 | Danger: orb spider |T2| Reason: Orb of Destruction deals
                  | more than 50% MHP!
 43641 | Spider:4 | Danger: orb spider |T2| Reason: Orb of Destruction deals
                  | more than 50% MHP!
 43645 | Spider:4 | Danger: orb spider |T2| Reason: Orb of Destruction deals
                  | more than 50% MHP!
 43743 | Spider:4 | Identified the +11 quarterstaff "Melor" {freeze, rElec
                  | rPois rCorr}
 44122 | Spider:4 | Danger: Low HP Warning |T2| Reason: 59% HP (67/113)
 44123 | Spider:4 | Danger: Low HP Warning |T2| Reason: 59% HP (67/113)
 44124 | Spider:4 | Danger: Low HP Warning |T2| Reason: 60% HP (68/113)
 44125 | Spider:4 | Danger: Low HP Warning |T2| Reason: 40% HP (46/113)
 44126 | Spider:4 | Danger: Low HP Warning |T2| Reason: 41% HP (47/113)
 44127 | Spider:4 | Danger: Low HP Warning |T2| Reason: 41% HP (47/113)
 44128 | Spider:4 | Danger: Low HP Warning |T2| Reason: 41% HP (47/113)
 44129 | Spider:4 | Danger: Low HP Warning |T2| Reason: 42% HP (48/113)
 44130 | Spider:4 | Danger: Low HP Warning |T2| Reason: 42% HP (48/113)
 44131 | Spider:4 | Danger: Low HP Warning |T2| Reason: 43% HP (49/113)
 44132 | Spider:4 | Danger: Low HP Warning |T2| Reason: 43% HP (49/113)
 44133 | Spider:4 | Danger: Low HP Warning |T2| Reason: 43% HP (49/113)
 44134 | Spider:4 | Danger: Low HP Warning |T2| Reason: 44% HP (50/113)
 44135 | Spider:4 | Danger: Low HP Warning |T2| Reason: 44% HP (50/113)
 44136 | Spider:4 | Danger: Low HP Warning |T2| Reason: 44% HP (50/113)
 44137 | Spider:4 | Danger: Low HP Warning |T2| Reason: 45% HP (51/113)
 44138 | Spider:4 | Danger: Low HP Warning |T2| Reason: 45% HP (51/113)
 44139 | Spider:4 | Danger: Low HP Warning |T2| Reason: 45% HP (51/113)
 44140 | Spider:4 | Danger: Low HP Warning |T2| Reason: 45% HP (51/113)
 44141 | Spider:4 | Danger: Low HP Warning |T2| Reason: 46% HP (52/113)
 44142 | Spider:4 | Danger: Low HP Warning |T2| Reason: 46% HP (52/113)
 44695 | Spider:4 | Danger: sun moth |T2| Reason: Energy Bolt deals more than
                  | 50% MHP!
 44721 | Spider:4 | Danger: Low HP Warning |T2| Reason: 57% HP (65/114)
 44722 | Spider:4 | Danger: Low HP Warning |T2| Reason: 56% HP (64/114)
 44723 | Spider:4 | Danger: Low HP Warning |T2| Reason: 56% HP (64/114)
 44724 | Spider:4 | Danger: Low HP Warning |T2| Reason: 54% HP (62/114)
 44725 | Spider:4 | Danger: Low HP Warning |T2| Reason: 42% HP (48/114)
 44726 | Spider:4 | Danger: Low HP Warning |T2| Reason: 41% HP (47/114)
 44727 | Spider:4 | Danger: Low HP Warning |T2| Reason: 41% HP (47/114)
 44728 | Spider:4 | Danger: Low HP Warning |T2| Reason: 41% HP (47/114)
 44729 | Spider:4 | Danger: Low HP Warning |T2| Reason: 41% HP (47/114)
 44730 | Spider:4 | Danger: Low HP Warning |T2| Reason: 42% HP (48/114)
 44731 | Spider:4 | Danger: Low HP Warning |T2| Reason: 42% HP (48/114)
 44732 | Spider:4 | Danger: Low HP Warning |T2| Reason: 42% HP (48/114)
 44733 | Spider:4 | Danger: Low HP Warning |T2| Reason: 42% HP (49/114)
 44734 | Spider:4 | Danger: Low HP Warning |T2| Reason: 42% HP (49/114)
 44735 | Spider:4 | Danger: Low HP Warning |T2| Reason: 42% HP (49/114)
 44736 | Spider:4 | Danger: Low HP Warning |T2| Reason: 42% HP (49/114)
 44737 | Spider:4 | Danger: Low HP Warning |T2| Reason: 43% HP (50/114)
 44738 | Spider:4 | Danger: Low HP Warning |T2| Reason: 43% HP (50/114)
 44739 | Spider:4 | Danger: Low HP Warning |T2| Reason: 44% HP (51/114)
 44740 | Spider:4 | Danger: Low HP Warning |T2| Reason: 44% HP (51/114)
 44741 | Spider:4 | Danger: Low HP Warning |T2| Reason: 44% HP (51/114)
 44742 | Spider:4 | Danger: Low HP Warning |T2| Reason: 45% HP (52/114)
 44743 | Spider:4 | Danger: Low HP Warning |T2| Reason: 43% HP (50/114)
 44744 | Spider:4 | Danger: Low HP Warning |T2| Reason: 43% HP (50/114)
 44771 | Spider:4 | Danger: orb spider |T2| Reason: Orb of Destruction deals
                  | more than 50% MHP!
 44771 | Spider:4 | Danger: Low HP Warning |T2| Reason: 53% HP (61/114)
 44772 | Spider:4 | Danger: Low HP Warning |T2| Reason: 53% HP (61/114)
 44773 | Spider:4 | Danger: Low HP Warning |T2| Reason: 53% HP (61/114)
 44779 | Spider:4 | Danger: Low HP Warning |T2| Reason: 56% HP (64/114)
 44780 | Spider:4 | Danger: Low HP Warning |T2| Reason: 56% HP (64/114)
 44781 | Spider:4 | Danger: Low HP Warning |T2| Reason: 56% HP (64/114)
 44782 | Spider:4 | Danger: Low HP Warning |T2| Reason: 57% HP (65/114)
 44908 | Spider:4 | Danger: sun moth |T2| Reason: Energy Bolt deals more than
                  | 50% MHP!
 45008 | Spider:4 | Danger: Low HP Warning |T2| Reason: 60% HP (69/115)
 45009 | Spider:4 | Danger: Low HP Warning |T2| Reason: 58% HP (67/115)
 45010 | Spider:4 | Danger: Low HP Warning |T2| Reason: 46% HP (54/115)
 45011 | Spider:4 | Danger: Low HP Warning |T2| Reason: 46% HP (53/115)
 45012 | Spider:4 | Danger: Low HP Warning |T2| Reason: 44% HP (51/115)
 45013 | Spider:4 | Danger: Low HP Warning |T2| Reason: 33% HP (39/115)
 45014 | Spider:4 | Danger: Low HP Warning |T3| Reason: 20% HP (24/115)
 45015 | Spider:4 | Danger: Low HP Warning |T3| Reason: 21% HP (25/115)
 45016 | Spider:4 | Danger: Low HP Warning |T2| Reason: 27% HP (32/115)
 45017 | Spider:4 | Danger: Low HP Warning |T2| Reason: 28% HP (33/116)
 45018 | Spider:4 | Danger: Low HP Warning |T3| Reason: 25% HP (30/116)
 45019 | Spider:4 | Danger: Low HP Warning |T3| Reason: 25% HP (30/116)
 45020 | Spider:4 | Danger: Low HP Warning |T3| Reason: 24% HP (28/116)
 45021 | Spider:4 | Danger: Low HP Warning |T3| Reason: 24% HP (28/116)
 45022 | Spider:4 | Danger: Low HP Warning |T3| Reason: 24% HP (28/116)
 45023 | Spider:4 | Danger: Low HP Warning |T3| Reason: 23% HP (27/116)
 45024 | Spider:4 | Danger: Low HP Warning |T3| Reason: 24% HP (28/116)
 45025 | Spider:4 | Danger: Low HP Warning |T3| Reason: 24% HP (28/116)
 45026 | Spider:4 | Danger: Low HP Warning |T3| Reason: 24% HP (28/116)
 45027 | Spider:4 | Danger: Low HP Warning |T3| Reason: 12% HP (14/116)
 45028 | Spider:4 | Danger: Low HP Warning |T3| Reason: 12% HP (15/116)
 45029 | Spider:4 | Danger: Low HP Warning |T3| Reason: 12% HP (15/116)
 45030 | Spider:4 | Danger: Low HP Warning |T3| Reason: 12% HP (15/116)
 45091 | Spider:4 | Danger: Low HP Warning |T2| Reason: 33% HP (39/116)
 45098 | Spider:4 | Danger: Low HP Warning |T2| Reason: 36% HP (42/116)
 45663 | Spider:4 | Danger: orb spider |T2| Reason: Orb of Destruction deals
                  | more than 50% MHP!
 45672 | Spider:4 | Danger: orb spider |T2| Reason: Orb of Destruction deals
                  | more than 50% MHP!
 45674 | Spider:4 | Danger: orb spider |T2| Reason: Orb of Destruction deals
                  | more than 50% MHP!
 45676 | Spider:4 | Danger: Low HP Warning |T2| Reason: 56% HP (66/116)
 45677 | Spider:4 | Danger: Low HP Warning |T2| Reason: 56% HP (66/116)
 45678 | Spider:4 | Danger: Low HP Warning |T2| Reason: 50% HP (58/116)
 45679 | Spider:4 | Danger: Low HP Warning |T2| Reason: 50% HP (58/116)
 45680 | Spider:4 | Danger: Low HP Warning |T2| Reason: 38% HP (45/116)
 45681 | Spider:4 | Danger: Low HP Warning |T2| Reason: 38% HP (45/116)
 45682 | Spider:4 | Danger: Low HP Warning |T2| Reason: 31% HP (36/116)
 45683 | Spider:4 | Danger: Low HP Warning |T2| Reason: 31% HP (37/116)
 45732 | Spider:4 | Danger: Low HP Warning |T2| Reason: 48% HP (56/116)
 45733 | Spider:4 | Danger: Low HP Warning |T2| Reason: 48% HP (56/116)
 45734 | Spider:4 | Danger: Low HP Warning |T2| Reason: 49% HP (57/116)
 45735 | Spider:4 | Danger: Low HP Warning |T2| Reason: 44% HP (52/116)
 45736 | Spider:4 | Danger: Low HP Warning |T2| Reason: 39% HP (46/116)
 45737 | Spider:4 | Danger: Low HP Warning |T2| Reason: 40% HP (47/116)
 45738 | Spider:4 | Danger: Low HP Warning |T2| Reason: 40% HP (47/116)
 45742 | Spider:4 | Danger: Low HP Warning |T2| Reason: 41% HP (48/116)
 45743 | Spider:4 | Danger: Low HP Warning |T2| Reason: 41% HP (48/116)
 45744 | Spider:4 | Danger: Low HP Warning |T2| Reason: 42% HP (49/116)
 45745 | Spider:4 | Danger: Low HP Warning |T2| Reason: 36% HP (42/116)
 45746 | Spider:4 | Danger: Low HP Warning |T2| Reason: 37% HP (43/116)
 46193 | Spider:4 | Got a gossamer rune of Zot
 46905 | Spider:4 | Danger: orb spider |T2| Reason: Orb of Destruction deals
                  | more than 50% MHP!
 47384 | Shoals:1 | Entered Level 1 of the Shoals
 47424 | Shoals:1 | Danger: dream sheep |T2| Reason: Irresistible Dream Dust
                  | (4%), watch out!
 47427 | Shoals:1 | Danger: cyclops |T2| Reason: Quivering large rocks, watch
                  | out!!
 47429 | Shoals:1 | Danger: dream sheep |T2| Reason: Irresistible Dream Dust
                  | (4%), watch out!
 48477 | Shoals:1 | Reached skill level 15 in Fighting
 48591 | Shoals:1 | Danger: dream sheep |T2| Reason: Irresistible Dream Dust
                  | (4%), watch out!
 48593 | Shoals:1 | Danger: dream sheep |T2| Reason: Irresistible Dream Dust
                  | (52%), watch out!
 48593 | Shoals:1 | Danger: dream sheep |T2| Reason: Irresistible Dream Dust
                  | (52%), watch out!
 48600 | Shoals:1 | Danger: dream sheep |T2| Reason: Irresistible Dream Dust
                  | (76%), watch out!
 48600 | Shoals:1 | Danger: dream sheep |T2| Reason: Irresistible Dream Dust
                  | (76%), watch out!
 48600 | Shoals:1 | Danger: dream sheep |T2| Reason: Irresistible Dream Dust
                  | (76%), watch out!
 48600 | Shoals:1 | Danger: dream sheep |T2| Reason: Irresistible Dream Dust
                  | (76%), watch out!
 48601 | Shoals:1 | Danger: dream sheep |T2| Reason: Irresistible Dream Dust
                  | (68%), watch out!
 48601 | Shoals:1 | Danger: dream sheep |T2| Reason: Irresistible Dream Dust
                  | (68%), watch out!
 48601 | Shoals:1 | Danger: dream sheep |T2| Reason: Irresistible Dream Dust
                  | (68%), watch out!
 48605 | Shoals:1 | Danger: dream sheep |T2| Reason: Irresistible Dream Dust
                  | (52%), watch out!
 48605 | Shoals:1 | Danger: dream sheep |T2| Reason: Irresistible Dream Dust
                  | (52%), watch out!
 48610 | Shoals:1 | Danger: dream sheep |T2| Reason: Irresistible Dream Dust
                  | (4%), watch out!
 48852 | Shoals:1 | Danger: cyclops |T2| Reason: Quivering large rocks, watch
                  | out!!
 50020 | Shoals:2 | Got the Compilation of Shapes and Effluvium
 50224 | Shoals:2 | Danger: Low HP Warning |T2| Reason: 59% HP (71/119)
 50225 | Shoals:2 | Danger: Low HP Warning |T2| Reason: 59% HP (71/119)
 50226 | Shoals:2 | Danger: Low HP Warning |T2| Reason: 59% HP (71/119)
 50227 | Shoals:2 | Danger: Low HP Warning |T2| Reason: 60% HP (72/119)
 50228 | Shoals:2 | Danger: Low HP Warning |T2| Reason: 60% HP (72/119)
 50229 | Shoals:2 | Danger: Low HP Warning |T2| Reason: 60% HP (72/119)
 50230 | Shoals:2 | Danger: Low HP Warning |T2| Reason: 60% HP (72/119)
 50746 | Shoals:2 | Danger: merfolk javelineer |T2| Reason: Quivering javelins,
                  | watch out!
 50747 | Shoals:2 | Noticed Ilsuiw
 50748 | Shoals:2 | Danger: Ilsuiw |T2| Reason: Unique monster, careful!
 50748 | Shoals:2 | Danger: Ilsuiw |T2| Reason: Throw Icicle deals more than
                  | 50% MHP!
 50756 | Shoals:2 | Danger: Ilsuiw |T2| Reason: Unique monster, careful!
 50756 | Shoals:2 | Danger: Ilsuiw |T2| Reason: Throw Icicle deals more than
                  | 50% MHP!
 50760 | Shoals:2 | Danger: Ilsuiw |T2| Reason: Unique monster, careful!
 50760 | Shoals:2 | Danger: Ilsuiw |T2| Reason: Throw Icicle deals more than
                  | 50% MHP!
 50766 | Shoals:2 | Danger: Ilsuiw |T2| Reason: Unique monster, careful!
 50766 | Shoals:2 | Danger: Ilsuiw |T2| Reason: Throw Icicle deals more than
                  | 50% MHP!
 50767 | Shoals:2 | Danger: merfolk |T3| Reason: Quivering throwing nets, watch
                  | out!
 50868 | Shoals:2 | Danger: Ilsuiw |T2| Reason: Unique monster, careful!
 50868 | Shoals:2 | Danger: Ilsuiw |T2| Reason: Throw Icicle deals more than
                  | 50% MHP!
 50986 | Shoals:2 | Danger: Ilsuiw |T2| Reason: Unique monster, careful!
 50986 | Shoals:2 | Danger: Ilsuiw |T2| Reason: Throw Icicle deals more than
                  | 50% MHP!
 51067 | Shoals:2 | Danger: Ilsuiw |T2| Reason: Unique monster, careful!
 51067 | Shoals:2 | Danger: Ilsuiw |T2| Reason: Throw Icicle deals more than
                  | 50% MHP!
 51073 | Shoals:2 | Killed Ilsuiw
 51458 | Shoals:2 | Danger: Low HP Warning |T2| Reason: 57% HP (68/119)
 51459 | Shoals:2 | Danger: Low HP Warning |T2| Reason: 57% HP (68/119)
 51460 | Shoals:2 | Danger: Low HP Warning |T2| Reason: 57% HP (69/119)
 51461 | Shoals:2 | Danger: Low HP Warning |T2| Reason: 57% HP (69/119)
 51462 | Shoals:2 | Danger: Low HP Warning |T2| Reason: 57% HP (69/119)
 51463 | Shoals:2 | Danger: Low HP Warning |T2| Reason: 50% HP (60/119)
 51464 | Shoals:2 | Danger: Low HP Warning |T2| Reason: 34% HP (41/119)
 51465 | Shoals:2 | Danger: Low HP Warning |T2| Reason: 35% HP (42/119)
 51466 | Shoals:2 | Danger: Low HP Warning |T2| Reason: 26% HP (32/119)
 51467 | Shoals:2 | Danger: Low HP Warning |T2| Reason: 27% HP (33/119)
 51468 | Shoals:2 | Danger: Low HP Warning |T2| Reason: 27% HP (33/119)
 51469 | Shoals:2 | Danger: Low HP Warning |T2| Reason: 27% HP (33/119)
 51993 | Shoals:2 | Reached XP level 19. HP: 107/124 MP: 1/31
 52435 | Shoals:3 | Found Iddih's Distillery.
 52440 | Shoals:3 | Bought a potion of curing for 51 gold pieces
 52440 | Shoals:3 | Bought a potion of haste for 170 gold pieces
 52440 | Shoals:3 | Bought 2 potions of heal wounds for 170 gold pieces
 52440 | Shoals:3 | Bought a potion of invisibility for 136 gold pieces
 52440 | Shoals:3 | Bought a potion of might for 68 gold pieces
 52440 | Shoals:3 | Bought a potion of might for 68 gold pieces
 52755 | Shoals:3 | Danger: merfolk |T2| Reason: Quivering boomerangs, careful!
 52768 | Shoals:3 | Danger: merfolk |T2| Reason: Quivering boomerangs, careful!
 53112 | Shoals:3 | Danger: merfolk |T3| Reason: Quivering throwing nets, watch
                  | out!
 53113 | Shoals:3 | Danger: merfolk |T3| Reason: Quivering throwing nets, watch
                  | out!
 53114 | Shoals:3 | Danger: merfolk |T3| Reason: Quivering throwing nets, watch
                  | out!
 53115 | Shoals:3 | Danger: merfolk |T3| Reason: Quivering throwing nets, watch
                  | out!
 53116 | Shoals:3 | Danger: merfolk |T3| Reason: Quivering throwing nets, watch
                  | out!
 53117 | Shoals:3 | Danger: merfolk |T3| Reason: Quivering throwing nets, watch
                  | out!
 53727 | Shoals:3 | Danger: merfolk |T3| Reason: Quivering throwing nets, watch
                  | out!
 53728 | Shoals:3 | Danger: merfolk |T3| Reason: Quivering throwing nets, watch
                  | out!
 53729 | Shoals:3 | Danger: merfolk |T3| Reason: Quivering throwing nets, watch
                  | out!
 53730 | Shoals:3 | Danger: merfolk |T3| Reason: Quivering throwing nets, watch
                  | out!
 53731 | Shoals:3 | Danger: merfolk |T3| Reason: Quivering throwing nets, watch
                  | out!
 53732 | Shoals:3 | Danger: merfolk |T3| Reason: Quivering throwing nets, watch
                  | out!
 53733 | Shoals:3 | Danger: merfolk |T3| Reason: Quivering throwing nets, watch
                  | out!
 54467 | Shoals:4 | Entered Level 4 of the Shoals
 54738 | Shoals:4 | Danger: merfolk |T2| Reason: Quivering boomerangs, careful!
 55203 | Shoals:4 | Danger: merfolk |T3| Reason: Quivering throwing nets, watch
                  | out!
 55204 | Shoals:4 | Danger: merfolk |T3| Reason: Quivering throwing nets, watch
                  | out!
 55205 | Shoals:4 | Danger: merfolk |T3| Reason: Quivering throwing nets, watch
                  | out!
 55206 | Shoals:4 | Danger: merfolk |T3| Reason: Quivering throwing nets, watch
                  | out!
 55207 | Shoals:4 | Danger: merfolk |T3| Reason: Quivering throwing nets, watch
                  | out!
 55208 | Shoals:4 | Danger: merfolk |T3| Reason: Quivering throwing nets, watch
                  | out!
 55209 | Shoals:4 | Danger: merfolk |T3| Reason: Quivering throwing nets, watch
                  | out!
 55210 | Shoals:4 | Danger: merfolk |T3| Reason: Quivering throwing nets, watch
                  | out!
 55211 | Shoals:4 | Danger: merfolk |T3| Reason: Quivering throwing nets, watch
                  | out!
 55212 | Shoals:4 | Danger: merfolk |T3| Reason: Quivering throwing nets, watch
                  | out!
 55212 | Shoals:4 | Danger: merfolk |T3| Reason: Quivering throwing nets, watch
                  | out!
 55213 | Shoals:4 | Danger: merfolk |T3| Reason: Quivering throwing nets, watch
                  | out!
 55214 | Shoals:4 | Danger: merfolk |T2| Reason: Quivering boomerangs, careful!
 55414 | Shoals:4 | Reached skill level 10 in Shields
 55678 | Shoals:4 | Danger: basilisk |T3| Reason: Petrify and low Will
 55679 | Shoals:4 | Danger: basilisk |T3| Reason: Petrify and low Will
 55679 | Shoals:4 | Danger: basilisk |T3| Reason: Petrify and low Will
 55680 | Shoals:4 | Reached skill level 1 in Long Blades
 55680 | Shoals:4 | Danger: basilisk |T3| Reason: Petrify and low Will
 55680 | Shoals:4 | Danger: basilisk |T3| Reason: Petrify and low Will
 55690 | Shoals:4 | Danger: basilisk |T3| Reason: Petrify and low Will
 55878 | Shoals:4 | Danger: merfolk aquamancer |T2| Reason: Throw Icicle deals
                  | more than 50% MHP!
 55882 | Shoals:4 | Danger: merfolk aquamancer |T2| Reason: Throw Icicle deals
                  | more than 50% MHP!
 55947 | Shoals:4 | Danger: merfolk |T2| Reason: Quivering boomerangs, careful!
 56007 | Shoals:4 | Danger: Low HP Warning |T2| Reason: 59% HP (74/124)
 56008 | Shoals:4 | Danger: Low HP Warning |T2| Reason: 59% HP (74/124)
 56009 | Shoals:4 | Danger: Low HP Warning |T2| Reason: 59% HP (74/124)
 56010 | Shoals:4 | Danger: Low HP Warning |T2| Reason: 54% HP (67/124)
 56011 | Shoals:4 | Danger: Low HP Warning |T2| Reason: 54% HP (67/124)
 56012 | Shoals:4 | Danger: Low HP Warning |T2| Reason: 54% HP (67/124)
 56013 | Shoals:4 | Danger: Low HP Warning |T2| Reason: 54% HP (67/124)
 56014 | Shoals:4 | Danger: Low HP Warning |T2| Reason: 50% HP (63/124)
 56015 | Shoals:4 | Danger: Low HP Warning |T2| Reason: 50% HP (63/124)
 56016 | Shoals:4 | Danger: Low HP Warning |T2| Reason: 50% HP (63/124)
 56017 | Shoals:4 | Danger: Low HP Warning |T2| Reason: 51% HP (64/124)
 56018 | Shoals:4 | Danger: Low HP Warning |T2| Reason: 51% HP (64/124)
 56019 | Shoals:4 | Danger: Low HP Warning |T2| Reason: 51% HP (64/124)
 56020 | Shoals:4 | Danger: Low HP Warning |T2| Reason: 45% HP (56/124)
 56023 | Shoals:4 | Danger: Low HP Warning |T2| Reason: 45% HP (57/124)
 56024 | Shoals:4 | Danger: Low HP Warning |T2| Reason: 45% HP (57/124)
 56025 | Shoals:4 | Danger: Low HP Warning |T2| Reason: 46% HP (58/124)
 56026 | Shoals:4 | Danger: Low HP Warning |T2| Reason: 46% HP (58/124)
 56027 | Shoals:4 | Danger: Low HP Warning |T2| Reason: 46% HP (58/124)
 56028 | Shoals:4 | Danger: Low HP Warning |T2| Reason: 47% HP (59/124)
 56976 | Shoals:4 | Found the +3 robe of Clouds {*Thunder rCloud rElec}
 56982 | Shoals:4 | Danger: Low HP Warning |T2| Reason: 41% HP (44/105)
 56983 | Shoals:4 | Danger: Low HP Warning |T2| Reason: 41% HP (44/106)
 56984 | Shoals:4 | Danger: Low HP Warning |T2| Reason: 41% HP (44/106)
 56985 | Shoals:4 | Danger: Low HP Warning |T2| Reason: 42% HP (45/106)
 56986 | Shoals:4 | Reached skill level 5 in Long Blades
 57319 | Shoals:4 | Danger: merfolk javelineer |T2| Reason: Quivering javelins,
                  | watch out!
 57485 | Shoals:4 | Danger: merfolk javelineer |T2| Reason: Quivering javelins,
                  | watch out!
 57505 | Shoals:4 | Danger: merfolk javelineer |T2| Reason: Quivering javelins,
                  | watch out!
 57516 | Shoals:4 | Danger: merfolk aquamancer |T2| Reason: Primal Wave deals
                  | more than 50% MHP!
 57516 | Shoals:4 | Danger: merfolk aquamancer |T2| Reason: Throw Icicle deals
                  | more than 50% MHP!
 57529 | Shoals:4 | Danger: merfolk javelineer |T2| Reason: Quivering javelins,
                  | watch out!
 57675 | Shoals:4 | Got a barnacled rune of Zot
 57881 | Shoals:4 | Danger: merfolk aquamancer |T2| Reason: Throw Icicle deals
                  | more than 50% MHP!
 57885 | Shoals:4 | Danger: merfolk aquamancer |T2| Reason: Throw Icicle deals
                  | more than 50% MHP!
 57889 | Shoals:4 | Danger: merfolk aquamancer |T2| Reason: Throw Icicle deals
                  | more than 50% MHP!
 57893 | Shoals:4 | Danger: Low HP Warning |T2| Reason: 29% HP (37/124)
 57894 | Shoals:4 | Danger: Low HP Warning |T2| Reason: 30% HP (38/124)
 57895 | Shoals:4 | Danger: Low HP Warning |T2| Reason: 30% HP (38/124)
 57896 | Shoals:4 | Danger: Low HP Warning |T2| Reason: 31% HP (39/124)
 57897 | Shoals:4 | Danger: Low HP Warning |T2| Reason: 31% HP (39/124)
 57898 | Shoals:4 | Danger: Low HP Warning |T2| Reason: 31% HP (39/124)
 57899 | Shoals:4 | Danger: Low HP Warning |T2| Reason: 32% HP (40/124)
 57900 | Shoals:4 | Danger: Low HP Warning |T2| Reason: 32% HP (40/124)
 57919 | Shoals:4 | Danger: Low HP Warning |T2| Reason: 37% HP (47/124)
 57945 | Shoals:4 | Danger: Low HP Warning |T2| Reason: 46% HP (58/124)
 57946 | Shoals:4 | Danger: Low HP Warning |T2| Reason: 46% HP (58/124)
 57947 | Shoals:4 | Danger: Low HP Warning |T2| Reason: 47% HP (59/124)
 57948 | Shoals:4 | Danger: Low HP Warning |T2| Reason: 47% HP (59/124)
 57949 | Shoals:4 | Danger: Low HP Warning |T2| Reason: 47% HP (59/124)
 58083 | Shoals:4 | Danger: Low HP Warning |T2| Reason: 58% HP (72/124)
 58084 | Shoals:4 | Danger: Low HP Warning |T2| Reason: 58% HP (72/124)
 58085 | Shoals:4 | Danger: Low HP Warning |T2| Reason: 58% HP (73/124)
 58086 | Shoals:4 | Danger: Low HP Warning |T2| Reason: 58% HP (73/124)
 58087 | Shoals:4 | Danger: Low HP Warning |T2| Reason: 58% HP (73/124)
 58088 | Shoals:4 | Danger: Low HP Warning |T2| Reason: 58% HP (73/124)
 58089 | Shoals:4 | Danger: Low HP Warning |T2| Reason: 59% HP (74/124)
 58090 | Shoals:4 | Danger: Low HP Warning |T2| Reason: 59% HP (74/124)
 58091 | Shoals:4 | Danger: Low HP Warning |T2| Reason: 59% HP (74/124)
 58092 | Shoals:4 | Danger: Low HP Warning |T2| Reason: 59% HP (74/124)
 58093 | Shoals:4 | Danger: Low HP Warning |T2| Reason: 60% HP (75/124)
 58095 | Shoals:4 | Danger: Low HP Warning |T2| Reason: 60% HP (75/124)
 58096 | Shoals:4 | Danger: Low HP Warning |T2| Reason: 60% HP (75/124)
 58330 | Shoals:4 | Danger: merfolk javelineer |T2| Reason: Quivering javelins,
                  | watch out!
 58516 | Shoals:4 | Danger: merfolk aquamancer |T2| Reason: Throw Icicle deals
                  | more than 50% MHP!
 59036 | Elf:1    | Entered Level 1 of the Elven Halls
 59037 | Elf:1    | Danger: deep elf pyromancer |T2| Reason: Bolt of Fire and
                  | not rF+, careful
 59042 | Elf:1    | Danger: deep elf pyromancer |T2| Reason: Bolt of Fire and
                  | not rF+, careful
 59241 | Elf:1    | Noticed Donald
 59242 | Elf:1    | Danger: Donald |T2| Reason: Unique monster, careful!
 59245 | Elf:1    | Killed Donald
 59956 | Elf:1    | Danger: deep elf pyromancer |T2| Reason: Bolt of Fire and
                  | not rF+, careful
 59972 | Elf:1    | Reached XP level 20. HP: 127/129 MP: 1/32
 60123 | Elf:1    | Danger: deep elf pyromancer |T2| Reason: Bolt of Fire and
                  | not rF+, careful
 60273 | Elf:1    | Noticed Nikola
 60274 | Elf:1    | Danger: Nikola |T2| Reason: Unique monster, careful!
 60274 | Elf:1    | Danger: Nikola |T3| Reason: Nikola in LOS and not silenced
                  | or waterlogged
 60274 | Elf:1    | Danger: Nikola |T2| Reason: Lightning Bolt deals more than
                  | 50% MHP!
 60274 | Elf:1    | Danger: Nikola |T2| Reason: Chain Lightning deals more than
                  | 50% MHP!
 60276 | Elf:1    | Danger: Nikola |T2| Reason: Unique monster, careful!
 60276 | Elf:1    | Danger: Nikola |T2| Reason: Lightning Bolt deals more than
                  | 50% MHP!
 60276 | Elf:1    | Danger: Nikola |T2| Reason: Chain Lightning deals more than
                  | 50% MHP!
 60282 | Elf:1    | Killed Nikola
 61081 | Elf:1    | Danger: deep elf archer |T2| Reason: Slow and low Will,
                  | careful
 61093 | Elf:1    | Danger: deep elf archer |T2| Reason: Slow and low Will,
                  | careful
 61095 | Elf:1    | Danger: Low HP Warning |T2| Reason: 59% HP (77/129)
 61096 | Elf:1    | Danger: Low HP Warning |T2| Reason: 59% HP (77/129)
 61097 | Elf:1    | Danger: Low HP Warning |T2| Reason: 59% HP (77/129)
 61098 | Elf:1    | Danger: Low HP Warning |T2| Reason: 59% HP (77/129)
 61099 | Elf:1    | Danger: Low HP Warning |T2| Reason: 60% HP (78/129)
 61238 | Elf:1    | Danger: deep elf pyromancer |T2| Reason: Bolt of Fire and
                  | not rF+, careful
 61238 | Elf:1    | Danger: deep elf archer |T2| Reason: Slow and low Will,
                  | careful
 61238 | Elf:1    | Danger: deep elf archer |T2| Reason: Slow and low Will,
                  | careful
 61238 | Elf:1    | Danger: deep elf archer |T2| Reason: Slow and low Will,
                  | careful
 61238 | Elf:1    | Danger: deep elf pyromancer |T2| Reason: Bolt of Fire and
                  | not rF+, careful
 61371 | Elf:1    | Danger: deep elf pyromancer |T2| Reason: Bolt of Fire and
                  | not rF+, careful
 61515 | Elf:1    | Danger: deep elf archer |T2| Reason: Slow and low Will,
                  | careful
 61516 | Elf:1    | Danger: deep elf archer |T2| Reason: Slow and low Will,
                  | careful
 61667 | Elf:1    | Danger: deep elf archer |T2| Reason: Slow and low Will,
                  | careful
 62042 | Elf:2    | Danger: deep elf archer |T2| Reason: Slow and low Will,
                  | careful
 62167 | Elf:2    | Danger: deep elf archer |T2| Reason: Slow and low Will,
                  | careful
 62167 | Elf:2    | Danger: deep elf archer |T2| Reason: Slow and low Will,
                  | careful
 62215 | Elf:2    | Danger: deep elf archer |T2| Reason: Slow and low Will,
                  | careful
 62219 | Elf:2    | Danger: deep elf archer |T2| Reason: Slow and low Will,
                  | careful
 62225 | Elf:2    | Reached skill level 19 in Dodging
 62300 | Elf:2    | Danger: deep elf archer |T2| Reason: Slow and low Will,
                  | careful
 62622 | Elf:2    | Danger: deep elf pyromancer |T2| Reason: Bolt of Fire and
                  | not rF+, careful
 62623 | Elf:2    | Danger: deep elf death mage |T2| Reason: Bolt of Draining
                  | deals more than 50% MHP!
 62772 | Elf:2    | Danger: deep elf pyromancer |T2| Reason: Bolt of Fire and
                  | not rF+, careful
 62932 | Elf:2    | Danger: deep elf pyromancer |T2| Reason: Bolt of Fire and
                  | not rF+, careful
 62937 | Elf:2    | Danger: deep elf archer |T2| Reason: Slow and low Will,
                  | careful
 62939 | Elf:2    | Danger: deep elf pyromancer |T2| Reason: Bolt of Fire and
                  | not rF+, careful
 62940 | Elf:2    | Danger: deep elf archer |T2| Reason: Slow and low Will,
                  | careful
 62941 | Elf:2    | Danger: deep elf pyromancer |T2| Reason: Bolt of Fire and
                  | not rF+, careful
 62947 | Elf:2    | Danger: deep elf pyromancer |T2| Reason: Bolt of Fire and
                  | not rF+, careful
 62948 | Elf:2    | Danger: deep elf pyromancer |T2| Reason: Bolt of Fire and
                  | not rF+, careful
 62951 | Elf:2    | Danger: deep elf pyromancer |T2| Reason: Bolt of Fire and
                  | not rF+, careful
 62954 | Elf:2    | Danger: deep elf pyromancer |T2| Reason: Bolt of Fire and
                  | not rF+, careful
 62956 | Elf:2    | Danger: deep elf pyromancer |T2| Reason: Bolt of Fire and
                  | not rF+, careful
 62958 | Elf:2    | Danger: deep elf pyromancer |T2| Reason: Bolt of Fire and
                  | not rF+, careful
 62958 | Elf:2    | Danger: deep elf pyromancer |T2| Reason: Bolt of Fire and
                  | not rF+, careful
 62964 | Elf:2    | Danger: deep elf archer |T2| Reason: Slow and low Will,
                  | careful
 62968 | Elf:2    | Danger: deep elf archer |T2| Reason: Slow and low Will,
                  | careful
 63416 | Elf:2    | Found a runed translucent gate.
 63417 | Elf:2    | Found a runed translucent gate.
 63417 | Elf:2    | Found a runed translucent gate.
 63692 | Elf:3    | Entered Level 3 of the Elven Halls
 63693 | Elf:3    | Danger: deep elf archer |T2| Reason: Slow and low Will,
                  | careful
 64170 | Elf:3    | Danger: deep elf archer |T2| Reason: Slow and low Will,
                  | careful
 64172 | Elf:3    | Danger: deep elf pyromancer |T2| Reason: Bolt of Fire and
                  | not rF+, careful
 64172 | Elf:3    | Danger: deep elf pyromancer |T2| Reason: Bolt of Fire and
                  | not rF+, careful
 64175 | Elf:3    | Reached skill level 20 in Dodging
 64380 | Elf:3    | Danger: deep elf high priest |T2| Reason: Damnation (smite)
                  | in LOS, watch out!
 64580 | Elf:3    | Danger: deep elf archer |T2| Reason: Slow and low Will,
                  | careful
 64596 | Elf:3    | Danger: deep elf archer |T2| Reason: Slow and low Will,
                  | careful
 64839 | Elf:3    | Danger: deep elf pyromancer |T2| Reason: Bolt of Fire and
                  | not rF+, careful
 64855 | Elf:3    | Danger: deep elf pyromancer |T2| Reason: Bolt of Fire and
                  | not rF+, careful
 64857 | Elf:3    | Danger: deep elf pyromancer |T2| Reason: Bolt of Fire and
                  | not rF+, careful
 64883 | Elf:3    | Danger: deep elf archer |T2| Reason: Slow and low Will,
                  | careful
 65223 | Elf:3    | Acquired the scarf "Kehexa" {repulsion, Contam rElec rC+
                  | Dex+3}
 65387 | Elf:3    | Danger: orc wizard |T2| Reason: carrying a wand of flame
                  | (11), careful!
 65391 | Elf:3    | Danger: orc |T2| Reason: Quivering boomerangs, careful!
 65539 | Elf:3    | Found a transporter.
 65599 | Elf:3    | Noticed Asterion
 65600 | Elf:3    | Danger: Asterion |T2| Reason: Unique monster, careful!
 65604 | Elf:3    | Killed Asterion
 65708 | Elf:3    | Identified the +5 spear "Ebleu" {flame, SInv Stlth+}
 65709 | Elf:3    | Danger: deep elf pyromancer |T2| Reason: Bolt of Fire and
                  | not rF+, careful
 65713 | Elf:3    | Danger: deep elf death mage |T2| Reason: Bolt of Draining
                  | deals more than 50% MHP!
 65720 | Elf:3    | Danger: deep elf death mage |T2| Reason: Bolt of Draining
                  | deals more than 50% MHP!
 65722 | Elf:3    | Danger: ghostly deep elf death mage |T2| Reason: Bolt of
                  | Draining deals more than 50% MHP!
 65725 | Elf:3    | Danger: deep elf sorcerer |T3| Reason: Banishment and low
                  | Will
 65725 | Elf:3    | Danger: deep elf sorcerer |T2| Reason: Damnation in LOS,
                  | careful!
 65726 | Elf:3    | Danger: Low HP Warning |T2| Reason: 54% HP (70/129)
 65727 | Elf:3    | Danger: Low HP Warning |T2| Reason: 51% HP (66/129)
 65728 | Elf:3    | Danger: deep elf death mage |T2| Reason: Bolt of Draining
                  | deals more than 50% MHP!
 65728 | Elf:3    | Danger: Low HP Warning |T2| Reason: 51% HP (66/129)
 65729 | Elf:3    | Danger: Low HP Warning |T2| Reason: 51% HP (67/129)
 65730 | Elf:3    | Danger: deep elf sorcerer |T3| Reason: Banishment and low
                  | Will
 65730 | Elf:3    | Danger: deep elf sorcerer |T2| Reason: Damnation in LOS,
                  | careful!
 65730 | Elf:3    | Danger: Low HP Warning |T2| Reason: 51% HP (67/129)
 65731 | Elf:3    | Danger: Low HP Warning |T2| Reason: 51% HP (67/129)
 65732 | Elf:3    | Danger: Low HP Warning |T2| Reason: 52% HP (68/129)
 65733 | Elf:3    | Danger: Low HP Warning |T2| Reason: 52% HP (68/129)
 65734 | Elf:3    | Danger: Low HP Warning |T2| Reason: 52% HP (68/129)
 65735 | Elf:3    | Danger: Low HP Warning |T2| Reason: 53% HP (69/129)
 65736 | Elf:3    | Danger: deep elf death mage |T2| Reason: Bolt of Draining
                  | deals more than 50% MHP!
 65736 | Elf:3    | Danger: Low HP Warning |T2| Reason: 53% HP (69/129)
 65737 | Elf:3    | Danger: Low HP Warning |T2| Reason: 54% HP (70/129)
 65738 | Elf:3    | Danger: deep elf death mage |T2| Reason: Bolt of Draining
                  | deals more than 50% MHP!
 65738 | Elf:3    | Danger: Low HP Warning |T2| Reason: 54% HP (70/129)
 65739 | Elf:3    | Danger: Low HP Warning |T2| Reason: 54% HP (70/129)
 65740 | Elf:3    | Danger: Low HP Warning |T2| Reason: 54% HP (70/129)
 65741 | Elf:3    | Danger: Low HP Warning |T2| Reason: 55% HP (71/129)
 65742 | Elf:3    | Danger: deep elf sorcerer |T3| Reason: Banishment and low
                  | Will
 65742 | Elf:3    | Danger: deep elf sorcerer |T2| Reason: Damnation in LOS,
                  | careful!
 65742 | Elf:3    | Danger: Low HP Warning |T2| Reason: 55% HP (71/129)
 65743 | Elf:3    | Danger: deep elf sorcerer |T3| Reason: Banishment and low
                  | Will
 65743 | Elf:3    | Danger: Low HP Warning |T2| Reason: 55% HP (71/129)
 65744 | Elf:3    | Danger: deep elf sorcerer |T3| Reason: Banishment and low
                  | Will
 65744 | Elf:3    | Danger: deep elf sorcerer |T2| Reason: Damnation in LOS,
                  | careful!
 65744 | Elf:3    | Danger: deep elf sorcerer |T3| Reason: Banishment and low
                  | Will
 65744 | Elf:3    | Danger: Low HP Warning |T2| Reason: 55% HP (72/129)
 65745 | Elf:3    | Danger: deep elf sorcerer |T3| Reason: Banishment and low
                  | Will
 65745 | Elf:3    | Danger: deep elf sorcerer |T3| Reason: Banishment and low
                  | Will
 65745 | Elf:3    | Danger: Low HP Warning |T2| Reason: 55% HP (72/129)
 65746 | Elf:3    | Danger: deep elf sorcerer |T3| Reason: Banishment and low
                  | Will
 65746 | Elf:3    | Danger: deep elf sorcerer |T3| Reason: Banishment and low
                  | Will
 65746 | Elf:3    | Danger: Low HP Warning |T2| Reason: 55% HP (72/129)
 65747 | Elf:3    | Danger: deep elf sorcerer |T3| Reason: Banishment and low
                  | Will
 65747 | Elf:3    | Danger: deep elf sorcerer |T3| Reason: Banishment and low
                  | Will
 65747 | Elf:3    | Danger: Low HP Warning |T2| Reason: 56% HP (73/129)
 65748 | Elf:3    | Danger: deep elf sorcerer |T3| Reason: Banishment and low
                  | Will
 65748 | Elf:3    | Danger: deep elf sorcerer |T3| Reason: Banishment and low
                  | Will
 65748 | Elf:3    | Danger: Low HP Warning |T2| Reason: 56% HP (73/129)
 65986 | Elf:3    | Danger: deep elf sorcerer |T3| Reason: Banishment and low
                  | Will
 65986 | Elf:3    | Danger: deep elf sorcerer |T2| Reason: Damnation in LOS,
                  | careful!
 65987 | Elf:3    | Danger: deep elf sorcerer |T3| Reason: Banishment and low
                  | Will
 65994 | Elf:3    | Danger: deep elf sorcerer |T3| Reason: Banishment and low
                  | Will
 65994 | Elf:3    | Danger: deep elf sorcerer |T2| Reason: Damnation in LOS,
                  | careful!
 65995 | Elf:3    | Danger: deep elf sorcerer |T3| Reason: Banishment and low
                  | Will
 65995 | Elf:3    | Danger: Low HP Warning |T2| Reason: 59% HP (77/129)
 65996 | Elf:3    | Danger: deep elf sorcerer |T3| Reason: Banishment and low
                  | Will
 65996 | Elf:3    | Danger: Low HP Warning |T2| Reason: 59% HP (77/129)
 65997 | Elf:3    | Danger: deep elf sorcerer |T3| Reason: Banishment and low
                  | Will
 65997 | Elf:3    | Danger: Low HP Warning |T2| Reason: 60% HP (78/129)
 65998 | Elf:3    | Danger: deep elf sorcerer |T3| Reason: Banishment and low
                  | Will
 65998 | Elf:3    | Danger: Low HP Warning |T2| Reason: 60% HP (78/129)
 65999 | Elf:3    | Danger: deep elf sorcerer |T3| Reason: Banishment and low
                  | Will
 65999 | Elf:3    | Danger: deep elf sorcerer |T2| Reason: Damnation in LOS,
                  | careful!
 65999 | Elf:3    | Danger: deep elf sorcerer |T3| Reason: Banishment and low
                  | Will
 65999 | Elf:3    | Danger: Low HP Warning |T2| Reason: 60% HP (78/129)
 66000 | Elf:3    | Danger: deep elf sorcerer |T3| Reason: Banishment and low
                  | Will
 66000 | Elf:3    | Danger: deep elf sorcerer |T3| Reason: Banishment and low
                  | Will
 66001 | Elf:3    | Danger: deep elf sorcerer |T3| Reason: Banishment and low
                  | Will
 66001 | Elf:3    | Danger: deep elf sorcerer |T3| Reason: Banishment and low
                  | Will
 66002 | Elf:3    | Danger: deep elf sorcerer |T3| Reason: Banishment and low
                  | Will
 66002 | Elf:3    | Danger: deep elf sorcerer |T3| Reason: Banishment and low
                  | Will
 66003 | Elf:3    | Danger: deep elf sorcerer |T3| Reason: Banishment and low
                  | Will
 66003 | Elf:3    | Danger: Low HP Warning |T2| Reason: 48% HP (63/129)
 66004 | Elf:3    | Danger: deep elf sorcerer |T3| Reason: Banishment and low
                  | Will
 66004 | Elf:3    | Danger: Low HP Warning |T2| Reason: 49% HP (64/129)
 66005 | Elf:3    | Danger: deep elf sorcerer |T3| Reason: Banishment and low
                  | Will
 66005 | Elf:3    | Danger: Low HP Warning |T2| Reason: 49% HP (64/129)
 66007 | Elf:3    | Danger: deep elf annihilator |T2| Reason: Poison Arrow
                  | deals more than 50% MHP!
 66007 | Elf:3    | Danger: deep elf annihilator |T2| Reason: Leda's Unmaking
                  | deals more than 50% MHP!
 66007 | Elf:3    | Danger: deep elf annihilator |T2| Reason: Lehudib's Crystal
                  | Spear deals more than 50% MHP!
 66007 | Elf:3    | Danger: Low HP Warning |T2| Reason: 50% HP (65/129)
 66008 | Elf:3    | Danger: Low HP Warning |T2| Reason: 50% HP (65/129)
 66009 | Elf:3    | Danger: Low HP Warning |T2| Reason: 51% HP (66/129)
 66010 | Elf:3    | Danger: Low HP Warning |T2| Reason: 51% HP (66/129)
 66011 | Elf:3    | Danger: Low HP Warning |T2| Reason: 51% HP (67/129)
 66012 | Elf:3    | Danger: Low HP Warning |T2| Reason: 51% HP (67/129)
 66013 | Elf:3    | Danger: Low HP Warning |T2| Reason: 51% HP (67/129)
 66014 | Elf:3    | Danger: Low HP Warning |T2| Reason: 51% HP (67/129)
 66015 | Elf:3    | Danger: Low HP Warning |T2| Reason: 52% HP (68/129)
 66199 | Elf:3    | Identified the +2 ring mail of the New World {rPois Int+3}
 66215 | Elf:3    | Danger: deep elf death mage |T2| Reason: Bolt of Draining
                  | deals more than 50% MHP!
 66226 | Elf:3    | Danger: deep elf death mage |T2| Reason: Bolt of Draining
                  | deals more than 50% MHP!
 66235 | Elf:3    | Danger: ghostly deep elf death mage |T2| Reason: Bolt of
                  | Draining deals more than 50% MHP!
 66419 | Elf:3    | Identified the +10 falchion of the Warrior {flame, rPois
                  | rF++}
 66420 | Elf:3    | Danger: deep elf elementalist |T2| Reason: Fireball and not
                  | rF+, careful
 66420 | Elf:3    | Danger: deep elf elementalist |T2| Reason: Fireball deals
                  | more than 50% MHP!
 66429 | Elf:3    | Identified the ring of Jieffiof {rN+ Str+2}
 66430 | Elf:3    | Danger: deep elf demonologist |T3| Reason: Banishment and
                  | low Will
 66431 | Elf:3    | Danger: deep elf demonologist |T3| Reason: Banishment and
                  | low Will
 66432 | Elf:3    | Danger: deep elf demonologist |T3| Reason: Banishment and
                  | low Will
 66433 | Elf:3    | Danger: deep elf demonologist |T3| Reason: Banishment and
                  | low Will
 66434 | Elf:3    | Danger: deep elf demonologist |T3| Reason: Banishment and
                  | low Will
 66435 | Elf:3    | Danger: deep elf demonologist |T3| Reason: Banishment and
                  | low Will
 66436 | Elf:3    | Danger: deep elf demonologist |T3| Reason: Banishment and
                  | low Will
 66437 | Elf:3    | Danger: deep elf demonologist |T3| Reason: Banishment and
                  | low Will
 66438 | Elf:3    | Danger: deep elf demonologist |T3| Reason: Banishment and
                  | low Will
 66439 | Elf:3    | Danger: deep elf demonologist |T3| Reason: Banishment and
                  | low Will
 66575 | Elf:3    | Identified the +2 leather armour of the Ant {+Inv rElec
                  | MP+9 Int+2}
 66579 | Elf:3    | Danger: deep elf elementalist |T2| Reason: Fireball deals
                  | more than 50% MHP!
 66582 | Elf:3    | Danger: deep elf elementalist |T2| Reason: Fireball deals
                  | more than 50% MHP!
 66592 | Elf:3    | Identified the +10 battleaxe of Nightmares {heavy, Str+4}
 66593 | Elf:3    | Danger: deep elf sorcerer |T3| Reason: Banishment and low
                  | Will
 66593 | Elf:3    | Danger: deep elf sorcerer |T2| Reason: Damnation in LOS,
                  | careful!
 66594 | Elf:3    | Danger: deep elf sorcerer |T3| Reason: Banishment and low
                  | Will
 66596 | Elf:3    | Danger: deep elf sorcerer |T3| Reason: Banishment and low
                  | Will
 66596 | Elf:3    | Danger: deep elf sorcerer |T2| Reason: Damnation in LOS,
                  | careful!
 66597 | Elf:3    | Danger: deep elf sorcerer |T3| Reason: Banishment and low
                  | Will
 66598 | Elf:3    | Danger: deep elf sorcerer |T3| Reason: Banishment and low
                  | Will
 66599 | Elf:3    | Danger: deep elf annihilator |T2| Reason: Poison Arrow
                  | deals more than 50% MHP!
 66599 | Elf:3    | Danger: deep elf annihilator |T2| Reason: Leda's Unmaking
                  | deals more than 50% MHP!
 66599 | Elf:3    | Danger: deep elf annihilator |T2| Reason: Lehudib's Crystal
                  | Spear deals more than 50% MHP!
 66599 | Elf:3    | Danger: deep elf sorcerer |T3| Reason: Banishment and low
                  | Will
 66606 | Elf:3    | Identified the +5 rapier "Tormentor" {flame, rElec rF+
                  | Dex-3}
 66607 | Elf:3    | Danger: deep elf demonologist |T3| Reason: Banishment and
                  | low Will
 66611 | Elf:3    | Danger: deep elf annihilator |T2| Reason: Poison Arrow
                  | deals more than 50% MHP!
 66611 | Elf:3    | Danger: deep elf annihilator |T2| Reason: Leda's Unmaking
                  | deals more than 50% MHP!
 66611 | Elf:3    | Danger: deep elf annihilator |T2| Reason: Lehudib's Crystal
                  | Spear deals more than 50% MHP!
 66616 | Elf:3    | Danger: deep elf demonologist |T3| Reason: Banishment and
                  | low Will
 66616 | Elf:3    | Identified the amulet of the Dancing Fool {Spirit rC+}
 66617 | Elf:3    | Danger: balrug |T2| Reason: Bolt of Fire deals more than
                  | 50% MHP!
 66617 | Elf:3    | Danger: balrug |T2| Reason: Fireball deals more than 50%
                  | MHP!
 66617 | Elf:3    | Danger: deep elf death mage |T2| Reason: Bolt of Draining
                  | deals more than 50% MHP!
 66617 | Elf:3    | Danger: deep elf demonologist |T3| Reason: Banishment and
                  | low Will
 66618 | Elf:3    | Danger: deep elf demonologist |T3| Reason: Banishment and
                  | low Will
 66619 | Elf:3    | Danger: deep elf demonologist |T3| Reason: Banishment and
                  | low Will
 66620 | Elf:3    | Danger: neqoxec |T2| Reason: Malmutator in LOS
 66620 | Elf:3    | Danger: neqoxec |T2| Reason: Malmutator in LOF!
 66620 | Elf:3    | Danger: deep elf demonologist |T3| Reason: Banishment and
                  | low Will
 66634 | Elf:3    | Reached XP level 21. HP: 134/134 MP: 1/33
 66648 | Elf:3    | Identified the +1 glaive of Voar {heavy, *Corrode rPois
                  | Will+ Dex+3}
 66649 | Elf:3    | Danger: deep elf sorcerer |T3| Reason: Banishment and low
                  | Will
 66649 | Elf:3    | Danger: deep elf sorcerer |T2| Reason: Damnation in LOS,
                  | careful!
 66650 | Elf:3    | Danger: deep elf sorcerer |T3| Reason: Banishment and low
                  | Will
 66651 | Elf:3    | Danger: deep elf sorcerer |T3| Reason: Banishment and low
                  | Will
 66652 | Elf:3    | Danger: deep elf sorcerer |T3| Reason: Banishment and low
                  | Will
 66653 | Elf:3    | Danger: deep elf sorcerer |T3| Reason: Banishment and low
                  | Will
 66654 | Elf:3    | Danger: deep elf sorcerer |T3| Reason: Banishment and low
                  | Will
 66655 | Elf:3    | Danger: deep elf sorcerer |T3| Reason: Banishment and low
                  | Will
 66656 | Elf:3    | Danger: deep elf sorcerer |T3| Reason: Banishment and low
                  | Will
 66656 | Abyss:3  | Cast into level 3 of the Abyss (a deep elf sorcerer)
 66717 | Abyss:3  | Found a corrupted altar of Lugonu.
 66757 | Abyss:3  | Danger: cacodemon |T2| Reason: Slow and low Will, careful
 66757 | Abyss:3  | Danger: cacodemon |T2| Reason: Malmutator in LOS
 66759 | Abyss:3  | Danger: cacodemon |T2| Reason: Malmutator in LOF!
 66765 | Abyss:3  | Danger: cacodemon |T2| Reason: Slow and low Will, careful
 66765 | Abyss:3  | Danger: cacodemon |T2| Reason: Malmutator in LOS
 66765 | Abyss:3  | Danger: cacodemon |T2| Reason: Malmutator in LOF!
 66767 | Abyss:3  | Danger: cacodemon |T2| Reason: Slow and low Will, careful
 66767 | Abyss:3  | Danger: cacodemon |T2| Reason: Malmutator in LOS
 66770 | Abyss:3  | Danger: cacodemon |T2| Reason: Malmutator in LOF!
 66772 | Abyss:3  | Danger: cacodemon |T2| Reason: Slow and low Will, careful
 66772 | Abyss:3  | Danger: cacodemon |T2| Reason: Malmutator in LOS
 66772 | Abyss:3  | Danger: cacodemon |T2| Reason: Malmutator in LOF!
 66780 | Abyss:3  | Danger: cacodemon |T2| Reason: Slow and low Will, careful
 66780 | Abyss:3  | Danger: cacodemon |T2| Reason: Malmutator in LOS
 66780 | Abyss:3  | Danger: cacodemon |T2| Reason: Malmutator in LOF!
 66792 | Abyss:3  | Gained mutation: You are vulnerable to cold. (rC-) [a
                  | cacodemon]
 66797 | Abyss:3  | Danger: floating eye |T3| Reason: Irresistible Paralysis
                  | Gaze (pierces LOF) is charging!
 66819 | Abyss:3  | Danger: floating eye |T3| Reason: Irresistible Paralysis
                  | Gaze (pierces LOF) is charging!
 66825 | Abyss:3  | Danger: floating eye |T3| Reason: Irresistible Paralysis
                  | Gaze (pierces LOF) is charging!
 66826 | Abyss:3  | Danger: floating eye |T3| Reason: Irresistible Paralysis
                  | Gaze (pierces LOF) is ready to fire!!
 66827 | Abyss:3  | Danger: floating eye |T3| Reason: Irresistible Paralysis
                  | Gaze (pierces LOF) is ready to fire!!
 66828 | Abyss:3  | Danger: floating eye |T3| Reason: Irresistible Paralysis
                  | Gaze (pierces LOF) is ready to fire!!
 66829 | Abyss:3  | Danger: floating eye |T3| Reason: Irresistible Paralysis
                  | Gaze (pierces LOF) is ready to fire!!
 66861 | Abyss:3  | Reached skill level 21 in Dodging
 66891 | Abyss:3  | Danger: golden eye |T2| Reason: Confusion Gaze and low Will
 66896 | Abyss:3  | Danger: golden eye |T2| Reason: Confusion Gaze and low Will
 66897 | Abyss:3  | Danger: shining eye |T2| Reason: Malmutator in LOS
 66913 | Abyss:3  | Danger: shining eye |T2| Reason: Malmutator in LOS
 66927 | Abyss:3  | Danger: shining eye |T2| Reason: Malmutator in LOF!
 66947 | Abyss:3  | Danger: golden eye |T2| Reason: Confusion Gaze and low Will
 66956 | Abyss:3  | Danger: golden eye |T2| Reason: Confusion Gaze and low Will
 66973 | Abyss:3  | Danger: golden eye |T2| Reason: Confusion Gaze and low Will
 66982 | Abyss:3  | Danger: shining eye |T2| Reason: Malmutator in LOS
 66982 | Abyss:3  | Got an abyssal rune of Zot
 66987 | Abyss:3  | Danger: shining eye |T2| Reason: Malmutator in LOF!
 66989 | Abyss:3  | Danger: shining eye |T2| Reason: Malmutator in LOF!
 67006 | Elf:3    | Escaped the Abyss
 67007 | Elf:3    | Danger: deep elf sorcerer |T3| Reason: Banishment and low
                  | Will
 67007 | Elf:3    | Danger: deep elf sorcerer |T2| Reason: Damnation in LOS,
                  | careful!
 67008 | Elf:3    | Danger: deep elf sorcerer |T3| Reason: Banishment and low
                  | Will
 67008 | Elf:3    | Danger: Low HP Warning |T2| Reason: 55% HP (75/134)
 67009 | Elf:3    | Danger: deep elf sorcerer |T3| Reason: Banishment and low
                  | Will
 67009 | Elf:3    | Danger: Low HP Warning |T2| Reason: 55% HP (75/134)
 67010 | Elf:3    | Danger: deep elf sorcerer |T3| Reason: Banishment and low
                  | Will
 67010 | Elf:3    | Danger: Low HP Warning |T2| Reason: 55% HP (75/134)
 67011 | Elf:3    | Danger: deep elf sorcerer |T3| Reason: Banishment and low
                  | Will
 67011 | Elf:3    | Danger: Low HP Warning |T2| Reason: 56% HP (76/134)
 67012 | Elf:3    | Danger: deep elf sorcerer |T3| Reason: Banishment and low
                  | Will
 67012 | Elf:3    | Danger: Low HP Warning |T2| Reason: 56% HP (76/134)
 67013 | Elf:3    | Danger: deep elf sorcerer |T3| Reason: Banishment and low
                  | Will
 67013 | Elf:3    | Danger: Low HP Warning |T2| Reason: 56% HP (76/134)
 67014 | Elf:3    | Danger: deep elf sorcerer |T3| Reason: Banishment and low
                  | Will
 67014 | Elf:3    | Danger: Low HP Warning |T2| Reason: 57% HP (77/134)
 67195 | Elf:3    | Identified the staff of Impatience {Fly rPois rN+ Str-2
                  | Conj}
 67283 | Elf:3    | Got Advanced Steps in Incantation
 67332 | Elf:3    | Found a transporter.
 67456 | Elf:3    | Found a bloodstained altar of Trog.
 67458 | Elf:3    | Noticed Dylgear's ghost (adept FoFi)
 67478 | Elf:3    | Killed Dylgear's ghost
 67479 | Elf:3    | Reached skill level 22 in Dodging
 67677 | Elf:3    | Danger: deep elf high priest |T2| Reason: Damnation (smite)
                  | in LOS, watch out!
 67699 | Elf:3    | Danger: deep elf sorcerer |T3| Reason: Banishment and low
                  | Will
 67699 | Elf:3    | Danger: deep elf sorcerer |T2| Reason: Damnation in LOS,
                  | careful!
 67699 | Elf:3    | Danger: deep elf sorcerer |T2| Reason: Corrosive Bolt deals
                  | more than 50% MHP!
 67700 | Elf:3    | Danger: deep elf sorcerer |T3| Reason: Banishment and low
                  | Will
 67701 | Elf:3    | Danger: deep elf sorcerer |T3| Reason: Banishment and low
                  | Will
 67702 | Elf:3    | Danger: deep elf sorcerer |T3| Reason: Banishment and low
                  | Will
 67703 | Elf:3    | Danger: deep elf sorcerer |T3| Reason: Banishment and low
                  | Will
 67704 | Elf:3    | Danger: deep elf sorcerer |T3| Reason: Banishment and low
                  | Will
 67705 | Elf:3    | Danger: deep elf sorcerer |T3| Reason: Banishment and low
                  | Will
 67706 | Elf:3    | Danger: deep elf sorcerer |T3| Reason: Banishment and low
                  | Will
 67708 | Elf:3    | Danger: deep elf death mage |T2| Reason: Bolt of Draining
                  | deals more than 50% MHP!
 68407 | Elf:3    | Found a transporter.
 68494 | Elf:3    | Found a transporter.
 69151 | Elf:2    | Reached skill level 15 in Short Blades
 69511 | Elf:2    | Danger: +5 executioner's axe of distortion |T3| Reason:
                  | Distortion weapon!
 69512 | Elf:2    | Danger: +5 executioner's axe of distortion |T3| Reason:
                  | Distortion weapon!
 69513 | Elf:2    | Danger: +5 executioner's axe of distortion |T3| Reason:
                  | Distortion weapon!
 69514 | Elf:2    | Danger: +5 executioner's axe of distortion |T3| Reason:
                  | Distortion weapon!
 69925 | Orc:2    | Lost mutation: You are vulnerable to cold. (rC-) [potion of
                  | mutation]
 69925 | Orc:2    | Gained mutation: Your system is resistant to poisons.
                  | (rPois) [potion of mutation]
 69925 | Orc:2    | Gained mutation: You are covered in fur. (AC +1) [potion of
                  | mutation]
 70083 | Slime:1  | Entered Level 1 of the Pits of Slime
 70535 | Slime:1  | Danger: shining eye |T2| Reason: Malmutator in LOS
 70535 | Slime:1  | Danger: shining eye |T2| Reason: Malmutator in LOF!
 70926 | Slime:1  | Danger: shining eye |T2| Reason: Malmutator in LOS
 70926 | Slime:1  | Danger: shining eye |T2| Reason: Malmutator in LOF!
 72016 | Slime:1  | Danger: Low HP Warning |T2| Reason: 39% HP (53/134)
 72017 | Slime:1  | Danger: Low HP Warning |T2| Reason: 39% HP (53/134)
 72018 | Slime:1  | Danger: Low HP Warning |T2| Reason: 39% HP (53/134)
 72019 | Slime:1  | Danger: Low HP Warning |T3| Reason: 10% HP (14/134)
 72020 | Slime:1  | Danger: Low HP Warning |T3| Reason: 11% HP (15/134)
 72306 | Slime:1  | :bug TODO: mirroring a rockslime apparently causes the game
                  | to think that the base rockslime is allied ? ? ?
 72309 | Slime:1  | :bug todo: nvm, that was just a confusing prompt: it was an
                  | arc blade warning, i think?
 72765 | Slime:3  | Danger: great orb of eyes |T3| Reason: Paralyse and low
                  | Will
 72766 | Slime:3  | Danger: great orb of eyes |T3| Reason: Paralyse and low
                  | Will
 72767 | Slime:3  | Danger: great orb of eyes |T3| Reason: Paralyse and low
                  | Will
 72768 | Slime:3  | Danger: shining eye |T2| Reason: Malmutator in LOS
 72768 | Slime:3  | Danger: great orb of eyes |T3| Reason: Paralyse and low
                  | Will
 72769 | Slime:3  | Danger: shining eye |T2| Reason: Malmutator in LOF!
 72769 | Slime:3  | Danger: great orb of eyes |T3| Reason: Paralyse and low
                  | Will
 72770 | Slime:3  | Danger: great orb of eyes |T3| Reason: Paralyse and low
                  | Will
 72774 | Slime:3  | Danger: shining eye |T2| Reason: Malmutator in LOS
 72775 | Slime:3  | Danger: shining eye |T2| Reason: Malmutator in LOF!
 72778 | Slime:3  | Gained mutation: You are weak. (Str -2) [a shining eye]
 72781 | Slime:3  | Reached XP level 22. HP: 131/140 MP: 1/34
 72940 | Slime:3  | Danger: shining eye |T2| Reason: Malmutator in LOS
 72940 | Slime:3  | Danger: shining eye |T2| Reason: Malmutator in LOF!
 73217 | Slime:3  | Reached skill level 10 in Throwing
 73221 | Slime:3  | Danger: golden eye |T2| Reason: Confusion Gaze and low Will
 73222 | Slime:3  | Danger: golden eye |T2| Reason: Confusion Gaze and low Will
 73224 | Slime:3  | Danger: golden eye |T2| Reason: Confusion Gaze and low Will
 73228 | Slime:3  | Danger: golden eye |T2| Reason: Confusion Gaze and low Will
 73228 | Slime:3  | Danger: golden eye |T2| Reason: Confusion Gaze and low Will
 73239 | Slime:3  | Danger: golden eye |T2| Reason: Confusion Gaze and low Will
 73240 | Slime:3  | Danger: golden eye |T2| Reason: Confusion Gaze and low Will
 73253 | Slime:3  | Danger: shining eye |T2| Reason: Malmutator in LOS
 73253 | Slime:3  | Danger: shining eye |T2| Reason: Malmutator in LOF!
 73256 | Slime:3  | Danger: shining eye |T2| Reason: Malmutator in LOF!
 73579 | Slime:3  | Danger: shining eye |T2| Reason: Malmutator in LOS
 73579 | Slime:3  | Danger: shining eye |T2| Reason: Malmutator in LOF!
 74099 | Slime:4  | Danger: great orb of eyes |T3| Reason: Paralyse and low
                  | Will
 74100 | Slime:4  | Danger: great orb of eyes |T3| Reason: Paralyse and low
                  | Will
 74101 | Slime:4  | Danger: great orb of eyes |T3| Reason: Paralyse and low
                  | Will
 74102 | Slime:4  | Danger: great orb of eyes |T3| Reason: Paralyse and low
                  | Will
 74103 | Slime:4  | Danger: great orb of eyes |T3| Reason: Paralyse and low
                  | Will
 74104 | Slime:4  | Danger: great orb of eyes |T3| Reason: Paralyse and low
                  | Will
 74105 | Slime:4  | Danger: great orb of eyes |T3| Reason: Paralyse and low
                  | Will
 74106 | Slime:4  | Danger: great orb of eyes |T3| Reason: Paralyse and low
                  | Will
 74107 | Slime:4  | Danger: great orb of eyes |T3| Reason: Paralyse and low
                  | Will
 74381 | Slime:4  | Danger: great orb of eyes |T3| Reason: Paralyse and low
                  | Will
 74382 | Slime:4  | Danger: great orb of eyes |T3| Reason: Paralyse and low
                  | Will
 74383 | Slime:4  | Danger: great orb of eyes |T3| Reason: Paralyse and low
                  | Will
 74384 | Slime:4  | Danger: great orb of eyes |T3| Reason: Paralyse and low
                  | Will
 74385 | Slime:4  | Danger: great orb of eyes |T3| Reason: Paralyse and low
                  | Will
 74386 | Slime:4  | Danger: great orb of eyes |T3| Reason: Paralyse and low
                  | Will
 74678 | Slime:4  | Danger: golden eye |T2| Reason: Confusion Gaze and low Will
 74679 | Slime:4  | Danger: golden eye |T2| Reason: Confusion Gaze and low Will
 74684 | Slime:4  | Danger: golden eye |T2| Reason: Confusion Gaze and low Will
 74684 | Slime:4  | Danger: golden eye |T2| Reason: Confusion Gaze and low Will
 74684 | Slime:4  | Danger: golden eye |T2| Reason: Confusion Gaze and low Will
 74686 | Slime:4  | Danger: golden eye |T2| Reason: Confusion Gaze and low Will
 74694 | Slime:4  | Danger: golden eye |T2| Reason: Confusion Gaze and low Will
 74699 | Slime:4  | Danger: golden eye |T2| Reason: Confusion Gaze and low Will
 74699 | Slime:4  | Danger: golden eye |T2| Reason: Confusion Gaze and low Will
 74701 | Slime:4  | Danger: golden eye |T2| Reason: Confusion Gaze and low Will
 74729 | Slime:4  | Danger: Low HP Warning |T2| Reason: 53% HP (76/142)
 74730 | Slime:4  | Danger: Low HP Warning |T2| Reason: 53% HP (76/142)
 74731 | Slime:4  | Danger: Low HP Warning |T2| Reason: 53% HP (76/142)
 74732 | Slime:4  | Danger: Low HP Warning |T2| Reason: 50% HP (71/142)
 75277 | Slime:5  | Entered Level 5 of the Pits of Slime
 75545 | Slime:5  | Danger: shining eye |T2| Reason: Malmutator in LOS
 75545 | Slime:5  | Danger: shining eye |T2| Reason: Malmutator in LOF!
 75869 | Slime:5  | Danger: shining eye |T2| Reason: Malmutator in LOS
 75871 | Slime:5  | Danger: shining eye |T2| Reason: Malmutator in LOF!
 76002 | Slime:5  | Noticed the Royal Jelly
 76003 | Slime:5  | Danger: great orb of eyes |T3| Reason: Paralyse and low
                  | Will
 76043 | Slime:5  | Danger: shining eye |T2| Reason: Malmutator in LOS
 76043 | Slime:5  | Danger: shining eye |T2| Reason: Malmutator in LOF!
 76046 | Slime:5  | Danger: shining eye |T2| Reason: Malmutator in LOS
 76046 | Slime:5  | Danger: shining eye |T2| Reason: Malmutator in LOF!
 76072 | Slime:5  | Danger: golden eye |T2| Reason: Confusion Gaze and low Will
 76077 | Slime:5  | Danger: golden eye |T2| Reason: Confusion Gaze and low Will
 76079 | Slime:5  | Danger: great orb of eyes |T3| Reason: Paralyse and low
                  | Will
 76081 | Slime:5  | Danger: great orb of eyes |T3| Reason: Paralyse and low
                  | Will
 76082 | Slime:5  | Danger: great orb of eyes |T3| Reason: Paralyse and low
                  | Will
 76083 | Slime:5  | Danger: great orb of eyes |T3| Reason: Paralyse and low
                  | Will
 76084 | Slime:5  | Danger: great orb of eyes |T3| Reason: Paralyse and low
                  | Will
 76085 | Slime:5  | Danger: great orb of eyes |T3| Reason: Paralyse and low
                  | Will
 76111 | Slime:5  | Danger: great orb of eyes |T3| Reason: Paralyse and low
                  | Will
 76112 | Slime:5  | Danger: great orb of eyes |T3| Reason: Paralyse and low
                  | Will
 76113 | Slime:5  | Danger: great orb of eyes |T3| Reason: Paralyse and low
                  | Will
 76114 | Slime:5  | Danger: great orb of eyes |T3| Reason: Paralyse and low
                  | Will
 76115 | Slime:5  | Danger: great orb of eyes |T3| Reason: Paralyse and low
                  | Will
 76158 | Slime:5  | Danger: shining eye |T2| Reason: Malmutator in LOS
 76245 | Slime:5  | Danger: Royal Jelly |T2| Reason: Unique monster, careful!
 76248 | Slime:5  | Danger: Royal Jelly |T2| Reason: Unique monster, careful!
 76253 | Slime:5  | Danger: Royal Jelly |T2| Reason: Unique monster, careful!
 76260 | Slime:5  | Killed the Royal Jelly
 76266 | Slime:5  | Danger: Low HP Warning |T2| Reason: 47% HP (70/146)
 76570 | Slime:5  | Identified the +8 chain mail of Gravitas {*Corrode rN++}
 76580 | Slime:5  | Identified the +2 sling of Popular Demand {heavy, rPois
                  | rCorr}
 76645 | Slime:5  | Danger: Low HP Warning |T2| Reason: 58% HP (86/146)
 76646 | Slime:5  | Danger: Low HP Warning |T2| Reason: 42% HP (62/146)
 76647 | Slime:5  | Danger: Low HP Warning |T2| Reason: 42% HP (62/146)
 76648 | Slime:5  | Danger: Low HP Warning |T2| Reason: 42% HP (62/146)
 76649 | Slime:5  | Danger: Low HP Warning |T2| Reason: 37% HP (55/146)
 76650 | Slime:5  | Danger: Low HP Warning |T2| Reason: 32% HP (47/146)
 76651 | Slime:5  | Danger: Low HP Warning |T2| Reason: 30% HP (45/146)
 76652 | Slime:5  | Danger: Low HP Warning |T2| Reason: 30% HP (44/146)
 76653 | Slime:5  | Danger: Low HP Warning |T2| Reason: 30% HP (44/146)
 76654 | Slime:5  | Danger: Low HP Warning |T3| Reason: 24% HP (36/146)
 76655 | Slime:5  | Danger: Low HP Warning |T3| Reason: 25% HP (37/146)
 76656 | Slime:5  | Danger: Low HP Warning |T3| Reason: 25% HP (37/146)
 76662 | Slime:5  | Danger: Low HP Warning |T2| Reason: 27% HP (40/146)
 76663 | Slime:5  | Danger: Low HP Warning |T2| Reason: 27% HP (40/146)
 76664 | Slime:5  | Danger: Low HP Warning |T2| Reason: 28% HP (41/146)
 76665 | Slime:5  | Danger: Low HP Warning |T2| Reason: 28% HP (41/146)
 76666 | Slime:5  | Danger: Low HP Warning |T2| Reason: 28% HP (41/146)
 76686 | Slime:5  | Danger: Low HP Warning |T2| Reason: 34% HP (50/146)
 76687 | Slime:5  | Danger: Low HP Warning |T2| Reason: 34% HP (51/146)
 76688 | Slime:5  | Danger: Low HP Warning |T2| Reason: 34% HP (51/146)
 76689 | Slime:5  | Danger: Low HP Warning |T2| Reason: 35% HP (52/146)
 76697 | Slime:5  | Danger: Low HP Warning |T2| Reason: 37% HP (55/146)
 76698 | Slime:5  | Danger: Low HP Warning |T2| Reason: 38% HP (56/146)
 76739 | Slime:5  | Danger: Low HP Warning |T2| Reason: 50% HP (73/146)
 76948 | Slime:5  | Got the Incunable of Idealism
 76958 | Slime:5  | Got the Collected Works on the Snowy Swarm
 76961 | Slime:5  | Identified the +10 falchion of Courage {drain, rPois rC-
                  | Will+ Int+3}
 77014 | Slime:5  | Identified the amulet "Iqotwehu" {Faith *Corrode rElec rF-
                  | rC++}
 77036 | Slime:5  | Identified the +6 morningstar of Fortitude {holy, rF+
                  | Dex+2}
 77048 | Slime:5  | Got a slimy rune of Zot
 77243 | Slime:5  | Identified the +2 arbalest of the Spectre {penet, rC+ Str+3
                  | Dex-4 SInv}
 77245 | Slime:5  | Identified the +1 quarterstaff of Peace {freeze, Fragile
                  | rC+ rN+ Stlth+}
 79023 | Vaults:1 | Entered Level 1 of the Vaults
 79024 | Vaults:1 | Danger: ironbound thunderhulk |T2| Reason: Call Down
                  | Lightning deals more than 50% MHP!
 79263 | Vaults:1 | Found Hekheg's Weapon Emporium.
 79511 | Vaults:1 | Danger: yaktaur |T3| Reason: Quivering datura, careful!
 79511 | Vaults:1 | Danger: yaktaur |T2| Reason: carrying a wand of mindburst
                  | (6), careful!
 79512 | Vaults:1 | Danger: yaktaur |T3| Reason: Quivering datura, careful!
 79513 | Vaults:1 | Danger: yaktaur |T3| Reason: Quivering datura, careful!
 79633 | Vaults:1 | Danger: redback |T2| Reason: OOD monster, careful!
 80049 | Vaults:1 | Danger: fire giant |T2| Reason: OOD monster, careful!
 80049 | Vaults:1 | Danger: fire giant |T2| Reason: Bolt of Fire deals more
                  | than 50% MHP!
 80049 | Vaults:1 | Danger: fire giant |T2| Reason: Fireball deals more than
                  | 50% MHP!
 80055 | Vaults:1 | Danger: ettin |T2| Reason: OOD monster, careful!
 80423 | Vaults:1 | Danger: vault guard |T2| Reason: OOD monster, careful!
 80849 | Vaults:1 | Danger: ironbound thunderhulk |T2| Reason: Call Down
                  | Lightning deals more than 50% MHP!
 80855 | Vaults:1 | Danger: ironbound thunderhulk |T2| Reason: Call Down
                  | Lightning deals more than 50% MHP!
 81065 | Vaults:1 | Found a runed translucent gate.
 81066 | Vaults:1 | Found a runed translucent gate.
 81066 | Vaults:1 | Found a runed translucent gate.
 81146 | Vaults:1 | Danger: wizard |T3| Reason: Banishment and low Will
 81147 | Vaults:1 | Danger: wizard |T3| Reason: Banishment and low Will
 81305 | Vaults:1 | Identified the +4 arbalest of Anxiety {speed, rElec rC+
                  | Will+}
 81452 | Vaults:1 | Reached XP level 23. HP: 154/155 MP: 0/35
 82341 | Vaults:1 | Noticed Midn8's ghost (adept HOTm)
 82366 | Vaults:1 | Danger: Low HP Warning |T2| Reason: 46% HP (73/156)
 82367 | Vaults:1 | Danger: Low HP Warning |T2| Reason: 34% HP (54/156)
 82368 | Vaults:1 | Danger: Low HP Warning |T2| Reason: 33% HP (52/155)
 82369 | Vaults:1 | Danger: Low HP Warning |T2| Reason: 34% HP (53/155)
 82653 | Vaults:1 | Killed Midn8's ghost
 83289 | Vaults:1 | Found Hekheg's Weapon Emporium.
 83844 | Vaults:2 | You fall into a shaft and drop 1 floor!
 83844 | Vaults:2 | Danger: Shafted! |T3| Reason: Shafted!
 83879 | Vaults:3 | Danger: ironbound thunderhulk |T2| Reason: Call Down
                  | Lightning deals more than 50% MHP!
 83881 | Vaults:3 | Danger: ironbound thunderhulk |T2| Reason: Call Down
                  | Lightning deals more than 50% MHP!
 83890 | Vaults:3 | Danger: storm dragon |T2| Reason: OOD monster, careful!
 83903 | Vaults:3 | Danger: vault guard |T2| Reason: OOD monster, careful!
 83913 | Vaults:3 | Danger: Low HP Warning |T2| Reason: 35% HP (55/156)
 83914 | Vaults:3 | Danger: Low HP Warning |T2| Reason: 35% HP (56/156)
 83915 | Vaults:3 | Danger: Low HP Warning |T2| Reason: 35% HP (56/156)
 83916 | Vaults:3 | Danger: Low HP Warning |T2| Reason: 28% HP (44/156)
 83917 | Vaults:3 | Danger: Low HP Warning |T2| Reason: 42% HP (66/156)
 83918 | Vaults:3 | Danger: Low HP Warning |T2| Reason: 39% HP (61/156)
 84067 | Vaults:3 | Danger: ironbound thunderhulk |T2| Reason: Call Down
                  | Lightning deals more than 50% MHP!
 84267 | Vaults:3 | Danger: ironbound thunderhulk |T2| Reason: Call Down
                  | Lightning deals more than 50% MHP!
 84269 | Vaults:3 | Danger: great orb of eyes |T3| Reason: Paralyse and low
                  | Will
 84270 | Vaults:3 | Danger: great orb of eyes |T3| Reason: Paralyse and low
                  | Will
 84271 | Vaults:3 | Danger: great orb of eyes |T3| Reason: Paralyse and low
                  | Will
 84272 | Vaults:3 | Danger: great orb of eyes |T3| Reason: Paralyse and low
                  | Will
 84273 | Vaults:3 | Danger: great orb of eyes |T3| Reason: Paralyse and low
                  | Will
 84274 | Vaults:3 | Danger: great orb of eyes |T3| Reason: Paralyse and low
                  | Will
 84275 | Vaults:3 | Danger: great orb of eyes |T3| Reason: Paralyse and low
                  | Will
 84312 | Vaults:3 | Danger: war gargoyle |T2| Reason: OOD monster, careful!
 84312 | Vaults:3 | Danger: war gargoyle |T2| Reason: Metal Splinters deals
                  | more than 50% MHP!
 84484 | Vaults:3 | Danger: vault guard |T2| Reason: OOD monster, careful!
 84888 | Vaults:3 | Danger: great orb of eyes |T3| Reason: Paralyse and low
                  | Will
 84889 | Vaults:3 | Danger: great orb of eyes |T3| Reason: Paralyse and low
                  | Will
 84890 | Vaults:3 | Danger: great orb of eyes |T3| Reason: Paralyse and low
                  | Will
 84891 | Vaults:3 | Danger: great orb of eyes |T3| Reason: Paralyse and low
                  | Will
 84892 | Vaults:3 | Danger: great orb of eyes |T3| Reason: Paralyse and low
                  | Will
 84963 | Vaults:3 | Danger: deep elf sorcerer |T3| Reason: Banishment and low
                  | Will
 84963 | Vaults:3 | Danger: deep elf sorcerer |T2| Reason: OOD monster,
                  | careful!
 84963 | Vaults:3 | Danger: deep elf sorcerer |T2| Reason: Damnation in LOS,
                  | careful!
 84966 | Vaults:3 | Danger: deep elf sorcerer |T3| Reason: Banishment and low
                  | Will
 84967 | Vaults:3 | Danger: deep elf sorcerer |T3| Reason: Banishment and low
                  | Will
 85130 | Vaults:3 | Danger: ironbound thunderhulk |T2| Reason: Call Down
                  | Lightning deals more than 50% MHP!
 85460 | Vaults:3 | Danger: vault guard |T2| Reason: OOD monster, careful!
 85461 | Vaults:3 | Danger: vault guard |T2| Reason: OOD monster, careful!
 85463 | Vaults:3 | Danger: vault guard |T2| Reason: OOD monster, careful!
 85465 | Vaults:3 | Danger: storm dragon |T2| Reason: OOD monster, careful!
 85476 | Vaults:3 | Danger: vault guard |T2| Reason: OOD monster, careful!
 85502 | Vaults:3 | Learned a level 1 spell: Apportation
 85787 | Vaults:3 | Reached skill level 23 in Dodging
 86232 | Vaults:3 | Danger: Low HP Warning |T2| Reason: 53% HP (84/156)
 86233 | Vaults:3 | Danger: Low HP Warning |T2| Reason: 54% HP (85/156)
 86234 | Vaults:3 | Danger: Low HP Warning |T2| Reason: 54% HP (85/156)
 86235 | Vaults:3 | Danger: Low HP Warning |T2| Reason: 54% HP (85/156)
 86236 | Vaults:3 | Danger: Low HP Warning |T2| Reason: 55% HP (86/156)
 86237 | Vaults:3 | Danger: Low HP Warning |T2| Reason: 55% HP (86/156)
 86238 | Vaults:3 | Danger: Low HP Warning |T2| Reason: 55% HP (87/156)
 86239 | Vaults:3 | Danger: Low HP Warning |T2| Reason: 55% HP (87/156)
 86240 | Vaults:3 | Danger: Low HP Warning |T2| Reason: 55% HP (87/156)
 86241 | Vaults:3 | Danger: Low HP Warning |T2| Reason: 53% HP (84/156)
 86245 | Vaults:3 | Danger: Low HP Warning |T2| Reason: 54% HP (85/156)
 86246 | Vaults:3 | Danger: Low HP Warning |T2| Reason: 55% HP (86/156)
 86247 | Vaults:3 | Danger: Low HP Warning |T2| Reason: 55% HP (86/156)
 86248 | Vaults:3 | Danger: Low HP Warning |T2| Reason: 55% HP (87/156)
 86249 | Vaults:3 | Danger: vault guard |T2| Reason: OOD monster, careful!
 86249 | Vaults:3 | Danger: Low HP Warning |T2| Reason: 48% HP (76/156)
 86250 | Vaults:3 | Danger: Low HP Warning |T2| Reason: 48% HP (76/156)
 86251 | Vaults:3 | Danger: Low HP Warning |T2| Reason: 49% HP (77/156)
 86252 | Vaults:3 | Danger: Low HP Warning |T2| Reason: 49% HP (77/156)
 86253 | Vaults:3 | Danger: Low HP Warning |T2| Reason: 49% HP (77/156)
 86254 | Vaults:3 | Danger: Low HP Warning |T2| Reason: 39% HP (62/156)
 86255 | Vaults:3 | Danger: Low HP Warning |T2| Reason: 35% HP (56/156)
 86256 | Vaults:3 | Danger: Low HP Warning |T3| Reason: 20% HP (32/156)
 86257 | Vaults:3 | Danger: Low HP Warning |T3| Reason: 21% HP (33/156)
 86258 | Vaults:3 | Danger: Low HP Warning |T3| Reason: 21% HP (33/156)
 86260 | Vaults:3 | Danger: Low HP Warning |T3| Reason: 21% HP (34/156)
 86261 | Vaults:3 | Danger: Low HP Warning |T3| Reason: 22% HP (35/156)
 86264 | Vaults:3 | Danger: Low HP Warning |T3| Reason: 23% HP (36/156)
 86265 | Vaults:3 | Danger: Low HP Warning |T3| Reason: 23% HP (37/156)
 86266 | Vaults:3 | Danger: Low HP Warning |T3| Reason: 23% HP (37/156)
 86320 | Vaults:3 | Danger: Low HP Warning |T2| Reason: 39% HP (62/156)
 86321 | Vaults:3 | Danger: Low HP Warning |T2| Reason: 37% HP (58/156)
 86578 | Vaults:3 | Danger: vault guard |T2| Reason: OOD monster, careful!
 86584 | Vaults:3 | Danger: vault guard |T2| Reason: OOD monster, careful!
 87614 | Vaults:3 | Reached skill level 24 in Dodging
 88997 | Vaults:2 | Found Itoeziacs's Book Emporium.
 89592 | Vaults:2 | Danger: great orb of eyes |T3| Reason: Paralyse and low
                  | Will
 89593 | Vaults:2 | Danger: great orb of eyes |T3| Reason: Paralyse and low
                  | Will
 89594 | Vaults:2 | Danger: great orb of eyes |T3| Reason: Paralyse and low
                  | Will
 89595 | Vaults:2 | Danger: great orb of eyes |T3| Reason: Paralyse and low
                  | Will
 89596 | Vaults:2 | Danger: great orb of eyes |T3| Reason: Paralyse and low
                  | Will
 89597 | Vaults:2 | Danger: great orb of eyes |T3| Reason: Paralyse and low
                  | Will
 89598 | Vaults:2 | Danger: great orb of eyes |T3| Reason: Paralyse and low
                  | Will
 89599 | Vaults:2 | Danger: great orb of eyes |T3| Reason: Paralyse and low
                  | Will
 89600 | Vaults:2 | Danger: great orb of eyes |T3| Reason: Paralyse and low
                  | Will
 89601 | Vaults:2 | Danger: great orb of eyes |T3| Reason: Paralyse and low
                  | Will
 89602 | Vaults:2 | Danger: great orb of eyes |T3| Reason: Paralyse and low
                  | Will
 89603 | Vaults:2 | Danger: great orb of eyes |T3| Reason: Paralyse and low
                  | Will
 90083 | Vaults:2 | Reached XP level 24. HP: 163/163 MP: 4/35
 90111 | Vaults:2 | Reached skill level 25 in Dodging
 90623 | Vaults:2 | Danger: deep elf sorcerer |T3| Reason: Banishment and low
                  | Will
 90623 | Vaults:2 | Danger: deep elf sorcerer |T2| Reason: OOD monster,
                  | careful!
 90623 | Vaults:2 | Danger: deep elf sorcerer |T2| Reason: Damnation in LOS,
                  | careful!
 90623 | Vaults:2 | Danger: storm dragon |T2| Reason: OOD monster, careful!
 90624 | Vaults:2 | Danger: deep elf sorcerer |T3| Reason: Banishment and low
                  | Will
 90625 | Vaults:2 | Danger: deep elf sorcerer |T3| Reason: Banishment and low
                  | Will
 90859 | Vaults:2 | Danger: lich |T2| Reason: Slow and low Will, careful
 90859 | Vaults:2 | Danger: lich |T2| Reason: OOD monster, careful!
 90859 | Vaults:2 | Danger: lich |T2| Reason: Bolt of Cold deals more than 50%
                  | MHP!
 90859 | Vaults:2 | Danger: lich |T2| Reason: Orb of Destruction deals more
                  | than 50% MHP!
 90862 | Vaults:2 | Danger: great orb of eyes |T3| Reason: Paralyse and low
                  | Will
 90863 | Vaults:2 | Danger: great orb of eyes |T3| Reason: Paralyse and low
                  | Will
 90863 | Vaults:2 | Found a staircase to the Crypt.
 90864 | Vaults:2 | Danger: great orb of eyes |T3| Reason: Paralyse and low
                  | Will
 90865 | Vaults:2 | Danger: great orb of eyes |T3| Reason: Paralyse and low
                  | Will
 90866 | Vaults:2 | Danger: great orb of eyes |T3| Reason: Paralyse and low
                  | Will
 91240 | Vaults:2 | Danger: wizard |T3| Reason: Banishment and low Will
 91241 | Vaults:2 | Danger: wizard |T3| Reason: Banishment and low Will
 91242 | Vaults:2 | Danger: wizard |T3| Reason: Banishment and low Will
 91243 | Vaults:2 | Danger: wizard |T3| Reason: Banishment and low Will
 91925 | Vaults:4 | Danger: Low HP Warning |T2| Reason: 53% HP (89/166)
 91926 | Vaults:4 | Danger: Low HP Warning |T2| Reason: 53% HP (88/166)
 91927 | Vaults:4 | Danger: Low HP Warning |T2| Reason: 53% HP (88/166)
 91928 | Vaults:4 | Danger: Low HP Warning |T2| Reason: 53% HP (88/166)
 91929 | Vaults:4 | Danger: Low HP Warning |T2| Reason: 53% HP (89/166)
 91930 | Vaults:4 | Danger: Low HP Warning |T2| Reason: 53% HP (89/166)
 91931 | Vaults:4 | Danger: Low HP Warning |T2| Reason: 53% HP (89/166)
 91932 | Vaults:4 | Danger: Low HP Warning |T2| Reason: 54% HP (90/166)
 91933 | Vaults:4 | Danger: Low HP Warning |T2| Reason: 54% HP (90/166)
 91934 | Vaults:4 | Danger: Low HP Warning |T2| Reason: 54% HP (91/166)
 91935 | Vaults:4 | Danger: Low HP Warning |T2| Reason: 54% HP (91/166)
 91936 | Vaults:4 | Danger: Low HP Warning |T2| Reason: 55% HP (92/166)
 91937 | Vaults:4 | Danger: Low HP Warning |T2| Reason: 55% HP (92/166)
 91938 | Vaults:4 | Danger: Low HP Warning |T2| Reason: 55% HP (92/166)
 91939 | Vaults:4 | Danger: Low HP Warning |T2| Reason: 56% HP (93/166)
 91940 | Vaults:4 | Danger: Low HP Warning |T2| Reason: 56% HP (93/166)
 91941 | Vaults:4 | Danger: Low HP Warning |T2| Reason: 49% HP (82/166)
 91942 | Vaults:4 | Danger: Low HP Warning |T2| Reason: 49% HP (82/166)
 91943 | Vaults:4 | Danger: Low HP Warning |T2| Reason: 50% HP (83/166)
 91944 | Vaults:4 | Danger: Low HP Warning |T2| Reason: 42% HP (71/166)
 91945 | Vaults:4 | Danger: Low HP Warning |T2| Reason: 42% HP (71/166)
 91946 | Vaults:4 | Danger: Low HP Warning |T2| Reason: 43% HP (72/166)
 91947 | Vaults:4 | Danger: Low HP Warning |T2| Reason: 36% HP (60/166)
 91948 | Vaults:4 | Danger: Low HP Warning |T2| Reason: 36% HP (61/166)
 91949 | Vaults:4 | Danger: Low HP Warning |T2| Reason: 36% HP (61/166)
 91950 | Vaults:4 | Danger: Low HP Warning |T2| Reason: 36% HP (61/166)
 91951 | Vaults:4 | Danger: Low HP Warning |T2| Reason: 37% HP (62/166)
 91952 | Vaults:4 | Danger: Low HP Warning |T2| Reason: 37% HP (62/166)
 91953 | Vaults:4 | Danger: Low HP Warning |T2| Reason: 37% HP (63/166)
 91954 | Vaults:4 | Danger: Low HP Warning |T2| Reason: 37% HP (63/166)
 91955 | Vaults:4 | Danger: Low HP Warning |T2| Reason: 37% HP (63/166)
 91956 | Vaults:4 | Danger: Low HP Warning |T2| Reason: 31% HP (53/166)
 91957 | Vaults:4 | Danger: Low HP Warning |T3| Reason: 17% HP (29/166)
 91958 | Vaults:4 | Danger: Low HP Warning |T3| Reason: 17% HP (29/166)
 91959 | Vaults:4 | Danger: Low HP Warning |T3| Reason: 18% HP (30/166)
 91960 | Vaults:4 | Danger: Low HP Warning |T3| Reason: 18% HP (30/166)
 91966 | Vaults:4 | Danger: Low HP Warning |T3| Reason: 18% HP (31/167)
 91967 | Vaults:4 | Danger: Low HP Warning |T3| Reason: 19% HP (32/167)
 91970 | Vaults:4 | Danger: Low HP Warning |T3| Reason: 19% HP (33/167)
 91973 | Vaults:4 | Danger: Low HP Warning |T3| Reason: 20% HP (34/167)
 91974 | Vaults:4 | Danger: Low HP Warning |T3| Reason: 20% HP (35/167)
 91975 | Vaults:4 | Danger: Low HP Warning |T3| Reason: 19% HP (32/168)
 91976 | Vaults:4 | Danger: Low HP Warning |T3| Reason: 19% HP (33/168)
 91977 | Vaults:4 | Danger: Low HP Warning |T3| Reason: 17% HP (30/168)
 91978 | Vaults:4 | Danger: Low HP Warning |T3| Reason: 14% HP (25/168)
 91979 | Vaults:4 | Danger: Low HP Warning |T3| Reason: 15% HP (26/168)
 92338 | Vaults:4 | Found Letutev's Assorted Antiques.
 92343 | Vaults:4 | Bought a scroll of fog for 184 gold pieces
 92356 | Vaults:4 | Danger: vault guard |T2| Reason: OOD monster, careful!
 92357 | Vaults:4 | Danger: vault guard |T2| Reason: OOD monster, careful!
 92518 | Vaults:4 | Identified the +3 flail of Usahug {drain, Str+2}
 92696 | Vaults:4 | Danger: vault guard |T2| Reason: OOD monster, careful!
 92697 | Vaults:4 | Danger: vault guard |T2| Reason: OOD monster, careful!
 93270 | Vaults:4 | Noticed Zenata
 93271 | Vaults:4 | Danger: Zenata |T2| Reason: Unique monster, careful!
 93274 | Vaults:4 | Killed Zenata
 93936 | Vaults:4 | Danger: great orb of eyes |T3| Reason: Paralyse and low
                  | Will
 93937 | Vaults:4 | Danger: great orb of eyes |T3| Reason: Paralyse and low
                  | Will
 93938 | Vaults:4 | Danger: great orb of eyes |T3| Reason: Paralyse and low
                  | Will
 94297 | Vaults:4 | Identified the amulet "Lateg" {Acrobat rElec}
 94618 | Vaults:4 | Noticed Xtahua
 94619 | Vaults:4 | Danger: Xtahua |T3| Reason: Paralyse and low Will
 94619 | Vaults:4 | Danger: Xtahua |T2| Reason: Unique monster, careful!
 94619 | Vaults:4 | Danger: Xtahua |T3| Reason: Searing Breath (3d40) and not
                  | rF+++, watch out!
 94619 | Vaults:4 | Danger: Xtahua |T2| Reason: Searing Breath deals more than
                  | 50% MHP!
 94619 | Vaults:4 | Danger: great orb of eyes |T3| Reason: Paralyse and low
                  | Will
 94620 | Vaults:4 | Danger: Xtahua |T3| Reason: Paralyse and low Will
 94620 | Vaults:4 | Danger: Xtahua |T3| Reason: Searing Breath (3d40) and not
                  | rF+++, watch out!
 94620 | Vaults:4 | Danger: great orb of eyes |T3| Reason: Paralyse and low
                  | Will
 94621 | Vaults:4 | Danger: Xtahua |T3| Reason: Paralyse and low Will
 94621 | Vaults:4 | Danger: Xtahua |T3| Reason: Searing Breath (3d40) and not
                  | rF+++, watch out!
 94621 | Vaults:4 | Danger: great orb of eyes |T3| Reason: Paralyse and low
                  | Will
 94622 | Vaults:4 | Danger: Xtahua |T3| Reason: Paralyse and low Will
 94622 | Vaults:4 | Danger: Xtahua |T3| Reason: Searing Breath (3d40) and not
                  | rF+++, watch out!
 94622 | Vaults:4 | Danger: great orb of eyes |T3| Reason: Paralyse and low
                  | Will
 94623 | Vaults:4 | Danger: Xtahua |T3| Reason: Paralyse and low Will
 94623 | Vaults:4 | Danger: Xtahua |T3| Reason: Searing Breath (3d40) and not
                  | rF+++, watch out!
 94623 | Vaults:4 | Danger: great orb of eyes |T3| Reason: Paralyse and low
                  | Will
 94624 | Vaults:4 | Danger: Xtahua |T3| Reason: Paralyse and low Will
 94624 | Vaults:4 | Danger: Xtahua |T3| Reason: Searing Breath (3d40) and not
                  | rF+++, watch out!
 94624 | Vaults:4 | Danger: great orb of eyes |T3| Reason: Paralyse and low
                  | Will
 94625 | Vaults:4 | Danger: Xtahua |T3| Reason: Paralyse and low Will
 94625 | Vaults:4 | Danger: Xtahua |T3| Reason: Searing Breath (3d40) and not
                  | rF+++, watch out!
 94625 | Vaults:4 | Danger: great orb of eyes |T3| Reason: Paralyse and low
                  | Will
 94626 | Vaults:4 | Danger: Xtahua |T3| Reason: Paralyse and low Will
 94626 | Vaults:4 | Danger: Xtahua |T3| Reason: Searing Breath (3d40) and not
                  | rF+++, watch out!
 94627 | Vaults:4 | Danger: Xtahua |T3| Reason: Paralyse and low Will
 94627 | Vaults:4 | Danger: Xtahua |T3| Reason: Searing Breath (3d40) and not
                  | rF+++, watch out!
 94627 | Vaults:4 | Killed Xtahua
 94871 | Vaults:4 | Danger: sphinx |T3| Reason: Paralyse and low Will
 94871 | Vaults:4 | Danger: sphinx |T2| Reason: Slow and low Will, careful
 94872 | Vaults:4 | Danger: sphinx |T3| Reason: Paralyse and low Will
 94873 | Vaults:4 | Danger: sphinx |T3| Reason: Paralyse and low Will
 94874 | Vaults:4 | Danger: sphinx |T3| Reason: Paralyse and low Will
 95106 | Vaults:5 | Entered Level 5 of the Vaults
 95110 | Vaults:4 | Danger: vault guard |T2| Reason: OOD monster, careful!
 95110 | Vaults:4 | Danger: vault guard |T2| Reason: OOD monster, careful!
 95110 | Vaults:4 | Danger: vault guard |T2| Reason: OOD monster, careful!
 95110 | Vaults:4 | Danger: vault guard |T2| Reason: OOD monster, careful!
 95110 | Vaults:4 | Danger: vault guard |T2| Reason: OOD monster, careful!
 95258 | Vaults:4 | Danger: vault guard |T2| Reason: OOD monster, careful!
 95258 | Vaults:4 | Danger: vault guard |T2| Reason: OOD monster, careful!
 95258 | Vaults:4 | Danger: vault guard |T2| Reason: OOD monster, careful!
 95258 | Vaults:4 | Danger: vault guard |T2| Reason: OOD monster, careful!
 95258 | Vaults:4 | Danger: vault guard |T2| Reason: OOD monster, careful!
 95407 | Vaults:5 | Danger: stone giant |T2| Reason: Quivering large rocks,
                  | watch out!!
 95409 | Vaults:4 | Danger: vault guard |T2| Reason: OOD monster, careful!
 95409 | Vaults:4 | Danger: ettin |T2| Reason: OOD monster, careful!
 95409 | Vaults:4 | Danger: vault guard |T2| Reason: OOD monster, careful!
 95409 | Vaults:4 | Danger: vault guard |T2| Reason: OOD monster, careful!
 95409 | Vaults:4 | Danger: vault guard |T2| Reason: OOD monster, careful!
 95409 | Vaults:4 | Danger: ettin |T2| Reason: OOD monster, careful!
 95409 | Vaults:4 | Danger: vault guard |T2| Reason: OOD monster, careful!
 95409 | Vaults:4 | Danger: vault guard |T2| Reason: OOD monster, careful!
 95412 | Vaults:4 | Danger: Low HP Warning |T2| Reason: 57% HP (99/173)
 95413 | Vaults:4 | Danger: Low HP Warning |T2| Reason: 57% HP (99/173)
 95414 | Vaults:4 | Danger: Low HP Warning |T2| Reason: 54% HP (95/173)
 95415 | Vaults:4 | Danger: Low HP Warning |T2| Reason: 52% HP (91/173)
 95416 | Vaults:4 | Danger: Low HP Warning |T2| Reason: 52% HP (91/173)
 95417 | Vaults:4 | Danger: Low HP Warning |T2| Reason: 53% HP (92/173)
 95418 | Vaults:4 | Danger: Low HP Warning |T2| Reason: 53% HP (92/173)
 95598 | Vaults:4 | Danger: vault guard |T2| Reason: OOD monster, careful!
 95598 | Vaults:4 | Danger: vault guard |T2| Reason: OOD monster, careful!
 95598 | Vaults:4 | Danger: vault guard |T2| Reason: OOD monster, careful!
 95750 | Vaults:4 | Danger: vault guard |T2| Reason: OOD monster, careful!
 95759 | Vaults:5 | Danger: ogre mage |T3| Reason: Paralyse and low Will
 95759 | Vaults:5 | Danger: stone giant |T2| Reason: Quivering large rocks,
                  | watch out!!
 95760 | Vaults:5 | Danger: ogre mage |T3| Reason: Paralyse and low Will
 95762 | Vaults:4 | Danger: vault guard |T2| Reason: OOD monster, careful!
 95906 | Vaults:5 | Danger: stone giant |T2| Reason: Quivering large rocks,
                  | watch out!!
 95909 | Vaults:5 | Danger: ogre mage |T3| Reason: Paralyse and low Will
 95913 | Vaults:4 | Danger: stone giant |T2| Reason: OOD monster, careful!
 96032 | Vaults:5 | Noticed an ancient lich
 96215 | Vaults:5 | Noticed a golden dragon
 96216 | Vaults:5 | Danger: shining eye |T2| Reason: Malmutator in LOS
 96216 | Vaults:5 | Danger: shining eye |T2| Reason: Malmutator in LOF!
 96219 | Vaults:5 | Killed a golden dragon
 96526 | Vaults:5 | Noticed a dread lich
 96527 | Vaults:5 | Danger: deep elf demonologist |T3| Reason: Banishment and
                  | low Will
 96527 | Vaults:5 | Danger: dread lich |T3| Reason: Paralyse and low Will
 96528 | Vaults:5 | Danger: deep elf demonologist |T3| Reason: Banishment and
                  | low Will
 96528 | Vaults:5 | Danger: dread lich |T3| Reason: Paralyse and low Will
 96529 | Vaults:5 | Danger: deep elf demonologist |T3| Reason: Banishment and
                  | low Will
 96545 | Vaults:5 | Danger: Brimstone Fiend |T3| Reason: Torment and not
                  | torment immune!
 96545 | Vaults:5 | Danger: Brimstone Fiend |T2| Reason: Damnation in LOS,
                  | careful!
 96546 | Vaults:5 | Danger: Brimstone Fiend |T3| Reason: Torment and not
                  | torment immune!
 96547 | Vaults:5 | Danger: Brimstone Fiend |T3| Reason: Torment and not
                  | torment immune!
 96547 | Vaults:5 | Danger: Low HP Warning |T2| Reason: 34% HP (59/170)
 96548 | Vaults:5 | Danger: Brimstone Fiend |T3| Reason: Torment and not
                  | torment immune!
 96548 | Vaults:5 | Danger: Low HP Warning |T2| Reason: 35% HP (60/170)
 96549 | Vaults:5 | Danger: Brimstone Fiend |T3| Reason: Torment and not
                  | torment immune!
 96549 | Vaults:5 | Danger: Low HP Warning |T3| Reason: 20% HP (34/170)
 96555 | Vaults:5 | Danger: Brimstone Fiend |T3| Reason: Torment and not
                  | torment immune!
 96555 | Vaults:5 | Danger: Brimstone Fiend |T2| Reason: Damnation in LOS,
                  | careful!
 96555 | Vaults:5 | Danger: Low HP Warning |T2| Reason: 44% HP (76/170)
 96555 | Vaults:5 | Killed a dread lich
 96556 | Vaults:5 | Danger: Low HP Warning |T2| Reason: 43% HP (77/176)
 96557 | Vaults:5 | Danger: Low HP Warning |T2| Reason: 43% HP (77/176)
 96558 | Vaults:5 | Danger: Low HP Warning |T2| Reason: 43% HP (77/176)
 96559 | Vaults:5 | Danger: Low HP Warning |T2| Reason: 44% HP (78/176)
 96560 | Vaults:5 | Danger: Low HP Warning |T2| Reason: 44% HP (78/176)
 96561 | Vaults:5 | Danger: Low HP Warning |T2| Reason: 44% HP (78/176)
 96562 | Vaults:5 | Danger: Low HP Warning |T2| Reason: 40% HP (72/176)
 96563 | Vaults:5 | Danger: Low HP Warning |T2| Reason: 40% HP (72/176)
 96564 | Vaults:5 | Danger: Low HP Warning |T2| Reason: 41% HP (73/176)
 96565 | Vaults:5 | Danger: Low HP Warning |T2| Reason: 41% HP (73/176)
 96566 | Vaults:5 | Danger: Low HP Warning |T2| Reason: 40% HP (72/176)
 96567 | Vaults:5 | Danger: Low HP Warning |T2| Reason: 41% HP (73/176)
 96568 | Vaults:5 | Danger: Low HP Warning |T2| Reason: 41% HP (73/176)
 96569 | Vaults:5 | Danger: Low HP Warning |T2| Reason: 41% HP (73/176)
 96570 | Vaults:5 | Danger: Low HP Warning |T2| Reason: 40% HP (72/176)
 96571 | Vaults:5 | Danger: Low HP Warning |T2| Reason: 40% HP (72/176)
 96572 | Vaults:5 | Danger: deep elf high priest |T2| Reason: Damnation (smite)
                  | in LOS, watch out!
 96572 | Vaults:5 | Danger: Low HP Warning |T2| Reason: 41% HP (73/176)
 96573 | Vaults:5 | Reached XP level 25. HP: 75/181 MP: 1/35
 96573 | Vaults:5 | Danger: Low HP Warning |T2| Reason: 41% HP (75/181)
 96574 | Vaults:5 | Danger: Low HP Warning |T2| Reason: 41% HP (75/181)
 96575 | Vaults:5 | Danger: Low HP Warning |T2| Reason: 41% HP (76/181)
 96576 | Vaults:5 | Danger: Low HP Warning |T2| Reason: 41% HP (76/181)
 96577 | Vaults:5 | Danger: Low HP Warning |T2| Reason: 41% HP (76/181)
 96578 | Vaults:5 | Danger: Low HP Warning |T2| Reason: 42% HP (77/181)
 96579 | Vaults:5 | Danger: Low HP Warning |T2| Reason: 42% HP (77/181)
 96580 | Vaults:5 | Danger: Low HP Warning |T2| Reason: 42% HP (77/181)
 96581 | Vaults:5 | Danger: Low HP Warning |T2| Reason: 43% HP (78/181)
 96582 | Vaults:5 | Danger: Low HP Warning |T2| Reason: 43% HP (78/181)
 96583 | Vaults:5 | Danger: Low HP Warning |T2| Reason: 43% HP (78/181)
 96585 | Vaults:5 | Danger: Low HP Warning |T2| Reason: 43% HP (79/181)
 96586 | Vaults:5 | Danger: Low HP Warning |T2| Reason: 43% HP (79/181)
 96587 | Vaults:5 | Danger: Low HP Warning |T2| Reason: 44% HP (80/181)
 96588 | Vaults:5 | Danger: Low HP Warning |T2| Reason: 44% HP (80/181)
 96589 | Vaults:5 | Danger: Low HP Warning |T2| Reason: 44% HP (81/181)
 96590 | Vaults:5 | Danger: Low HP Warning |T2| Reason: 44% HP (81/181)
 96591 | Vaults:5 | Danger: Low HP Warning |T2| Reason: 44% HP (81/181)
 96592 | Vaults:5 | Danger: Low HP Warning |T2| Reason: 44% HP (81/181)
 96607 | Vaults:5 | Danger: Low HP Warning |T2| Reason: 48% HP (87/181)
 96638 | Vaults:5 | Danger: Low HP Warning |T2| Reason: 56% HP (102/181)
 96639 | Vaults:5 | Danger: Low HP Warning |T2| Reason: 56% HP (103/181)
 96640 | Vaults:5 | Danger: Low HP Warning |T2| Reason: 56% HP (103/181)
 96641 | Vaults:5 | Danger: Low HP Warning |T2| Reason: 57% HP (104/181)
 96642 | Vaults:5 | Danger: Low HP Warning |T2| Reason: 57% HP (104/181)
 96864 | Vaults:5 | Identified the +9 mace of Indomitability {venom, rPois}
 96877 | Vaults:5 | Danger: deep elf high priest |T2| Reason: Damnation (smite)
                  | in LOS, watch out!
 96881 | Vaults:5 | Reached skill level 15 in Stealth
 96926 | Vaults:5 | Danger: ancient lich |T3| Reason: Petrify and low Will
 96926 | Vaults:5 | Danger: ancient lich |T2| Reason: Corrosive Bolt deals more
                  | than 50% MHP!
 96926 | Vaults:5 | Danger: ancient lich |T2| Reason: Lehudib's Crystal Spear
                  | deals more than 50% MHP!
 96927 | Vaults:5 | Danger: ancient lich |T3| Reason: Petrify and low Will
 96928 | Vaults:5 | Danger: ancient lich |T3| Reason: Petrify and low Will
 96929 | Vaults:5 | Danger: ancient lich |T3| Reason: Petrify and low Will
 96929 | Vaults:5 | Killed an ancient lich
 97092 | Vaults:5 | Identified the +8 broad axe of the Hierophant {flame, Drain
                  | rC- SInv Stlth+}
 97093 | Vaults:5 | Danger: vault warden |T2| Reason: Quivering javelins, watch
                  | out!
 97093 | Vaults:5 | Danger: deep elf annihilator |T2| Reason: Lehudib's Crystal
                  | Spear deals more than 50% MHP!
 97467 | Vaults:5 | Danger: stone giant |T2| Reason: Quivering large rocks,
                  | watch out!!
 97477 | Vaults:5 | Danger: stone giant |T2| Reason: Quivering large rocks,
                  | watch out!!
 97501 | Vaults:5 | Got a silver rune of Zot
 97573 | Vaults:5 | Danger: stone giant |T2| Reason: Quivering large rocks,
                  | watch out!!
 97866 | Vaults:5 | Danger: orc sorcerer |T3| Reason: Paralyse and low Will
 97867 | Vaults:5 | Danger: orc sorcerer |T3| Reason: Paralyse and low Will
 97868 | Vaults:5 | Danger: ironbound convoker |T2| Reason: carrying a wand of
                  | digging (6), careful!
 97868 | Vaults:5 | Danger: orc sorcerer |T3| Reason: Paralyse and low Will
 97870 | Vaults:5 | Danger: vault sentinel |T2| Reason: Quivering boomerangs,
                  | careful!
 97870 | Vaults:5 | Danger: vault sentinel |T2| Reason: carrying a wand of
                  | charming (4), careful!
 97876 | Vaults:5 | Danger: vault sentinel |T2| Reason: carrying a wand of
                  | charming (3), careful!
 97878 | Vaults:5 | Danger: vault sentinel |T2| Reason: carrying a wand of
                  | charming (2), careful!
 97918 | Vaults:5 | Danger: ironbound convoker |T2| Reason: carrying a wand of
                  | light (6), careful!
 97928 | Vaults:5 | Danger: stone giant |T2| Reason: Quivering large rocks,
                  | watch out!!
 97936 | Vaults:5 | Noticed Bai Suzhen
 97937 | Vaults:5 | Danger: Bai Suzhen |T2| Reason: Unique monster, careful!
 97940 | Vaults:5 | Danger: deep elf high priest |T2| Reason: Damnation (smite)
                  | in LOS, watch out!
 97944 | Vaults:5 | Danger: stone giant |T2| Reason: Quivering large rocks,
                  | watch out!!
 97951 | Vaults:5 | Danger: Low HP Warning |T2| Reason: 59% HP (107/181)
 97952 | Vaults:5 | Danger: Low HP Warning |T2| Reason: 57% HP (104/181)
 97953 | Vaults:5 | Danger: Low HP Warning |T2| Reason: 58% HP (105/181)
 97954 | Vaults:5 | Danger: Low HP Warning |T2| Reason: 58% HP (105/181)
 97955 | Vaults:5 | Danger: Low HP Warning |T2| Reason: 38% HP (70/181)
 97956 | Vaults:5 | Danger: Low HP Warning |T2| Reason: 39% HP (71/181)
 97957 | Vaults:5 | Danger: Low HP Warning |T2| Reason: 39% HP (71/181)
 97958 | Vaults:5 | Danger: Low HP Warning |T2| Reason: 39% HP (72/181)
 97959 | Vaults:5 | Danger: Low HP Warning |T2| Reason: 39% HP (72/181)
 97982 | Vaults:5 | Danger: Low HP Warning |T2| Reason: 46% HP (84/181)
 97983 | Vaults:5 | Danger: Low HP Warning |T2| Reason: 46% HP (84/181)
 97984 | Vaults:5 | Danger: Low HP Warning |T2| Reason: 46% HP (85/181)
 97985 | Vaults:5 | Danger: Low HP Warning |T2| Reason: 46% HP (85/181)
 97996 | Vaults:5 | Identified the staff "Hellblazer" {rC+ Will- Dex+6 Earth}
 98039 | Vaults:5 | Danger: Low HP Warning |T2| Reason: 59% HP (108/181)
 98040 | Vaults:5 | Danger: Low HP Warning |T2| Reason: 59% HP (108/181)
 98041 | Vaults:5 | Danger: Low HP Warning |T2| Reason: 60% HP (109/181)
 98042 | Vaults:5 | Danger: Low HP Warning |T2| Reason: 60% HP (109/181)
 98211 | Vaults:5 | Danger: ironbound convoker |T2| Reason: carrying a wand of
                  | roots (5), careful!
 98212 | Vaults:5 | Danger: ironbound convoker |T2| Reason: carrying a wand of
                  | roots (4), careful!
 98368 | Vaults:5 | Danger: Bai Suzhen |T2| Reason: Unique monster, careful!
 98380 | Vaults:5 | Killed Bai Suzhen
 98828 | Vaults:5 | Danger: stone giant |T2| Reason: Quivering large rocks,
                  | watch out!!
 98854 | Vaults:5 | Upgraded the game from 0.31-a0-214-gb37851dbb3 to
                  | 0.31-a0-408-gb642c7f9a3
 98854 | Vaults:5 | Upgraded the game from 0.31-a0-408-gb642c7f9a3 to
                  | 0.31-a0-466-g98c9adc2b6
 99427 | Depths:1 | Entered Level 1 of the Depths
 99837 | Depths:1 | Danger: flayed ghost |T2| Reason: OOD monster, careful!
 99839 | Depths:1 | Danger: dream sheep |T2| Reason: Irresistible Dream Dust
                  | (4%), watch out!
 99842 | Depths:1 | Danger: Low HP Warning |T2| Reason: 50% HP (91/181)
 99843 | Depths:1 | Danger: Low HP Warning |T2| Reason: 50% HP (92/181)
 99844 | Depths:1 | Danger: Low HP Warning |T2| Reason: 41% HP (75/181)
 99845 | Depths:1 | Danger: Low HP Warning |T2| Reason: 41% HP (76/181)
 99846 | Depths:1 | Danger: Low HP Warning |T2| Reason: 41% HP (76/181)
 99935 | Depths:1 | Danger: lich |T2| Reason: Slow and low Will, careful
 99935 | Depths:1 | Danger: lich |T2| Reason: OOD monster, careful!
 99935 | Depths:1 | Danger: lich |T2| Reason: Orb of Destruction deals more
                  | than 50% MHP!
100383 | Depths:1 | Found a gateway to Hell.
100700 | Depths:1 | Reached XP level 26. HP: 188/188 MP: 7/35
101014 | Depths:1 | Found a runed translucent gate.
101015 | Depths:1 | Found a runed translucent gate.
101015 | Depths:1 | Noticed Xeyjeo's ghost (veteran MfMo)
101018 | Depths:1 | Found a runed translucent gate.
101039 | Depths:1 | Danger: wizard |T3| Reason: Banishment and low Will
101040 | Depths:1 | Danger: wizard |T3| Reason: Banishment and low Will
101041 | Depths:1 | Danger: wizard |T3| Reason: Banishment and low Will
101042 | Depths:1 | Danger: wizard |T3| Reason: Banishment and low Will
101043 | Depths:1 | Danger: wizard |T3| Reason: Banishment and low Will
101044 | Depths:1 | Danger: wizard |T3| Reason: Banishment and low Will
101048 | Depths:1 | Danger: stone giant |T2| Reason: Quivering large rocks,
                  | watch out!!
101051 | Depths:1 | Danger: tengu reaver |T2| Reason: OOD monster, careful!
101195 | Depths:1 | Found a one-way gateway to a ziggurat.
101202 | Depths:1 | Danger: stone giant |T2| Reason: Quivering large rocks,
                  | watch out!!
101415 | Depths:1 | Danger: stone giant |T2| Reason: Quivering large rocks,
                  | watch out!!
102537 | Depths:2 | Found a one-way gate leading to the halls of Pandemonium.
103071 | Depths:2 | Danger: stone giant |T2| Reason: Quivering large rocks,
                  | watch out!!
103181 | Depths:2 | Found a one-way gate to the infinite horrors of the Abyss.
103661 | Depths:2 | Danger: Low HP Warning |T2| Reason: 56% HP (107/188)
103663 | Depths:2 | Danger: Low HP Warning |T2| Reason: 57% HP (108/188)
103665 | Depths:2 | Danger: Low HP Warning |T2| Reason: 57% HP (109/188)
103667 | Depths:2 | Danger: Low HP Warning |T2| Reason: 58% HP (110/188)
103668 | Depths:2 | Danger: Low HP Warning |T2| Reason: 58% HP (110/188)
103723 | Depths:2 | Danger: tengu reaver |T2| Reason: OOD monster, careful!
103728 | Depths:2 | Danger: tentacled monstrosity |T2| Reason: OOD monster,
                  | careful!
103793 | Depths:2 | Identified the +1 robe of Claustrophobia {rF++ Regen+}
103905 | Depths:2 | Danger: golden dragon |T2| Reason: OOD monster, careful!
103916 | Depths:2 | Danger: stone giant |T2| Reason: Quivering large rocks,
                  | watch out!!
104147 | Depths:2 | Danger: tengu reaver |T2| Reason: OOD monster, careful!
104499 | Depths:2 | Danger: lich |T2| Reason: Slow and low Will, careful
104499 | Depths:2 | Danger: lich |T2| Reason: Orb of Destruction deals more
                  | than 50% MHP!
104499 | Depths:2 | Danger: hellephant |T3| Reason: Fire Breath (3d40) and not
                  | rF+++, watch out!
104499 | Depths:2 | Danger: hellephant |T2| Reason: Fire Breath deals more than
                  | 50% MHP!
104499 | Depths:2 | Danger: hellephant |T3| Reason: Fire Breath (3d40) and not
                  | rF+++, watch out!
104499 | Depths:2 | Danger: hellephant |T2| Reason: Fire Breath deals more than
                  | 50% MHP!
104500 | Depths:2 | Danger: hellephant |T3| Reason: Fire Breath (3d40) and not
                  | rF+++, watch out!
104500 | Depths:2 | Danger: hellephant |T3| Reason: Fire Breath (3d40) and not
                  | rF+++, watch out!
104501 | Depths:2 | Danger: hellephant |T3| Reason: Fire Breath (3d40) and not
                  | rF+++, watch out!
104501 | Depths:2 | Danger: hellephant |T3| Reason: Fire Breath (3d40) and not
                  | rF+++, watch out!
104502 | Depths:2 | Danger: hellephant |T3| Reason: Fire Breath (3d40) and not
                  | rF+++, watch out!
104502 | Depths:2 | Danger: hellephant |T3| Reason: Fire Breath (3d40) and not
                  | rF+++, watch out!
104503 | Depths:2 | Danger: lich |T2| Reason: Slow and low Will, careful
104503 | Depths:2 | Danger: lich |T2| Reason: Orb of Destruction deals more
                  | than 50% MHP!
104503 | Depths:2 | Danger: hellephant |T3| Reason: Fire Breath (3d40) and not
                  | rF+++, watch out!
104503 | Depths:2 | Danger: hellephant |T2| Reason: Fire Breath deals more than
                  | 50% MHP!
104503 | Depths:2 | Danger: hellephant |T3| Reason: Fire Breath (3d40) and not
                  | rF+++, watch out!
104503 | Depths:2 | Danger: hellephant |T3| Reason: Fire Breath (3d40) and not
                  | rF+++, watch out!
104505 | Depths:2 | Danger: hellephant |T3| Reason: Fire Breath (3d40) and not
                  | rF+++, watch out!
104505 | Depths:2 | Danger: hellephant |T3| Reason: Fire Breath (3d40) and not
                  | rF+++, watch out!
104506 | Depths:2 | Danger: hellephant |T3| Reason: Fire Breath (3d40) and not
                  | rF+++, watch out!
104506 | Depths:2 | Danger: hellephant |T2| Reason: Fire Breath deals more than
                  | 50% MHP!
104506 | Depths:2 | Danger: hellephant |T3| Reason: Fire Breath (3d40) and not
                  | rF+++, watch out!
104506 | Depths:2 | Danger: hellephant |T3| Reason: Fire Breath (3d40) and not
                  | rF+++, watch out!
104507 | Depths:2 | Danger: hellephant |T3| Reason: Fire Breath (3d40) and not
                  | rF+++, watch out!
104507 | Depths:2 | Danger: hellephant |T3| Reason: Fire Breath (3d40) and not
                  | rF+++, watch out!
104508 | Depths:2 | Danger: hellephant |T3| Reason: Fire Breath (3d40) and not
                  | rF+++, watch out!
104508 | Depths:2 | Danger: hellephant |T3| Reason: Fire Breath (3d40) and not
                  | rF+++, watch out!
104509 | Depths:2 | Reached skill level 1 in Translocations
104509 | Depths:2 | Danger: lich |T2| Reason: Slow and low Will, careful
104509 | Depths:2 | Danger: lich |T2| Reason: Orb of Destruction deals more
                  | than 50% MHP!
104509 | Depths:2 | Danger: hellephant |T3| Reason: Fire Breath (3d40) and not
                  | rF+++, watch out!
104509 | Depths:2 | Danger: hellephant |T3| Reason: Fire Breath (3d40) and not
                  | rF+++, watch out!
104510 | Depths:2 | Danger: hellephant |T3| Reason: Fire Breath (3d40) and not
                  | rF+++, watch out!
104510 | Depths:2 | Danger: hellephant |T3| Reason: Fire Breath (3d40) and not
                  | rF+++, watch out!
104511 | Depths:2 | Danger: hellephant |T3| Reason: Fire Breath (3d40) and not
                  | rF+++, watch out!
104512 | Depths:2 | Danger: hellephant |T3| Reason: Fire Breath (3d40) and not
                  | rF+++, watch out!
104513 | Depths:2 | Danger: hellephant |T3| Reason: Fire Breath (3d40) and not
                  | rF+++, watch out!
104514 | Depths:2 | Danger: hellephant |T3| Reason: Fire Breath (3d40) and not
                  | rF+++, watch out!
104514 | Depths:2 | Danger: hellephant |T2| Reason: Fire Breath deals more than
                  | 50% MHP!
104514 | Depths:2 | Danger: hellephant |T3| Reason: Fire Breath (3d40) and not
                  | rF+++, watch out!
104515 | Depths:2 | Danger: hellephant |T3| Reason: Fire Breath (3d40) and not
                  | rF+++, watch out!
104515 | Depths:2 | Danger: Low HP Warning |T2| Reason: 52% HP (99/188)
104516 | Depths:2 | Danger: hellephant |T3| Reason: Fire Breath (3d40) and not
                  | rF+++, watch out!
104516 | Depths:2 | Danger: hellephant |T2| Reason: Fire Breath deals more than
                  | 50% MHP!
104516 | Depths:2 | Danger: hellephant |T3| Reason: Fire Breath (3d40) and not
                  | rF+++, watch out!
104516 | Depths:2 | Danger: Low HP Warning |T2| Reason: 53% HP (100/188)
104518 | Depths:2 | Danger: hellephant |T3| Reason: Fire Breath (3d40) and not
                  | rF+++, watch out!
104518 | Depths:2 | Danger: hellephant |T3| Reason: Fire Breath (3d40) and not
                  | rF+++, watch out!
104518 | Depths:2 | Danger: Low HP Warning |T2| Reason: 53% HP (100/188)
104519 | Depths:2 | Danger: hellephant |T3| Reason: Fire Breath (3d40) and not
                  | rF+++, watch out!
104519 | Depths:2 | Danger: hellephant |T3| Reason: Fire Breath (3d40) and not
                  | rF+++, watch out!
104519 | Depths:2 | Danger: Low HP Warning |T2| Reason: 53% HP (100/188)
104520 | Depths:2 | Danger: hellephant |T3| Reason: Fire Breath (3d40) and not
                  | rF+++, watch out!
104520 | Depths:2 | Danger: Low HP Warning |T2| Reason: 53% HP (100/188)
104521 | Depths:2 | Danger: hellephant |T3| Reason: Fire Breath (3d40) and not
                  | rF+++, watch out!
104521 | Depths:2 | Danger: Low HP Warning |T2| Reason: 53% HP (101/188)
104522 | Depths:2 | Danger: hellephant |T3| Reason: Fire Breath (3d40) and not
                  | rF+++, watch out!
104522 | Depths:2 | Danger: hellephant |T2| Reason: Fire Breath deals more than
                  | 50% MHP!
104522 | Depths:2 | Danger: hellephant |T3| Reason: Fire Breath (3d40) and not
                  | rF+++, watch out!
104522 | Depths:2 | Danger: Low HP Warning |T2| Reason: 53% HP (101/188)
104523 | Depths:2 | Danger: hellephant |T3| Reason: Fire Breath (3d40) and not
                  | rF+++, watch out!
104523 | Depths:2 | Danger: Low HP Warning |T2| Reason: 54% HP (102/188)
104524 | Depths:2 | Danger: Low HP Warning |T2| Reason: 45% HP (85/188)
104525 | Depths:2 | Danger: Low HP Warning |T2| Reason: 45% HP (85/188)
104526 | Depths:2 | Danger: hellephant |T3| Reason: Fire Breath (3d40) and not
                  | rF+++, watch out!
104526 | Depths:2 | Danger: hellephant |T2| Reason: Fire Breath deals more than
                  | 50% MHP!
104526 | Depths:2 | Danger: Low HP Warning |T2| Reason: 45% HP (86/188)
104527 | Depths:2 | Danger: hellephant |T3| Reason: Fire Breath (3d40) and not
                  | rF+++, watch out!
104527 | Depths:2 | Danger: Low HP Warning |T2| Reason: 45% HP (86/188)
104528 | Depths:2 | Danger: hellephant |T3| Reason: Fire Breath (3d40) and not
                  | rF+++, watch out!
104528 | Depths:2 | Danger: Low HP Warning |T2| Reason: 45% HP (86/188)
104529 | Depths:2 | Danger: hellephant |T3| Reason: Fire Breath (3d40) and not
                  | rF+++, watch out!
104529 | Depths:2 | Danger: Low HP Warning |T2| Reason: 46% HP (87/188)
104530 | Depths:2 | Danger: hellephant |T3| Reason: Fire Breath (3d40) and not
                  | rF+++, watch out!
104530 | Depths:2 | Danger: Low HP Warning |T2| Reason: 46% HP (87/188)
104531 | Depths:2 | Danger: hellephant |T3| Reason: Fire Breath (3d40) and not
                  | rF+++, watch out!
104531 | Depths:2 | Danger: Low HP Warning |T2| Reason: 46% HP (87/188)
104532 | Depths:2 | Danger: hellephant |T3| Reason: Fire Breath (3d40) and not
                  | rF+++, watch out!
104532 | Depths:2 | Danger: Low HP Warning |T2| Reason: 46% HP (88/188)
104533 | Depths:2 | Danger: hellephant |T3| Reason: Fire Breath (3d40) and not
                  | rF+++, watch out!
104533 | Depths:2 | Danger: Low HP Warning |T2| Reason: 44% HP (83/188)
104534 | Depths:2 | Danger: Low HP Warning |T2| Reason: 44% HP (84/188)
104535 | Depths:2 | Danger: hellephant |T3| Reason: Fire Breath (3d40) and not
                  | rF+++, watch out!
104535 | Depths:2 | Danger: hellephant |T2| Reason: Fire Breath deals more than
                  | 50% MHP!
104535 | Depths:2 | Danger: Low HP Warning |T2| Reason: 44% HP (84/188)
104536 | Depths:2 | Danger: hellephant |T3| Reason: Fire Breath (3d40) and not
                  | rF+++, watch out!
104536 | Depths:2 | Danger: hellephant |T2| Reason: Fire Breath deals more than
                  | 50% MHP!
104536 | Depths:2 | Danger: hellephant |T3| Reason: Fire Breath (3d40) and not
                  | rF+++, watch out!
104536 | Depths:2 | Danger: Low HP Warning |T2| Reason: 45% HP (85/188)
104537 | Depths:2 | Danger: hellephant |T3| Reason: Fire Breath (3d40) and not
                  | rF+++, watch out!
104537 | Depths:2 | Danger: hellephant |T3| Reason: Fire Breath (3d40) and not
                  | rF+++, watch out!
104537 | Depths:2 | Danger: Low HP Warning |T2| Reason: 45% HP (85/188)
104538 | Depths:2 | Danger: hellephant |T3| Reason: Fire Breath (3d40) and not
                  | rF+++, watch out!
104538 | Depths:2 | Danger: hellephant |T3| Reason: Fire Breath (3d40) and not
                  | rF+++, watch out!
104538 | Depths:2 | Danger: Low HP Warning |T2| Reason: 45% HP (85/188)
104540 | Depths:2 | Danger: hellephant |T3| Reason: Fire Breath (3d40) and not
                  | rF+++, watch out!
104540 | Depths:2 | Danger: hellephant |T3| Reason: Fire Breath (3d40) and not
                  | rF+++, watch out!
104540 | Depths:2 | Danger: Low HP Warning |T2| Reason: 45% HP (86/188)
104541 | Depths:2 | Danger: hellephant |T3| Reason: Fire Breath (3d40) and not
                  | rF+++, watch out!
104541 | Depths:2 | Danger: Low HP Warning |T2| Reason: 44% HP (84/188)
104542 | Depths:2 | Danger: hellephant |T3| Reason: Fire Breath (3d40) and not
                  | rF+++, watch out!
104542 | Depths:2 | Danger: Low HP Warning |T2| Reason: 44% HP (84/188)
104543 | Depths:2 | Danger: hellephant |T3| Reason: Fire Breath (3d40) and not
                  | rF+++, watch out!
104543 | Depths:2 | Danger: Low HP Warning |T2| Reason: 37% HP (71/188)
104544 | Depths:2 | Danger: hellephant |T3| Reason: Fire Breath (3d40) and not
                  | rF+++, watch out!
104544 | Depths:2 | Danger: Low HP Warning |T2| Reason: 38% HP (72/188)
104545 | Depths:2 | Danger: hellephant |T3| Reason: Fire Breath (3d40) and not
                  | rF+++, watch out!
104545 | Depths:2 | Danger: Low HP Warning |T2| Reason: 38% HP (72/188)
104546 | Depths:2 | Danger: hellephant |T3| Reason: Fire Breath (3d40) and not
                  | rF+++, watch out!
104546 | Depths:2 | Danger: Low HP Warning |T2| Reason: 38% HP (73/188)
104977 | Depths:3 | Danger: vampire knight |T3| Reason: Paralyse and low Will
104978 | Depths:3 | Danger: vampire knight |T3| Reason: Paralyse and low Will
104979 | Depths:3 | Danger: vampire knight |T3| Reason: Paralyse and low Will
105240 | Depths:3 | Danger: stone giant |T2| Reason: Quivering large rocks,
                  | watch out!!
105630 | Depths:3 | Danger: stone giant |T2| Reason: Quivering large rocks,
                  | watch out!!
105932 | Depths:3 | Danger: stone giant |T2| Reason: Quivering large rocks,
                  | watch out!!
106118 | Depths:3 | Danger: storm dragon |T2| Reason: OOD monster, careful!
106280 | Depths:3 | Danger: stone giant |T2| Reason: Quivering large rocks,
                  | watch out!!
106468 | Depths:3 | Danger: sphinx |T3| Reason: Paralyse and low Will
106468 | Depths:3 | Danger: sphinx |T2| Reason: Slow and low Will, careful
106470 | Depths:3 | Danger: sphinx |T3| Reason: Paralyse and low Will
106471 | Depths:3 | Danger: sphinx |T3| Reason: Paralyse and low Will
106473 | Depths:3 | Danger: sphinx |T3| Reason: Paralyse and low Will
106474 | Depths:3 | Danger: sphinx |T3| Reason: Paralyse and low Will
106963 | Depths:3 | Danger: walking crystal tome |T2| Reason: OOD monster,
                  | careful!
106966 | Depths:3 | Danger: sphinx |T3| Reason: Paralyse and low Will
106966 | Depths:3 | Danger: sphinx |T2| Reason: Slow and low Will, careful
106967 | Depths:3 | Danger: sphinx |T3| Reason: Paralyse and low Will
106968 | Depths:3 | Danger: sphinx |T3| Reason: Paralyse and low Will
106969 | Depths:3 | Danger: walking crystal tome |T2| Reason: OOD monster,
                  | careful!
106969 | Depths:3 | Danger: sphinx |T3| Reason: Paralyse and low Will
106970 | Depths:3 | Danger: sphinx |T3| Reason: Paralyse and low Will
106971 | Depths:3 | Danger: sphinx |T3| Reason: Paralyse and low Will
106972 | Depths:3 | Danger: living crystal spell |T2| Reason: Lehudib's Crystal
                  | Spear deals more than 50% MHP!
106972 | Depths:3 | Danger: living crystal spell |T2| Reason: Lehudib's Crystal
                  | Spear deals more than 50% MHP!
106972 | Depths:3 | Danger: living crystal spell |T2| Reason: Lehudib's Crystal
                  | Spear deals more than 50% MHP!
106972 | Depths:3 | Danger: sphinx |T3| Reason: Paralyse and low Will
106973 | Depths:3 | Danger: sphinx |T3| Reason: Paralyse and low Will
106974 | Depths:3 | Danger: wizard |T3| Reason: Banishment and low Will
106975 | Depths:3 | Danger: wizard |T3| Reason: Banishment and low Will
106976 | Depths:3 | Danger: sphinx |T3| Reason: Paralyse and low Will
106976 | Depths:3 | Danger: sphinx |T2| Reason: Slow and low Will, careful
106977 | Depths:3 | Danger: sphinx |T3| Reason: Paralyse and low Will
106978 | Depths:3 | Danger: wizard |T3| Reason: Banishment and low Will
106980 | Depths:3 | Danger: living crystal spell |T2| Reason: Lehudib's Crystal
                  | Spear deals more than 50% MHP!
106980 | Depths:3 | Danger: walking crystal tome |T2| Reason: OOD monster,
                  | careful!
106980 | Depths:3 | Danger: living crystal spell |T2| Reason: Lehudib's Crystal
                  | Spear deals more than 50% MHP!
106981 | Depths:3 | Danger: sphinx |T3| Reason: Paralyse and low Will
106981 | Depths:3 | Danger: sphinx |T2| Reason: Slow and low Will, careful
106982 | Depths:3 | Danger: living crystal spell |T2| Reason: Lehudib's Crystal
                  | Spear deals more than 50% MHP!
106982 | Depths:3 | Danger: sphinx |T3| Reason: Paralyse and low Will
106983 | Depths:3 | Danger: sphinx |T3| Reason: Paralyse and low Will
106984 | Depths:3 | Danger: living crystal spell |T2| Reason: Lehudib's Crystal
                  | Spear deals more than 50% MHP!
106984 | Depths:3 | Danger: sphinx |T3| Reason: Paralyse and low Will
106985 | Depths:3 | Danger: sphinx |T3| Reason: Paralyse and low Will
106986 | Depths:3 | Danger: sphinx |T3| Reason: Paralyse and low Will
106987 | Depths:3 | Danger: sphinx |T3| Reason: Paralyse and low Will
106988 | Depths:3 | Danger: sphinx |T3| Reason: Paralyse and low Will
106988 | Depths:3 | Danger: Low HP Warning |T2| Reason: 50% HP (95/188)
106989 | Depths:3 | Danger: sphinx |T3| Reason: Paralyse and low Will
106990 | Depths:3 | Danger: sphinx |T3| Reason: Paralyse and low Will
107035 | Depths:3 | Danger: lich |T2| Reason: Slow and low Will, careful
107035 | Depths:3 | Danger: lich |T2| Reason: Orb of Destruction deals more
                  | than 50% MHP!
107049 | Depths:3 | Danger: Low HP Warning |T2| Reason: 53% HP (101/188)
107050 | Depths:3 | Danger: Low HP Warning |T2| Reason: 53% HP (101/188)
107051 | Depths:3 | Danger: Low HP Warning |T2| Reason: 54% HP (102/188)
107337 | Depths:3 | Found a runed translucent gate.
107338 | Depths:3 | Found a runed translucent gate.
107339 | Depths:3 | Found a runed translucent gate.
107343 | Depths:3 | Noticed CornPuffBuddha's ghost (veteran MiHu)
107838 | Depths:3 | Danger: titan |T2| Reason: OOD monster, careful!
107854 | Depths:3 | Danger: sphinx |T3| Reason: Paralyse and low Will
107854 | Depths:3 | Danger: sphinx |T2| Reason: Slow and low Will, careful
107856 | Depths:3 | Danger: sphinx |T3| Reason: Paralyse and low Will
107857 | Depths:3 | Danger: sphinx |T3| Reason: Paralyse and low Will
107858 | Depths:3 | Danger: sphinx |T3| Reason: Paralyse and low Will
107925 | Depths:3 | Noticed a juggernaut
107926 | Depths:3 | Danger: juggernaut |T2| Reason: OOD monster, careful!
107939 | Depths:3 | Killed a juggernaut
107943 | Depths:3 | Danger: tentacled monstrosity |T2| Reason: OOD monster,
                  | careful!
107962 | Depths:3 | Danger: sphinx |T3| Reason: Paralyse and low Will
107962 | Depths:3 | Danger: sphinx |T2| Reason: Slow and low Will, careful
107963 | Depths:3 | Danger: sphinx |T3| Reason: Paralyse and low Will
107964 | Depths:3 | Danger: sphinx |T3| Reason: Paralyse and low Will
107965 | Depths:3 | Danger: sphinx |T3| Reason: Paralyse and low Will
108333 | Depths:3 | Danger: lich |T2| Reason: Slow and low Will, careful
108333 | Depths:3 | Danger: lich |T2| Reason: Orb of Destruction deals more
                  | than 50% MHP!
108502 | Depths:3 | Reached XP level 27. HP: 193/193 MP: 13/35
108507 | Depths:3 | Reached skill level 15 in Evocations
108733 | Depths:3 | Identified the +9 short sword "Suosodgh" {drain, rElec
                  | Will- Int-2 SInv}
109147 | Depths:4 | Entered Level 4 of the Depths
109199 | Depths:4 | Danger: yellow draconian annihilator |T2| Reason: Lehudib's
                  | Crystal Spear deals more than 50% MHP!
109212 | Depths:4 | Danger: stone giant |T2| Reason: Quivering large rocks,
                  | watch out!!
109243 | Depths:4 | Found a gate to the Realm of Zot.
109254 | Depths:4 | Danger: storm dragon |T2| Reason: OOD monster, careful!
109429 | Depths:4 | Danger: stone giant |T2| Reason: Quivering large rocks,
                  | watch out!!
109751 | Depths:4 | Danger: quicksilver dragon |T2| Reason: OOD monster,
                  | careful!
109753 | Depths:4 | Danger: stone giant |T2| Reason: Quivering large rocks,
                  | watch out!!
109861 | Depths:4 | Danger: shadow dragon |T2| Reason: OOD monster, careful!
109969 | Depths:4 | Danger: sphinx |T3| Reason: Paralyse and low Will
109969 | Depths:4 | Danger: sphinx |T2| Reason: Slow and low Will, careful
109970 | Depths:4 | Danger: sphinx |T3| Reason: Paralyse and low Will
109971 | Depths:4 | Danger: sphinx |T3| Reason: Paralyse and low Will
109972 | Depths:4 | Danger: sphinx |T3| Reason: Paralyse and low Will
110108 | Depths:4 | Reached skill level 26 in Dodging
110792 | Depths:4 | Danger: storm dragon |T2| Reason: OOD monster, careful!
110966 | Depths:4 | Danger: quicksilver dragon |T2| Reason: OOD monster,
                  | careful!
110972 | Depths:4 | Danger: quicksilver dragon |T2| Reason: OOD monster,
                  | careful!
111422 | Depths:4 | Danger: stone giant |T2| Reason: Quivering large rocks,
                  | watch out!!
111430 | Depths:4 | Danger: Low HP Warning |T2| Reason: 58% HP (112/193)
111431 | Depths:4 | Danger: Low HP Warning |T2| Reason: 56% HP (109/193)
111762 | Depths:4 | Danger: spriggan defender |T2| Reason: Quivering
                  | boomerangs, careful!
111781 | Depths:4 | Danger: spriggan defender |T2| Reason: Quivering
                  | boomerangs, careful!
111857 | Depths:4 | Danger: tengu warrior |T2| Reason: Quivering boomerangs,
                  | careful!
111937 | Depths:4 | Danger: tengu warrior |T2| Reason: Quivering boomerangs,
                  | careful!
112073 | Depths:4 | Found an iron altar of Okawaru.
112137 | Zot:1    | Entered Level 1 of the Realm of Zot
112158 | Zot:1    | Reached skill level 27 in Dodging
112162 | Zot:1    | Danger: Low HP Warning |T2| Reason: 59% HP (114/193)
112163 | Zot:1    | Danger: Low HP Warning |T2| Reason: 59% HP (114/193)
112164 | Zot:1    | Danger: Low HP Warning |T2| Reason: 59% HP (115/193)
112165 | Zot:1    | Danger: Low HP Warning |T2| Reason: 59% HP (115/193)
112166 | Zot:1    | Danger: Low HP Warning |T2| Reason: 49% HP (96/193)
112167 | Zot:1    | Danger: Low HP Warning |T2| Reason: 50% HP (97/193)
112168 | Zot:1    | Danger: Low HP Warning |T2| Reason: 50% HP (97/193)
112169 | Zot:1    | Danger: Low HP Warning |T2| Reason: 50% HP (98/193)
112170 | Zot:1    | Danger: Low HP Warning |T2| Reason: 50% HP (98/193)
112171 | Zot:1    | Danger: Low HP Warning |T2| Reason: 50% HP (98/193)
112172 | Zot:1    | Danger: Low HP Warning |T2| Reason: 51% HP (99/193)
112173 | Zot:1    | Danger: Low HP Warning |T2| Reason: 50% HP (97/193)
112174 | Zot:1    | Danger: Low HP Warning |T2| Reason: 50% HP (98/193)
112175 | Zot:1    | Danger: Low HP Warning |T2| Reason: 50% HP (98/193)
112176 | Zot:1    | Danger: Low HP Warning |T2| Reason: 51% HP (99/193)
112390 | Depths:4 | Danger: storm dragon |T2| Reason: OOD monster, careful!
112550 | Zot:1    | Danger: yellow draconian annihilator |T2| Reason: Lehudib's
                  | Crystal Spear deals more than 50% MHP!
112592 | Depths:4 | Danger: Low HP Warning |T2| Reason: 59% HP (114/193)
113282 | Zot:1    | Noticed Parghit
113283 | Zot:1    | Danger: Parghit |T2| Reason: Quivering large rocks, watch
                  | out!!
113283 | Zot:1    | Danger: Parghit |T2| Reason: Unique monster, careful!
113296 | Zot:1    | Killed Parghit
113893 | Zot:1    | Danger: black draconian knight |T3| Reason: Quivering
                  | throwing nets, watch out!
113894 | Zot:1    | Danger: black draconian knight |T3| Reason: Quivering
                  | throwing nets, watch out!
113895 | Zot:1    | Danger: black draconian knight |T3| Reason: Quivering
                  | throwing nets, watch out!
113896 | Zot:1    | Danger: black draconian knight |T3| Reason: Quivering
                  | throwing nets, watch out!
113963 | Zot:1    | Danger: Low HP Warning |T2| Reason: 55% HP (107/193)
113964 | Zot:1    | Danger: Low HP Warning |T2| Reason: 55% HP (108/193)
113965 | Zot:1    | Danger: yellow draconian annihilator |T2| Reason: Lehudib's
                  | Crystal Spear deals more than 50% MHP!
113965 | Zot:1    | Danger: Low HP Warning |T2| Reason: 55% HP (108/193)
113967 | Zot:1    | Danger: Low HP Warning |T2| Reason: 56% HP (109/193)
113968 | Zot:1    | Danger: yellow draconian annihilator |T2| Reason: Lehudib's
                  | Crystal Spear deals more than 50% MHP!
113968 | Zot:1    | Danger: Low HP Warning |T2| Reason: 56% HP (109/193)
113969 | Zot:1    | Danger: Low HP Warning |T2| Reason: 56% HP (110/193)
113970 | Zot:1    | Danger: Low HP Warning |T2| Reason: 56% HP (110/193)
113971 | Zot:1    | Danger: Low HP Warning |T2| Reason: 56% HP (110/193)
113972 | Zot:1    | Danger: Low HP Warning |T2| Reason: 57% HP (111/193)
113973 | Zot:1    | Danger: Low HP Warning |T2| Reason: 57% HP (111/193)
113974 | Zot:1    | Danger: Low HP Warning |T2| Reason: 51% HP (100/193)
113975 | Zot:1    | Danger: Low HP Warning |T2| Reason: 51% HP (100/193)
113976 | Zot:1    | Danger: Low HP Warning |T2| Reason: 52% HP (101/193)
113977 | Zot:1    | Danger: Low HP Warning |T2| Reason: 52% HP (101/193)
113978 | Zot:1    | Danger: Low HP Warning |T2| Reason: 52% HP (102/193)
113979 | Zot:1    | Danger: Low HP Warning |T2| Reason: 51% HP (99/193)
113980 | Zot:1    | Danger: Low HP Warning |T2| Reason: 51% HP (100/193)
113981 | Zot:1    | Danger: Low HP Warning |T2| Reason: 51% HP (100/193)
113982 | Zot:1    | Danger: Low HP Warning |T2| Reason: 46% HP (90/193)
113983 | Zot:1    | Danger: Low HP Warning |T2| Reason: 46% HP (90/193)
113984 | Zot:1    | Danger: Low HP Warning |T2| Reason: 45% HP (87/193)
113985 | Zot:1    | Danger: Low HP Warning |T2| Reason: 45% HP (88/193)
113986 | Zot:1    | Danger: Low HP Warning |T2| Reason: 45% HP (88/193)
113987 | Zot:1    | Danger: Low HP Warning |T2| Reason: 51% HP (99/193)
113988 | Zot:1    | Danger: Low HP Warning |T2| Reason: 51% HP (99/193)
113989 | Zot:1    | Danger: Low HP Warning |T2| Reason: 47% HP (91/193)
113990 | Zot:1    | Danger: Low HP Warning |T2| Reason: 47% HP (92/193)
113991 | Zot:1    | Danger: Low HP Warning |T2| Reason: 41% HP (81/193)
113992 | Zot:1    | Danger: Low HP Warning |T2| Reason: 38% HP (75/193)
113993 | Zot:1    | Danger: Low HP Warning |T2| Reason: 39% HP (76/193)
113994 | Zot:1    | Danger: Low HP Warning |T2| Reason: 39% HP (76/193)
113995 | Zot:1    | Danger: Low HP Warning |T2| Reason: 39% HP (77/193)
113996 | Zot:1    | Danger: Low HP Warning |T2| Reason: 39% HP (77/193)
113997 | Zot:1    | Danger: Low HP Warning |T2| Reason: 35% HP (68/193)
113998 | Zot:1    | Danger: Low HP Warning |T2| Reason: 35% HP (69/193)
113999 | Zot:1    | Danger: Low HP Warning |T2| Reason: 44% HP (85/193)
114000 | Zot:1    | Danger: Low HP Warning |T2| Reason: 42% HP (82/193)
114001 | Zot:1    | Danger: Low HP Warning |T2| Reason: 41% HP (80/193)
114002 | Zot:1    | Danger: Low HP Warning |T2| Reason: 41% HP (80/193)
114003 | Zot:1    | Danger: Low HP Warning |T2| Reason: 41% HP (81/193)
114004 | Zot:1    | Danger: Low HP Warning |T2| Reason: 41% HP (81/193)
114005 | Zot:1    | Danger: Low HP Warning |T2| Reason: 41% HP (81/193)
114006 | Zot:1    | Danger: Low HP Warning |T2| Reason: 41% HP (81/193)
114007 | Zot:1    | Danger: Low HP Warning |T2| Reason: 41% HP (81/193)
114008 | Zot:1    | Danger: Low HP Warning |T2| Reason: 42% HP (82/193)
114009 | Zot:1    | Danger: Low HP Warning |T2| Reason: 42% HP (82/193)
114010 | Zot:1    | Danger: Low HP Warning |T2| Reason: 42% HP (82/193)
114011 | Zot:1    | Danger: Low HP Warning |T2| Reason: 42% HP (82/193)
114012 | Zot:1    | Danger: Low HP Warning |T2| Reason: 43% HP (83/193)
114013 | Zot:1    | Danger: Low HP Warning |T2| Reason: 43% HP (83/193)
114014 | Zot:1    | Danger: Low HP Warning |T2| Reason: 43% HP (83/193)
114015 | Zot:1    | Danger: Low HP Warning |T2| Reason: 43% HP (84/193)
114016 | Zot:1    | Danger: Low HP Warning |T2| Reason: 43% HP (84/193)
114017 | Zot:1    | Danger: Low HP Warning |T2| Reason: 43% HP (84/193)
114018 | Zot:1    | Danger: Low HP Warning |T2| Reason: 43% HP (84/193)
114019 | Zot:1    | Danger: Low HP Warning |T2| Reason: 44% HP (85/193)
114020 | Zot:1    | Danger: Low HP Warning |T2| Reason: 44% HP (85/193)
114021 | Zot:1    | Danger: Low HP Warning |T2| Reason: 44% HP (85/193)
114022 | Zot:1    | Danger: Low HP Warning |T2| Reason: 42% HP (82/193)
114023 | Zot:1    | Danger: Low HP Warning |T2| Reason: 43% HP (83/193)
114024 | Zot:1    | Danger: Low HP Warning |T2| Reason: 43% HP (83/193)
114025 | Zot:1    | Danger: Low HP Warning |T2| Reason: 43% HP (83/193)
114026 | Zot:1    | Danger: Low HP Warning |T2| Reason: 43% HP (83/193)
114027 | Zot:1    | Danger: Low HP Warning |T2| Reason: 43% HP (84/193)
114028 | Zot:1    | Danger: Low HP Warning |T2| Reason: 43% HP (84/193)
114030 | Zot:1    | Danger: Low HP Warning |T2| Reason: 44% HP (85/193)
114031 | Zot:1    | Danger: Low HP Warning |T2| Reason: 41% HP (80/193)
114032 | Zot:1    | Danger: Low HP Warning |T2| Reason: 41% HP (80/193)
114033 | Zot:1    | Danger: Low HP Warning |T2| Reason: 41% HP (80/193)
114034 | Zot:1    | Danger: Low HP Warning |T2| Reason: 41% HP (81/193)
114382 | Zot:1    | Identified the ring of Optimism {Drain rElec rCorr Dex+3}
114519 | Zot:1    | You fall into a shaft and drop 1 floor!
114519 | Zot:1    | Danger: Shafted! |T3| Reason: Shafted!
114520 | Zot:2    | Noticed an orb of fire
115437 | Zot:1    | Danger: Low HP Warning |T2| Reason: 60% HP (116/193)
115438 | Zot:1    | Danger: Low HP Warning |T2| Reason: 59% HP (114/193)
115439 | Zot:1    | Danger: Low HP Warning |T2| Reason: 59% HP (114/193)
115440 | Zot:1    | Danger: Low HP Warning |T2| Reason: 59% HP (114/193)
115441 | Zot:1    | Danger: Low HP Warning |T2| Reason: 59% HP (115/193)
115442 | Zot:1    | Danger: Low HP Warning |T2| Reason: 59% HP (115/193)
115443 | Zot:1    | Danger: Low HP Warning |T2| Reason: 60% HP (116/193)
115444 | Zot:1    | Danger: Low HP Warning |T2| Reason: 59% HP (115/193)
115445 | Zot:1    | Danger: Low HP Warning |T2| Reason: 59% HP (115/193)
115446 | Zot:1    | Danger: Low HP Warning |T2| Reason: 60% HP (116/193)
115447 | Zot:1    | Danger: Low HP Warning |T2| Reason: 60% HP (116/193)
115448 | Zot:1    | Danger: Low HP Warning |T2| Reason: 60% HP (117/193)
115449 | Zot:1    | Danger: Low HP Warning |T2| Reason: 60% HP (117/193)
115450 | Zot:1    | Danger: Low HP Warning |T2| Reason: 60% HP (117/193)
115459 | Zot:1    | Danger: Low HP Warning |T2| Reason: 58% HP (113/193)
115461 | Zot:1    | Danger: Low HP Warning |T2| Reason: 56% HP (110/193)
115471 | Zot:1    | Danger: Low HP Warning |T2| Reason: 59% HP (115/193)
116108 | Zot:1    | Danger: yellow draconian annihilator |T2| Reason: Lehudib's
                  | Crystal Spear deals more than 50% MHP!
118095 | Zot:3    | Danger: red draconian scorcher |T3| Reason: Bolt of Magma
                  | (irresistible ~3d30+ equivalent) and not rF+++, watch out!
118095 | Zot:3    | Danger: red draconian scorcher |T2| Reason: Damnation in
                  | LOS, careful!
118095 | Zot:3    | Danger: red draconian scorcher |T2| Reason: Damnation
                  | (smite) in LOS, watch out!
118096 | Zot:3    | Danger: red draconian scorcher |T3| Reason: Bolt of Magma
                  | (irresistible ~3d30+ equivalent) and not rF+++, watch out!
118097 | Zot:3    | Danger: red draconian scorcher |T3| Reason: Bolt of Magma
                  | (irresistible ~3d30+ equivalent) and not rF+++, watch out!
118098 | Zot:3    | Danger: red draconian scorcher |T3| Reason: Bolt of Magma
                  | (irresistible ~3d30+ equivalent) and not rF+++, watch out!
118099 | Zot:3    | Danger: red draconian scorcher |T3| Reason: Bolt of Magma
                  | (irresistible ~3d30+ equivalent) and not rF+++, watch out!
118100 | Zot:3    | Danger: red draconian scorcher |T3| Reason: Bolt of Magma
                  | (irresistible ~3d30+ equivalent) and not rF+++, watch out!
118101 | Zot:3    | Danger: red draconian scorcher |T3| Reason: Bolt of Magma
                  | (irresistible ~3d30+ equivalent) and not rF+++, watch out!
118102 | Zot:3    | Danger: red draconian scorcher |T3| Reason: Bolt of Magma
                  | (irresistible ~3d30+ equivalent) and not rF+++, watch out!
118103 | Zot:3    | Danger: red draconian scorcher |T3| Reason: Bolt of Magma
                  | (irresistible ~3d30+ equivalent) and not rF+++, watch out!
118104 | Zot:3    | Danger: red draconian scorcher |T3| Reason: Bolt of Magma
                  | (irresistible ~3d30+ equivalent) and not rF+++, watch out!
118105 | Zot:3    | Danger: red draconian scorcher |T3| Reason: Bolt of Magma
                  | (irresistible ~3d30+ equivalent) and not rF+++, watch out!
118106 | Zot:3    | Danger: red draconian scorcher |T3| Reason: Bolt of Magma
                  | (irresistible ~3d30+ equivalent) and not rF+++, watch out!
118107 | Zot:3    | Danger: red draconian scorcher |T3| Reason: Bolt of Magma
                  | (irresistible ~3d30+ equivalent) and not rF+++, watch out!
118108 | Zot:3    | Danger: red draconian scorcher |T3| Reason: Bolt of Magma
                  | (irresistible ~3d30+ equivalent) and not rF+++, watch out!
118109 | Zot:3    | Danger: red draconian scorcher |T3| Reason: Bolt of Magma
                  | (irresistible ~3d30+ equivalent) and not rF+++, watch out!
118110 | Zot:3    | Danger: red draconian scorcher |T3| Reason: Bolt of Magma
                  | (irresistible ~3d30+ equivalent) and not rF+++, watch out!
118111 | Zot:3    | Danger: red draconian scorcher |T3| Reason: Bolt of Magma
                  | (irresistible ~3d30+ equivalent) and not rF+++, watch out!
118112 | Zot:3    | Danger: red draconian scorcher |T3| Reason: Bolt of Magma
                  | (irresistible ~3d30+ equivalent) and not rF+++, watch out!
118113 | Zot:3    | Danger: red draconian scorcher |T3| Reason: Bolt of Magma
                  | (irresistible ~3d30+ equivalent) and not rF+++, watch out!
118114 | Zot:3    | Danger: red draconian scorcher |T3| Reason: Bolt of Magma
                  | (irresistible ~3d30+ equivalent) and not rF+++, watch out!
118115 | Zot:3    | Danger: red draconian scorcher |T3| Reason: Bolt of Magma
                  | (irresistible ~3d30+ equivalent) and not rF+++, watch out!
118116 | Zot:3    | Danger: red draconian scorcher |T3| Reason: Bolt of Magma
                  | (irresistible ~3d30+ equivalent) and not rF+++, watch out!
118117 | Zot:3    | Danger: red draconian scorcher |T3| Reason: Bolt of Magma
                  | (irresistible ~3d30+ equivalent) and not rF+++, watch out!
118118 | Zot:3    | Danger: red draconian scorcher |T3| Reason: Bolt of Magma
                  | (irresistible ~3d30+ equivalent) and not rF+++, watch out!
118120 | Zot:3    | Danger: red draconian scorcher |T3| Reason: Bolt of Magma
                  | (irresistible ~3d30+ equivalent) and not rF+++, watch out!
118120 | Zot:3    | Danger: red draconian scorcher |T2| Reason: Damnation in
                  | LOS, careful!
118120 | Zot:3    | Danger: red draconian scorcher |T2| Reason: Damnation
                  | (smite) in LOS, watch out!
118122 | Zot:3    | Danger: Low HP Warning |T2| Reason: 58% HP (113/193)
118123 | Zot:3    | Danger: Low HP Warning |T2| Reason: 58% HP (113/193)
118624 | Zot:3    | Danger: red draconian scorcher |T3| Reason: Bolt of Magma
                  | (irresistible ~3d30+ equivalent) and not rF+++, watch out!
118624 | Zot:3    | Danger: red draconian scorcher |T2| Reason: Damnation in
                  | LOS, careful!
118624 | Zot:3    | Danger: red draconian scorcher |T2| Reason: Damnation
                  | (smite) in LOS, watch out!
118625 | Zot:3    | Danger: red draconian scorcher |T3| Reason: Bolt of Magma
                  | (irresistible ~3d30+ equivalent) and not rF+++, watch out!
118626 | Zot:3    | Danger: red draconian scorcher |T3| Reason: Bolt of Magma
                  | (irresistible ~3d30+ equivalent) and not rF+++, watch out!
118627 | Zot:3    | Danger: red draconian scorcher |T3| Reason: Bolt of Magma
                  | (irresistible ~3d30+ equivalent) and not rF+++, watch out!
118628 | Zot:3    | Danger: red draconian scorcher |T3| Reason: Bolt of Magma
                  | (irresistible ~3d30+ equivalent) and not rF+++, watch out!
118629 | Zot:3    | Danger: red draconian scorcher |T3| Reason: Bolt of Magma
                  | (irresistible ~3d30+ equivalent) and not rF+++, watch out!
118664 | Zot:3    | Danger: red draconian scorcher |T3| Reason: Bolt of Magma
                  | (irresistible ~3d30+ equivalent) and not rF+++, watch out!
118664 | Zot:3    | Danger: red draconian scorcher |T2| Reason: Damnation in
                  | LOS, careful!
118664 | Zot:3    | Danger: red draconian scorcher |T2| Reason: Damnation
                  | (smite) in LOS, watch out!
118666 | Zot:3    | Danger: red draconian scorcher |T3| Reason: Bolt of Magma
                  | (irresistible ~3d30+ equivalent) and not rF+++, watch out!
118667 | Zot:3    | Danger: red draconian scorcher |T3| Reason: Bolt of Magma
                  | (irresistible ~3d30+ equivalent) and not rF+++, watch out!
118668 | Zot:3    | Danger: red draconian scorcher |T3| Reason: Bolt of Magma
                  | (irresistible ~3d30+ equivalent) and not rF+++, watch out!
118898 | Zot:3    | Danger: red draconian scorcher |T3| Reason: Bolt of Magma
                  | (irresistible ~3d30+ equivalent) and not rF+++, watch out!
118898 | Zot:3    | Danger: red draconian scorcher |T2| Reason: Damnation in
                  | LOS, careful!
118898 | Zot:3    | Danger: red draconian scorcher |T2| Reason: Damnation
                  | (smite) in LOS, watch out!
118899 | Zot:3    | Danger: red draconian scorcher |T3| Reason: Bolt of Magma
                  | (irresistible ~3d30+ equivalent) and not rF+++, watch out!
118900 | Zot:3    | Danger: red draconian scorcher |T3| Reason: Bolt of Magma
                  | (irresistible ~3d30+ equivalent) and not rF+++, watch out!
119266 | Zot:3    | Danger: yellow draconian annihilator |T2| Reason: Lehudib's
                  | Crystal Spear deals more than 50% MHP!
119852 | Zot:3    | Found the +4 dragonskin cloak
119852 | Zot:3    | Noticed Tiamat
119853 | Zot:3    | Danger: Tiamat |T2| Reason: Unique monster, careful!
119861 | Zot:3    | Danger: Low HP Warning |T2| Reason: 57% HP (111/193)
119862 | Zot:3    | Danger: Low HP Warning |T2| Reason: 57% HP (111/193)
119863 | Zot:3    | Danger: Low HP Warning |T2| Reason: 49% HP (95/193)
119864 | Zot:3    | Danger: Low HP Warning |T2| Reason: 49% HP (95/193)
119865 | Zot:3    | Danger: Low HP Warning |T2| Reason: 49% HP (95/193)
119866 | Zot:3    | Danger: Low HP Warning |T2| Reason: 49% HP (96/193)
119867 | Zot:3    | Danger: Low HP Warning |T2| Reason: 46% HP (90/193)
119868 | Zot:3    | Danger: Low HP Warning |T2| Reason: 47% HP (91/193)
119869 | Zot:3    | Danger: Low HP Warning |T2| Reason: 46% HP (89/193)
119870 | Zot:3    | Danger: Low HP Warning |T2| Reason: 46% HP (90/193)
119871 | Zot:3    | Danger: Low HP Warning |T2| Reason: 46% HP (90/193)
119872 | Zot:3    | Danger: Low HP Warning |T2| Reason: 39% HP (77/193)
119873 | Zot:3    | Danger: Low HP Warning |T2| Reason: 39% HP (77/193)
119874 | Zot:3    | Danger: Low HP Warning |T2| Reason: 40% HP (78/193)
119875 | Zot:3    | Danger: Low HP Warning |T2| Reason: 40% HP (78/193)
119876 | Zot:3    | Danger: Low HP Warning |T2| Reason: 40% HP (79/193)
119877 | Zot:3    | Danger: Low HP Warning |T2| Reason: 41% HP (80/193)
119878 | Zot:3    | Danger: Low HP Warning |T2| Reason: 41% HP (80/193)
120564 | Zot:3    | Danger: Tiamat |T2| Reason: Unique monster, careful!
120578 | Zot:3    | Danger: Tiamat |T2| Reason: Unique monster, careful!
120590 | Zot:3    | Danger: Tiamat |T2| Reason: Unique monster, careful!
120606 | Zot:3    | Danger: Low HP Warning |T2| Reason: 57% HP (111/193)
120607 | Zot:3    | Danger: Low HP Warning |T2| Reason: 57% HP (111/193)
120608 | Zot:3    | Danger: Low HP Warning |T2| Reason: 58% HP (112/193)
120609 | Zot:3    | Danger: Low HP Warning |T2| Reason: 58% HP (112/193)
120610 | Zot:3    | Danger: Low HP Warning |T2| Reason: 58% HP (113/193)
120611 | Zot:3    | Danger: Low HP Warning |T2| Reason: 58% HP (113/193)
120612 | Zot:3    | Danger: Low HP Warning |T2| Reason: 59% HP (114/193)
120613 | Zot:3    | Danger: Low HP Warning |T2| Reason: 59% HP (114/193)
120614 | Zot:3    | Danger: Low HP Warning |T2| Reason: 59% HP (115/193)
120615 | Zot:3    | Danger: Low HP Warning |T2| Reason: 59% HP (115/193)
120616 | Zot:3    | Danger: Low HP Warning |T2| Reason: 59% HP (115/193)
120617 | Zot:3    | Danger: Low HP Warning |T2| Reason: 59% HP (114/193)
120618 | Zot:3    | Danger: Low HP Warning |T2| Reason: 59% HP (114/193)
120619 | Zot:3    | Danger: Low HP Warning |T2| Reason: 59% HP (114/193)
120620 | Zot:3    | Danger: Low HP Warning |T2| Reason: 59% HP (115/193)
120621 | Zot:3    | Danger: Low HP Warning |T2| Reason: 59% HP (115/193)
120622 | Zot:3    | Danger: Low HP Warning |T2| Reason: 56% HP (110/193)
120623 | Zot:3    | Danger: Low HP Warning |T2| Reason: 56% HP (110/193)
120624 | Zot:3    | Danger: Low HP Warning |T2| Reason: 56% HP (110/193)
120625 | Zot:3    | Danger: Low HP Warning |T2| Reason: 57% HP (111/193)
120626 | Zot:3    | Danger: Low HP Warning |T2| Reason: 57% HP (111/193)
120627 | Zot:3    | Danger: Low HP Warning |T2| Reason: 57% HP (111/193)
120628 | Zot:3    | Danger: Low HP Warning |T2| Reason: 58% HP (112/193)
120629 | Zot:3    | Danger: Low HP Warning |T2| Reason: 58% HP (112/193)
120630 | Zot:3    | Danger: Low HP Warning |T2| Reason: 58% HP (113/193)
120631 | Zot:3    | Danger: Low HP Warning |T2| Reason: 58% HP (113/193)
120632 | Zot:3    | Danger: Low HP Warning |T2| Reason: 58% HP (113/193)
120633 | Zot:3    | Danger: Low HP Warning |T2| Reason: 59% HP (114/193)
120634 | Zot:3    | Danger: Low HP Warning |T2| Reason: 59% HP (114/193)
120635 | Zot:3    | Danger: Low HP Warning |T2| Reason: 55% HP (108/193)
120636 | Zot:3    | Danger: Low HP Warning |T2| Reason: 56% HP (109/193)
120637 | Zot:3    | Danger: Low HP Warning |T2| Reason: 56% HP (109/193)
120638 | Zot:3    | Danger: Low HP Warning |T2| Reason: 56% HP (110/193)
120638 | Zot:3    | Killed Tiamat
121133 | Zot:3    | Acquired the +2 pair of boots of Lust {rF+ Will+ rCorr}
121145 | Zot:3    | Acquired the amulet of Voguhots {Will+ Regen+ Str+3}
121147 | Zot:3    | Acquired a manual of Unarmed Combat
121630 | Zot:3    | Danger: curse toe |T3| Reason: Torment and not torment
                  | immune!
121631 | Zot:3    | Danger: curse toe |T3| Reason: Torment and not torment
                  | immune!
121632 | Zot:3    | Danger: curse toe |T3| Reason: Torment and not torment
                  | immune!
121740 | Zot:3    | Noticed an orb of fire
121741 | Zot:3    | Danger: orb of fire |T2| Reason: Malmutator in LOS
121741 | Zot:3    | Danger: orb of fire |T2| Reason: Malmutator in LOF!
121741 | Zot:3    | Danger: orb of fire |T3| Reason: Orb of Fire and low rF
121741 | Zot:3    | Danger: orb of fire |T2| Reason: Bolt of Fire deals more
                  | than 50% MHP!
121741 | Zot:3    | Danger: orb of fire |T2| Reason: Fireball deals more than
                  | 50% MHP!
121742 | Zot:3    | Danger: orb of fire |T3| Reason: Orb of Fire and low rF
121743 | Zot:3    | Danger: orb of fire |T3| Reason: Orb of Fire and low rF
121743 | Zot:3    | Killed an orb of fire
122147 | Zot:3    | Danger: curse toe |T3| Reason: Torment and not torment
                  | immune!
122148 | Zot:3    | Danger: curse toe |T3| Reason: Torment and not torment
                  | immune!
122149 | Zot:3    | Danger: curse toe |T3| Reason: Torment and not torment
                  | immune!
122270 | Zot:3    | Identified the +2 scale mail of Axzutaho {Slay+2}
122631 | Zot:4    | Danger: red draconian scorcher |T3| Reason: Bolt of Magma
                  | (irresistible ~3d30+ equivalent) and not rF+++, watch out!
122631 | Zot:4    | Danger: red draconian scorcher |T2| Reason: Damnation in
                  | LOS, careful!
122631 | Zot:4    | Danger: red draconian scorcher |T2| Reason: Damnation
                  | (smite) in LOS, watch out!
122631 | Zot:4    | Danger: yellow draconian annihilator |T2| Reason: Lehudib's
                  | Crystal Spear deals more than 50% MHP!
122633 | Zot:4    | Danger: red draconian scorcher |T3| Reason: Bolt of Magma
                  | (irresistible ~3d30+ equivalent) and not rF+++, watch out!
122633 | Zot:4    | Danger: red draconian scorcher |T2| Reason: Damnation in
                  | LOS, careful!
122633 | Zot:4    | Danger: red draconian scorcher |T2| Reason: Damnation
                  | (smite) in LOS, watch out!
122634 | Zot:4    | Danger: red draconian scorcher |T3| Reason: Bolt of Magma
                  | (irresistible ~3d30+ equivalent) and not rF+++, watch out!
122635 | Zot:4    | Danger: red draconian scorcher |T3| Reason: Bolt of Magma
                  | (irresistible ~3d30+ equivalent) and not rF+++, watch out!
122636 | Zot:4    | Danger: red draconian scorcher |T3| Reason: Bolt of Magma
                  | (irresistible ~3d30+ equivalent) and not rF+++, watch out!
122637 | Zot:4    | Danger: red draconian scorcher |T3| Reason: Bolt of Magma
                  | (irresistible ~3d30+ equivalent) and not rF+++, watch out!
122638 | Zot:4    | Danger: red draconian scorcher |T3| Reason: Bolt of Magma
                  | (irresistible ~3d30+ equivalent) and not rF+++, watch out!
122640 | Zot:4    | Danger: yellow draconian annihilator |T2| Reason: Lehudib's
                  | Crystal Spear deals more than 50% MHP!
122640 | Zot:4    | Danger: red draconian scorcher |T3| Reason: Bolt of Magma
                  | (irresistible ~3d30+ equivalent) and not rF+++, watch out!
122640 | Zot:4    | Danger: red draconian scorcher |T2| Reason: Damnation in
                  | LOS, careful!
122640 | Zot:4    | Danger: red draconian scorcher |T2| Reason: Damnation
                  | (smite) in LOS, watch out!
122641 | Zot:4    | Danger: red draconian scorcher |T3| Reason: Bolt of Magma
                  | (irresistible ~3d30+ equivalent) and not rF+++, watch out!
122645 | Zot:4    | Danger: red draconian scorcher |T3| Reason: Bolt of Magma
                  | (irresistible ~3d30+ equivalent) and not rF+++, watch out!
122645 | Zot:4    | Danger: red draconian scorcher |T2| Reason: Damnation in
                  | LOS, careful!
122645 | Zot:4    | Danger: red draconian scorcher |T2| Reason: Damnation
                  | (smite) in LOS, watch out!
122646 | Zot:4    | Danger: red draconian scorcher |T3| Reason: Bolt of Magma
                  | (irresistible ~3d30+ equivalent) and not rF+++, watch out!
122647 | Zot:4    | Danger: red draconian scorcher |T3| Reason: Bolt of Magma
                  | (irresistible ~3d30+ equivalent) and not rF+++, watch out!
122649 | Zot:4    | Danger: red draconian scorcher |T3| Reason: Bolt of Magma
                  | (irresistible ~3d30+ equivalent) and not rF+++, watch out!
122649 | Zot:4    | Danger: red draconian scorcher |T2| Reason: Damnation in
                  | LOS, careful!
122649 | Zot:4    | Danger: red draconian scorcher |T2| Reason: Damnation
                  | (smite) in LOS, watch out!
122650 | Zot:4    | Danger: red draconian scorcher |T3| Reason: Bolt of Magma
                  | (irresistible ~3d30+ equivalent) and not rF+++, watch out!
122653 | Zot:4    | Danger: red draconian scorcher |T3| Reason: Bolt of Magma
                  | (irresistible ~3d30+ equivalent) and not rF+++, watch out!
122653 | Zot:4    | Danger: red draconian scorcher |T2| Reason: Damnation in
                  | LOS, careful!
122653 | Zot:4    | Danger: red draconian scorcher |T2| Reason: Damnation
                  | (smite) in LOS, watch out!
122655 | Zot:4    | Danger: yellow draconian annihilator |T2| Reason: Lehudib's
                  | Crystal Spear deals more than 50% MHP!
122658 | Zot:4    | Danger: yellow draconian annihilator |T2| Reason: Lehudib's
                  | Crystal Spear deals more than 50% MHP!
122692 | Zot:4    | Danger: red draconian scorcher |T3| Reason: Bolt of Magma
                  | (irresistible ~3d30+ equivalent) and not rF+++, watch out!
122692 | Zot:4    | Danger: red draconian scorcher |T2| Reason: Damnation in
                  | LOS, careful!
122692 | Zot:4    | Danger: red draconian scorcher |T2| Reason: Damnation
                  | (smite) in LOS, watch out!
122693 | Zot:4    | Danger: red draconian scorcher |T3| Reason: Bolt of Magma
                  | (irresistible ~3d30+ equivalent) and not rF+++, watch out!
122699 | Zot:4    | Danger: red draconian scorcher |T3| Reason: Bolt of Magma
                  | (irresistible ~3d30+ equivalent) and not rF+++, watch out!
122699 | Zot:4    | Danger: red draconian scorcher |T2| Reason: Damnation in
                  | LOS, careful!
122699 | Zot:4    | Danger: red draconian scorcher |T2| Reason: Damnation
                  | (smite) in LOS, watch out!
122701 | Zot:4    | Danger: red draconian scorcher |T3| Reason: Bolt of Magma
                  | (irresistible ~3d30+ equivalent) and not rF+++, watch out!
122702 | Zot:4    | Danger: red draconian scorcher |T3| Reason: Bolt of Magma
                  | (irresistible ~3d30+ equivalent) and not rF+++, watch out!
123848 | Zot:4    | Danger: yellow draconian annihilator |T2| Reason: Lehudib's
                  | Crystal Spear deals more than 50% MHP!
123849 | Zot:4    | Danger: red draconian scorcher |T3| Reason: Bolt of Magma
                  | (irresistible ~3d30+ equivalent) and not rF+++, watch out!
123849 | Zot:4    | Danger: red draconian scorcher |T2| Reason: Damnation in
                  | LOS, careful!
123849 | Zot:4    | Danger: red draconian scorcher |T2| Reason: Damnation
                  | (smite) in LOS, watch out!
123850 | Zot:4    | Danger: red draconian scorcher |T3| Reason: Bolt of Magma
                  | (irresistible ~3d30+ equivalent) and not rF+++, watch out!
123851 | Zot:4    | Danger: red draconian scorcher |T3| Reason: Bolt of Magma
                  | (irresistible ~3d30+ equivalent) and not rF+++, watch out!
123852 | Zot:4    | Danger: red draconian scorcher |T3| Reason: Bolt of Magma
                  | (irresistible ~3d30+ equivalent) and not rF+++, watch out!
123853 | Zot:4    | Danger: red draconian scorcher |T3| Reason: Bolt of Magma
                  | (irresistible ~3d30+ equivalent) and not rF+++, watch out!
123854 | Zot:4    | Danger: red draconian scorcher |T3| Reason: Bolt of Magma
                  | (irresistible ~3d30+ equivalent) and not rF+++, watch out!
123855 | Zot:4    | Danger: red draconian scorcher |T3| Reason: Bolt of Magma
                  | (irresistible ~3d30+ equivalent) and not rF+++, watch out!
124621 | Zot:4    | Reached skill level 15 in Shields
124774 | Zot:4    | Danger: curse toe |T3| Reason: Torment and not torment
                  | immune!
124775 | Zot:4    | Danger: curse toe |T3| Reason: Torment and not torment
                  | immune!
124776 | Zot:4    | Danger: curse toe |T3| Reason: Torment and not torment
                  | immune!
124777 | Zot:4    | Danger: curse toe |T3| Reason: Torment and not torment
                  | immune!
124778 | Zot:4    | Danger: curse toe |T3| Reason: Torment and not torment
                  | immune!
124779 | Zot:4    | Danger: curse toe |T3| Reason: Torment and not torment
                  | immune!
124780 | Zot:4    | Danger: curse toe |T3| Reason: Torment and not torment
                  | immune!
124780 | Zot:4    | Danger: Low HP Warning |T2| Reason: 48% HP (93/193)
124781 | Zot:4    | Danger: curse toe |T3| Reason: Torment and not torment
                  | immune!
124781 | Zot:4    | Danger: Low HP Warning |T2| Reason: 48% HP (93/193)
124782 | Zot:4    | Danger: curse toe |T3| Reason: Torment and not torment
                  | immune!
124782 | Zot:4    | Danger: Low HP Warning |T2| Reason: 48% HP (93/193)
124784 | Zot:4    | Danger: Low HP Warning |T2| Reason: 48% HP (94/193)
124785 | Zot:4    | Danger: Low HP Warning |T2| Reason: 49% HP (95/193)
124786 | Zot:4    | Danger: Low HP Warning |T2| Reason: 49% HP (95/193)
124787 | Zot:4    | Danger: Low HP Warning |T2| Reason: 49% HP (96/193)
124788 | Zot:4    | Danger: Low HP Warning |T2| Reason: 47% HP (92/193)
124789 | Zot:4    | Danger: Low HP Warning |T2| Reason: 47% HP (92/193)
124790 | Zot:4    | Danger: Low HP Warning |T2| Reason: 48% HP (93/193)
124791 | Zot:4    | Danger: Low HP Warning |T2| Reason: 48% HP (93/193)
124792 | Zot:4    | Danger: Low HP Warning |T2| Reason: 48% HP (93/193)
124993 | Zot:4    | Danger: curse toe |T3| Reason: Torment and not torment
                  | immune!
124994 | Zot:4    | Danger: curse toe |T3| Reason: Torment and not torment
                  | immune!
124995 | Zot:4    | Danger: curse toe |T3| Reason: Torment and not torment
                  | immune!
124996 | Zot:4    | Danger: curse toe |T3| Reason: Torment and not torment
                  | immune!
125158 | Zot:4    | Danger: curse toe |T3| Reason: Torment and not torment
                  | immune!
125159 | Zot:4    | Danger: curse toe |T3| Reason: Torment and not torment
                  | immune!
125404 | Zot:5    | Entered Level 5 of the Realm of Zot
126151 | Zot:5    | Noticed an ancient lich
126152 | Zot:5    | Danger: ancient lich |T2| Reason: Corrosive Bolt deals more
                  | than 50% MHP!
126152 | Zot:5    | Danger: ancient lich |T2| Reason: Lehudib's Crystal Spear
                  | deals more than 50% MHP!
126155 | Zot:5    | Killed an ancient lich
126291 | Zot:5    | Noticed an ancient lich
126292 | Zot:5    | Danger: ancient lich |T2| Reason: Corrosive Bolt deals more
                  | than 50% MHP!
126292 | Zot:5    | Danger: ancient lich |T2| Reason: Lehudib's Crystal Spear
                  | deals more than 50% MHP!
126301 | Zot:5    | Killed an ancient lich
126302 | Zot:5    | Noticed a Killer Klown
126318 | Zot:5    | Noticed an orb of fire
126319 | Zot:5    | Danger: orb of fire |T2| Reason: Malmutator in LOS
126319 | Zot:5    | Danger: orb of fire |T2| Reason: Malmutator in LOF!
126319 | Zot:5    | Danger: orb of fire |T3| Reason: Orb of Fire and low rF
126319 | Zot:5    | Danger: orb of fire |T2| Reason: Bolt of Fire deals more
                  | than 50% MHP!
126319 | Zot:5    | Danger: orb of fire |T2| Reason: Fireball deals more than
                  | 50% MHP!
126320 | Zot:5    | Danger: orb of fire |T3| Reason: Orb of Fire and low rF
126321 | Zot:5    | Danger: orb of fire |T3| Reason: Orb of Fire and low rF
126322 | Zot:5    | Danger: orb of fire |T3| Reason: Orb of Fire and low rF
126323 | Zot:5    | Danger: orb of fire |T3| Reason: Orb of Fire and low rF
126324 | Zot:5    | Danger: orb of fire |T3| Reason: Orb of Fire and low rF
126325 | Zot:5    | Danger: orb of fire |T3| Reason: Orb of Fire and low rF
126326 | Zot:5    | Danger: orb of fire |T3| Reason: Orb of Fire and low rF
126326 | Zot:5    | Killed an orb of fire
126351 | Zot:5    | Noticed an orb of fire
126352 | Zot:5    | Danger: orb of fire |T2| Reason: Malmutator in LOS
126352 | Zot:5    | Danger: orb of fire |T2| Reason: Malmutator in LOF!
126352 | Zot:5    | Danger: orb of fire |T3| Reason: Orb of Fire and low rF
126352 | Zot:5    | Danger: orb of fire |T2| Reason: Bolt of Fire deals more
                  | than 50% MHP!
126352 | Zot:5    | Danger: orb of fire |T2| Reason: Fireball deals more than
                  | 50% MHP!
126354 | Zot:5    | Danger: orb of fire |T2| Reason: Malmutator in LOS
126354 | Zot:5    | Danger: orb of fire |T2| Reason: Malmutator in LOF!
126354 | Zot:5    | Danger: orb of fire |T3| Reason: Orb of Fire and low rF
126354 | Zot:5    | Danger: orb of fire |T2| Reason: Bolt of Fire deals more
                  | than 50% MHP!
126354 | Zot:5    | Danger: orb of fire |T2| Reason: Fireball deals more than
                  | 50% MHP!
126355 | Zot:5    | Danger: orb of fire |T3| Reason: Orb of Fire and low rF
126356 | Zot:5    | Danger: orb of fire |T3| Reason: Orb of Fire and low rF
126357 | Zot:5    | Danger: orb of fire |T3| Reason: Orb of Fire and low rF
126358 | Zot:5    | Danger: orb of fire |T3| Reason: Orb of Fire and low rF
126359 | Zot:5    | Danger: orb of fire |T3| Reason: Orb of Fire and low rF
126360 | Zot:5    | Danger: orb of fire |T3| Reason: Orb of Fire and low rF
126361 | Zot:5    | Danger: orb of fire |T3| Reason: Orb of Fire and low rF
126362 | Zot:5    | Danger: orb of fire |T3| Reason: Orb of Fire and low rF
126363 | Zot:5    | Danger: orb of fire |T3| Reason: Orb of Fire and low rF
126364 | Zot:5    | Danger: orb of fire |T3| Reason: Orb of Fire and low rF
126365 | Zot:5    | Danger: orb of fire |T3| Reason: Orb of Fire and low rF
126366 | Zot:5    | Danger: orb of fire |T3| Reason: Orb of Fire and low rF
126367 | Zot:5    | Danger: orb of fire |T3| Reason: Orb of Fire and low rF
126368 | Zot:5    | Danger: orb of fire |T3| Reason: Orb of Fire and low rF
126369 | Zot:5    | Danger: orb of fire |T3| Reason: Orb of Fire and low rF
126370 | Zot:5    | Danger: orb of fire |T3| Reason: Orb of Fire and low rF
126371 | Zot:5    | Danger: orb of fire |T3| Reason: Orb of Fire and low rF
126372 | Zot:5    | Danger: orb of fire |T3| Reason: Orb of Fire and low rF
126372 | Zot:5    | Gained mutation: You are resistant to electric shocks.
                  | (rElec) [an orb of fire]
126373 | Zot:5    | Danger: orb of fire |T3| Reason: Orb of Fire and low rF
126374 | Zot:5    | Danger: orb of fire |T3| Reason: Orb of Fire and low rF
126375 | Zot:5    | Danger: orb of fire |T3| Reason: Orb of Fire and low rF
126376 | Zot:5    | Danger: orb of fire |T3| Reason: Orb of Fire and low rF
126376 | Zot:5    | Killed an orb of fire
126381 | Zot:5    | Killed a Killer Klown
126713 | Zot:5    | Noticed a Killer Klown
126713 | Zot:5    | Noticed an ancient lich
126714 | Zot:5    | Danger: ancient lich |T2| Reason: Corrosive Bolt deals more
                  | than 50% MHP!
126714 | Zot:5    | Danger: ancient lich |T2| Reason: Lehudib's Crystal Spear
                  | deals more than 50% MHP!
126714 | Zot:5    | Noticed an ancient lich
126715 | Zot:5    | Danger: ancient lich |T2| Reason: Corrosive Bolt deals more
                  | than 50% MHP!
126715 | Zot:5    | Danger: ancient lich |T2| Reason: Lehudib's Crystal Spear
                  | deals more than 50% MHP!
126724 | Zot:5    | Got the Orb of Zot
126870 | Zot:2    | Danger: Ice Fiend |T3| Reason: Torment and not torment
                  | immune!
126871 | Zot:2    | Danger: Ice Fiend |T3| Reason: Torment and not torment
                  | immune!
126872 | Zot:2    | Danger: Ice Fiend |T3| Reason: Torment and not torment
                  | immune!
126992 | D:15     | Noticed Deihungiff the pandemonium lord
126992 | D:15     | Danger: Deihungiff |T2| Reason: Chain Lightning deals more
                  | than 50% MHP!
127236 | D:$      | Escaped with the Orb!

Illustrated notes ##......#.......# #.#..............## ##..................# ###...#...............# ##....##.#............## #.....#..........§..#.## #.............§§§§.....# ##............§§§#§...## #.......@....§§.§§...# #......J<....§§§§§..## .# ##.....J..#..§§§§§...## .. ##.............§.§.....# .# #.............§........# ## ##....#.^.........#..#.## # #.....#...............## #....###..............# #...####.#.#.#......#.. Turn 72306 on Slime:1: :bug TODO: mirroring a rockslime apparently causes the game to think that the base rockslime is allied

? ? ? ##......#.......#
#.#..............##
##..................#
###...#...............#
##....##.#............##
#.....#..........§..#.##
#.............§§§§.....#
##............§§§#§...##
#.......@....§§.§§...#
#.......<....§§§§§..## .#
##........#..§§§§§...##
..
##.............§.§.....#
.#
#.............§........#
##
##....#.^.........#..#.##
#
#.....#...............##
#....###..............#
#...####.#.#.#......#..


Turn 72309 on Slime:1: :bug todo: nvm, that was just a confusing prompt: it was
an arc blade warning, i think?

Levels and vault maps discovered:
D:1:      lightli_arrival_statuegarden, layout_basic,
          chequers_hall_statues_corner_a
D:2:      layout_basic
D:3:      layout_loops_ring, nicolae_dithmenos_through_a_glass_darkly,
          hellmonk_ecumenical_altar_blasted, gammafunk_ghost_abyssal_escape
D:4:      layout_basic, minmay_diced_spiral, uniq_duvessa, uniq_ijyb,
          uniq_grinder, uniq_sigmund
D:5:      layout_cave_pods, ebering_ghost_sewer_d,
          chequers_serial_rivers_micro_c
D:6:      layout_basic, grunt_temple_overflow_forces_of_nature,
          minmay_temple_entry_slanted, minmay_door_square, uniq_menkaure,
          uniq_pikel
D:7:      layout_cave_pools, nicolae_hepliaklqana_hippocampus,
          kennysheep_slug_shrine, serial_shops, shop, serial_column_ruins,
          column_ruins_hut, column_ruins_columns_straight,
          column_ruins_open_small_water, column_ruins_open_large,
          column_ruins_grid_3, column_ruins_open_tiny
D:8:      layout_rooms, nicolae_wu_jian_wuxing_cycle
D:9:      layout_basic, mainiacjoe_overflow_boulevard, enter_bailey_2
D:10:     erik_cavepeople, layout_cave_pools, minmay_lair_entry_grove,
          serial_shops, shop, nicolae_shop_bloodbath_and_beyond,
          lemuel_flame_loot_1
D:11:     layout_roguey, david_orc_3, nicolae_trove_entry_isolated,
          kennysheep_cross_bottleneck
D:12:     layout_roguey, hangedman_weighted_door, nicolae_twisting_strands,
          uniq_lodul, uniq_maurice, uniq_azrael
D:13:     layout_long_grid, uniq_frances
D:14:     layout_loops_cross, david_vaults_4, minmay_misc_feat_room,
          blue_anna_alchemist
D:15:     grunt_enter_depths_snipers, layout_stronghold, uniq_nessos
Lair:1:   layout_cave_shapes, hellmonk_guarded_unrand_vines,
          lemuel_fruit_fields, uniq_nergalle
Lair:2:   layout_cave_pods, elwin_shoals_entry_stream, spider_nest_entry_webs,
          chequers_serial_rivers_micro_e, serial_bayou_shore_b, uniq_fannar
Lair:3:   beargit_carnivore_pack, layout_cave_pods, eino_house_with_fridge,
          grunt_megastairs_1
Lair:4:   layout_regular_city, lemuel_fruit_tree
Lair:5:   gammafunk_lair_ancient_temple, layout_regular_city,
          minmay_slime_entry_oklob_enclosed, minivault_19, columned_hall_lemuel,
          serial_bayou_shore_a, serial_bayou_shore_b
Shoals:1: layout_shoals, nicolae_shoals_drake_roost
Shoals:2: layout_shoals, uniq_ilsuiw
Shoals:3: layout_shoals, serial_shops, nicolae_shop_industrial_runoff
Shoals:4: shoals_end_hangedman, layout_shoals, shoal_ilsuiw,
          argonaut_gorgonesque
Spider:1: layout_spider_delve, drop_trap, uniq_roxanne
Spider:2: layout_cave_pods, uniq_arachne
Spider:3: gammafunk_boulding_lane
Spider:4: grunt_spider_rune_circles, hangedman_spider_tarantella_strand
Slime:1:  layout_caves
Slime:2:  layout_caves, nicolae_slime_getting_an_eyeful
Slime:3:  layout_caves
Slime:4:  layout_caves, cheibrodos_slime_lost_civilization_5
Slime:5
Orc:1:    minmay_goldmine, layout_diamond_mine, uniq_jorgrun
Orc:2:    grunt_orc_cross, layout_caves
Elf:1:    kennysheep_spiral_hall, layout_loops_ring, evilmike_minifort,
          uniq_nikola, uniq_donald
Elf:2:    nicolae_elf_blades_crystal_corner, layout_loops_cross, st_stairs_6
Elf:3:    grunt_elf_hall_branching, layout_loops_corners,
          gammafunk_ghost_wrathful_warriors, uniq_asterion
Vaults:1: gammafunk_ghost_necromancy, nicolae_vaults_trapezoid_lopsided_3,
          nicolae_vaults_trapezoid_lopsided_3, nicolae_vaults_layer_cake_slice,
          nicolae_vaults_closet_pinwheel_6,
          nicolae_vaults_corridor_and_loot_room,
          nicolae_vaults_little_squares_5, hangedman_vaults_corner,
          nicolae_vaults_tangram_2, nicolae_vaults_taking_the_gang_shopping,
          nicolae_vaults_sesquioval_fish, vaults_dpeg_diagonal, v_misc_8,
          nicolae_vaults_yaktaur_gun_rack, nicolae_vaults_trapezoid_2,
          layout_vaults_ring
Vaults:2: nicolae_vaults_big_angled_halls, hangedman_vaults_stream,
          nicolae_vaults_little_guard_posts, v_misc_5, nicolae_vaults_house_2,
          nicolae_vaults_double_plus_1, minmay_crypt_entry_nasty_monster,
          v_misc_26, nicolae_vaults_spaceships, layout_vaults_quadrants,
          serial_shops, nicolae_shop_peninsula
Vaults:3: v_misc_26, ontoclasm_vaults_ring_square, nicolae_vaults_minivaults,
          nicolae_vaults_storage_closets_1, nicolae_vaults_big_angled_halls,
          nicolae_vaults_trapezoid_3, vaults_mumra_minichess,
          ontoclasm_vaults_decontamination, nicolae_vaults_tetromino_T_1,
          nicolae_vaults_weapon_check, nicolae_vaults_heist,
          nicolae_vaults_border_crossing, vaults_room_octagon,
          nicolae_vaults_house_3, nicolae_vaults_prndl, layout_vaults_maze
Vaults:4: ontoclasm_vaults_twist, nicolae_vaults_disjoint_gnomons,
          nicolae_vaults_offset_grid_hallway_1, nicolae_vaults_three_branches,
          vaults_room_door_ring, vaults_room_grunt_arrival_ludios,
          nicolae_vaults_trapezoid_lopsided_1, special_room_vaults
          [special_room_orc], nicolae_vaults_heart-shaped_vault,
          layout_vaults_big_room, serial_shops, shop, uniq_zenata, uniq_xtahua
Vaults:5: uniq_bai_suzhen
Depths:1: layout_basic, enter_ziggurat_f, hell_entry, ebering_ghost_rock_garden,
          minmay_misc_feat_enclosed, nrook_campfire, grunt_decor_fettered,
          minmay_mirror_moons_of_madness
Depths:2: minmay_the_grid_triangle_9x9_recursive_3_mashed
          [minmay_the_grid_triangle_9x9_empty,
          minmay_the_grid_triangle_9x9_odd_lines,
          minmay_the_grid_triangle_9x9_impossible_snake,
          minmay_the_grid_triangle_9x9_prize_schism,
          minmay_the_grid_triangle_9x9_sparse_checkered,
          minmay_the_grid_triangle_9x9_swiss_cheese,
          minmay_the_grid_triangle_9x9_thin_v,
          minmay_the_grid_triangle_9x9_sprig,
          minmay_the_grid_triangle_9x9_intruding_spiral], layout_cave_shapes,
          pan_entry, abyss_entry, grunt_hell_horde,
          infiniplex_staircase_pool_lava
Depths:3: evilmike_diamond_1, layout_basic, minmay_hedge_maze, pan_entry,
          gammafunk_ghost_tricky_traps, abyss_entry, pf_hell_entry_tar_river
Depths:4: evilmike_zot_entry_round, layout_honeycomb, grunt_decor_mini_mirrors,
          hell_entry, okawaru_altar_gauntlet_db
Zot:1:    lemuel_acid_trip, layout_cathedral_of_symmetry,
          st_single_dragon_hoard_2, st_stairs_6, uniq_parghit
Zot:2:    dreamdust_black_sun_cult, layout_gridlike
Zot:3:    layout_onion, st_single_dragon_hoard_3, hangedman_player_shredder,
          uniq_tiamat
Zot:4:    gammafunk_mikee_crab_dinner, layout_concentric_octagons, st_stairs_13,
          grunt_megastairs_2, lemuel_elevator
Zot:5:    layout_misc_corridors

Skill      XL: |  1  2  3  4  5  6  7  8  9 10 11 12 13 14 15 16 17 18 19 20 21 22 23 24 25 26 27 |
---------------+----------------------------------------------------------------------------------+-----
Fighting       | 1 2 7 8 10 11 15 19 20 25 26 | 26.8
Short Blades   | 1 3 4 6 10 11 14 16 18 20 24 | 24.0
Stealth        | 3 4 6 9 10 14 20 22 | 22.0
Dodging        | 3 6 8 10 12 14 16 18 20 22 24 25 27 | 27.0
Hexes          | 8 10 | 10.0
Evocations     | 6 9 10 14 15 | 15.0
Throwing       | 3 8 9 10 | 10.0
Armour         | 5 8 |  8.1
Invocations    | 10 | 10.0
Shields        | 6 8 10 15 | 15.0
Spellcasting   | 8 |  8.0
Long Blades    | 7 8 |  8.0
Translocations | 3 |  3.7
Conjurations   | |  1.0
Air Magic      | |  3.0

Action                     |  1- 3 |  4- 6 |  7- 9 | 10-12 | 13-15 | 16-18 | 19-21 | 22-24 | 25-27 || total
---------------------------+-------+-------+-------+-------+-------+-------+-------+-------+-------++-------
  Melee: Dagger            |   103 |   129 |   157 |   683 |  1408 |  1936 |   979 |       |       ||  5395
         Unarmed           |     2 |       |       |       |       |       |       |       |       ||     2
         Punch             |     1 |     1 |       |       |       |       |       |       |       ||     2
         Rapier            |       |       |       |       |       |       |   156 |   965 |  1733 ||  2854
  Throw: Dart              |       |     5 |     2 |     1 |     9 |     6 |       |       |     1 ||    24
         Boomerang         |       |       |       |       |     7 |    12 |     8 |    12 |    29 ||    68
         Throwing net      |       |       |       |       |       |       |       |     2 |       ||     2
   Cast: Shock             |    15 |     3 |       |       |       |       |       |       |       ||    18
         Confusing Touch   |       |       |       |    43 |    81 |    14 |       |       |       ||   138
         Apportation       |       |       |       |       |       |       |       |     1 |       ||     1
 Invoke: Shadow Form       |       |       |       |       |     1 |     1 |     2 |       |       ||     4
  Evoke: Wand              |       |       |     9 |     9 |    30 |    28 |    24 |     7 |    16 ||   123
         Condenser vane    |       |       |       |       |     2 |     3 |     2 |     1 |     1 ||     9
         Phial of floods   |       |       |       |       |       |     3 |     2 |       |       ||     5
         Phantom mirror    |       |       |       |       |       |     4 |     1 |     2 |     2 ||     9
         Box of beasts     |       |       |       |       |       |     2 |     3 |     2 |       ||     7
    Use: Scroll            |     1 |     2 |     4 |    12 |    15 |    14 |     7 |    10 |    12 ||    77
         Potion            |       |     2 |       |     2 |     4 |    14 |     9 |     9 |     9 ||    49
   Stab: Sleeping          |    13 |    23 |    14 |    41 |    71 |    51 |    62 |    85 |    91 ||   451
         Distracted        |     1 |       |       |     2 |     4 |    17 |    18 |    25 |    42 ||   109
         Invisible         |       |     2 |     2 |       |    11 |    13 |    26 |       |     6 ||    60
         Confused          |       |       |       |    33 |    73 |    18 |       |       |       ||   124
         Fleeing           |       |       |       |       |     1 |       |       |       |       ||     1
         Held in net/web   |       |       |       |       |       |       |       |     1 |       ||     1
 Armour: Robe              |    23 |     8 |       |    19 |   131 |       |    32 |    44 |    72 ||   329
         Leather armour    |       |     1 |    17 |    60 |       |       |       |       |       ||    78
         Storm dragon scal |       |       |       |       |    44 |   785 |   129 |       |       ||   958
         Skin              |       |       |       |       |     5 |       |       |       |       ||     5
  Dodge: Dodged            |   111 |    74 |   112 |   450 |  1194 |   880 |   645 |   658 |  1426 ||  5550
         Repelled          |       |       |       |       |       |       |     4 |     7 |    47 ||    58
  Block: Buckler           |       |       |    28 |    90 |   192 |   129 |       |       |       ||   439
         Kite shield       |       |       |       |       |       |   878 |   916 |   763 |  1462 ||  4019

Table legend: (Time is in decaauts)
 A = Elapsed time spent in this place.
 B = Non-inter-level travel time spent in this place.
 C = Inter-level travel time spent in this place.
 D = Time resting spent in this place.
 E = Time spent auto-exploring this place.
 F = Levels seen in this place.
 G = Mean time per level.
                   A        B        C        D        E       F      G
               +--------+--------+--------+--------+--------+-----+--------+
         Total | 125333 | 121210 |   4123 |  16349 |  82048 |  54 | 2321.0 |
       Dungeon |  20783 |  19501 |   1282 |   2023 |  12835 |  15 | 1385.5 |
          Lair |  10370 |   9611 |    759 |   1856 |   5330 |   5 | 2074.0 |
        Shoals |  11955 |  11707 |    248 |   2361 |   7342 |   4 | 2988.8 |
   Spider Nest |  12671 |  12492 |    179 |   2763 |   7689 |   4 | 3167.8 |
    Slime Pits |   8387 |   8160 |    227 |    980 |   5992 |   5 | 1677.4 |
  Orcish Mines |   2718 |   2498 |    220 |    297 |   1238 |   2 | 1359.0 |
   Elven Halls |  10498 |  10167 |    331 |   1320 |   7155 |   3 | 3499.3 |
        Vaults |  20059 |  19658 |    401 |   2554 |  13787 |   5 | 4011.8 |
        Depths |  13201 |  12980 |    221 |    929 |  10397 |   4 | 3300.2 |
           Zot |  13884 |  13634 |    250 |   1105 |  10266 |   5 | 2776.8 |
         Abyss |    318 |    318 |      0 |      0 |      0 |   1 |  318.0 |
        Bailey |    482 |    482 |      0 |    159 |     15 |   1 |  482.0 |
               +--------+--------+--------+--------+--------+-----+--------+

Top non-repeatable levels by time:
Spider:4: 5377 daAuts
Vaults:1: 4810 daAuts
Vaults:3: 4672 daAuts
   Elf:3: 4425 daAuts
   Zot:3: 4341 daAuts
Depths:3: 4152 daAuts
Shoals:4: 3858 daAuts
Vaults:4: 3847 daAuts
Vaults:2: 3604 daAuts
Depths:4: 3548 daAuts
   Zot:1: 3505 daAuts
Spider:2: 3385 daAuts
   Elf:2: 3202 daAuts
Shoals:1: 3142 daAuts
Vaults:5: 3125 daAuts
